Workbook
Name ListaFontes: OFFSET(#REF!,0,0,COUNTA(#REF!),1)
Name TipoOrçamento: "BASE"

Sheet DADOS GERAIS
B2: PREFEITURA MUNICIPAL DE CURITIBA
B3: SECRETARIA MUNICIPAL DE OBRAS PÚBLICAS
B4: DEPARTAMENTO DE PONTES E DRENAGEM
B6: DEVEM SER PREENCHIDAS SOMENTE AS CÉLULAS COM ESTA COR DE FUNDO
B8: DADOS GERAIS DA OBRA
B10: DATA DO ORÇAMENTO: | C10: 46266
B11: BAIRRO: | C11: PAROLIN
B12: LOCAL: | C12: Rua Vila Guaíra / altura das ruas Chanceler Lauro Müller e Antônio Parolin Júnior
B13: NÚMERO DO ORÇAMENTO: | C13: 0
B14: QUADRÍCULA: | C14: 0
B15: BDI S.D.: | C15: 0.2095
B16: BDI C.D.: | C16: 0.2444
B17: DATA BASE TABELA SINAPI: | C17: 46204
B18: DATA BASE TABELA SICRO: | C18: 46113
B19: DATA BASE TABELA SIURB: | C19: 46023
B20: DATA BASE TABELA ORSE: | C20: 46174
B21: CÓDIGO PROJETO: | C21: 5385
B22: ESPECIFICAÇÃO DA OBRA: | C22: PASSARELAS VILA GUAÍRA
B23: PRAZO DE EXECUÇÃO DA OBRA: | C23: 4 | D23: MESES
B24: ENGENHEIRO RESPONSÁVEL PROJETOS / ORÇAMENTO / CRONOGRAMA: | C24: TATIANI ZANONI
B25: CREA: | C25: 230151 | D25: -D / PR
B26: ART: | C26: 1720264370655

Sheet MEMORIAL CÁLCULO QTDE
B2: PREFEITURA MUNICIPAL DE CURITIBA
B3: SECRETARIA MUNICIPAL DE OBRAS PÚBLICAS
B4: DEPARTAMENTO DE PONTES E DRENAGEM
B6: LIVRE PARA CÁLCULOS CONFORME ESPECIFICIDADES DA OBRA EM QUESTÃO
B8: MEMORIAL DE CÁLCULOS DE QUANTIDADES

Sheet Encargos Sociais
A5: CÓDIGO | B5: DESCRIÇÃO
C6: HORISTA | D6: MENSALISTA | E6: HORISTA MENSALISTA
A8: A1 | B8: INSS | C8: 0.05 | D8: 0.05 | E8: 0.2 | F8: 0.2
A9: A2 | B9: SESI | C9: 0.015 | D9: 0.015 | E9: 0.015 | F9: 0.015
A10: A3 | B10: SENAI | C10: 0.01 | D10: 0.01 | E10: 0.01 | F10: 0.01
A11: A4 | B11: INCRA | C11: 0.002 | D11: 0.002 | E11: 0.002 | F11: 0.002
A12: A5 | B12: SEBRAE | C12: 0.006 | D12: 0.006 | E12: 0.006 | F12: 0.006
A13: A6 | B13: Salário Educação | C13: 0.025 | D13: 0.025 | E13: 0.025 | F13: 0.025
A14: A7 | B14: Seguro Contra Acidentes de Trabalho | C14: 0.03 | D14: 0.03 | E14: 0.03 | F14: 0.03
A15: A8 | B15: FGTS | C15: 0.08 | D15: 0.08 | E15: 0.08 | F15: 0.08
A16: A9 | B16: SECONCI | C16: 0 | D16: 0 | E16: 0 | F16: 0
A17: A | B17: Total | C17: =SUM(C8:C16) -> 0.218 | D17: =SUM(D8:D16) -> 0.218 | E17: =SUM(E8:E16) -> 0.368 | F17: =SUM(F8:F16) -> 0.368
A19: B1 | B19: Repouso Semanal Remunerado | C19: 0.1791 | E19: 0.1791
A20: B2 | B20: Feriados | C20: 0.0397 | E20: 0.0397
A21: B3 | B21: Auxílio - Enfermidade | C21: 0.0086 | D21: 0.0065 | E21: 0.0086 | F21: 0.0065
A22: B4 | B22: 13º Salário | C22: 0.1107 | D22: 0.0833 | E22: 0.1107 | F22: 0.0833
A23: B5 | B23: Licença Paternidade | C23: 0.0007 | D23: 0.0005 | E23: 0.0007 | F23: 0.0005
A24: B6 | B24: Faltas Justificadas | C24: 0.0074 | D24: 0.0056 | E24: 0.0074 | F24: 0.0056
A25: B7 | B25: Dias de Chuvas | C25: 0.017 | E25: 0.017
A26: B8 | B26: Auxílio Acidente de Trabalho | C26: 0.001 | D26: 0.0007 | E26: 0.001 | F26: 0.0007
A27: B9 | B27: Férias Gozadas | C27: 0.1255 | D27: 0.0945 | E27: 0.1255 | F27: 0.0945
A28: B10 | B28: Salário Maternidade | C28: 0.0003 | D28: 0.0003 | E28: 0.0003 | F28: 0.0003
A29: B | B29: Total | C29: =SUM(C19:C28) -> 0.49 | D29: =SUM(D19:D28) -> 0.1914 | E29: =SUM(E19:E28) -> 0.49 | F29: =SUM(F19:F28) -> 0.1914
A31: C1 | B31: Aviso Prévio Indenizado | C31: 0.0548 | D31: 0.0412 | E31: 0.0548 | F31: 0.0412
A32: C2 | B32: Aviso Prévio Trabalhado | C32: 0.0013 | D32: 0.001 | E32: 0.0013 | F32: 0.001
A33: C3 | B33: Férias lndenizadas | C33: 0.0168 | D33: 0.0127 | E33: 0.0168 | F33: 0.0127
A34: C4 | B34: Depósito Rescisão Sem Justa Causa | C34: 0.0281 | D34: 0.0212 | E34: 0.0281 | F34: 0.0212
A35: C5 | B35: Indenização Adicional | C35: 0.0046 | D35: 0.0035 | E35: 0.0046 | F35: 0.0035
A36: c | B36: Total | C36: =SUM(C31:C35) -> 0.1056 | D36: =SUM(D31:D35) -> 0.0796 | E36: =SUM(E31:E35) -> 0.1056 | F36: =SUM(F31:F35) -> 0.0796
A38: D1 | B38: Reincidência de Grupo A sobre Grupo B (sem considerar INNS sobre 13º, conforme Lei n° 14.973/2024) | C38: =+C17*C29-C8*C22 -> 0.101285 | D38: =+D17*D29-D8*D22 -> 0.0375602 | E38: =+(E17)*(E29) -> 0.18032 | F38: =+(F17)*(F29) -> 0.0704352
A39: D2 | B39: Reincidência de Grupo A sobre Aviso Prévio Trabalhado e Reincidência do FGTS sobre Aviso Prévio Indenizado | C39: =+C31*C15+C32*C17 -> 0.0046674 | D39: =+D31*D15+D32*D17 -> 0.003514 | E39: =+E31*E15+E32*E17 -> 0.0048624 | F39: =+F31*F15+F32*F17 -> 0.003664
A40: D | B40: Total | C40: =SUM(C38:C39) -> 0.1059524 | D40: =SUM(D38:D39) -> 0.0410742 | E40: =SUM(E38:E39) -> 0.1851824 | F40: =SUM(F38:F39) -> 0.0740992
C41: =SUM(C40,C36,C29,C17) -> 0.9195524 | D41: =SUM(D40,D36,D29,D17) -> 0.5300742 | E41: =SUM(E40,E36,E29,E17) -> 1.1487824 | F41: =SUM(F40,F36,F29,F17) -> 0.7130992

Sheet ORÇAMENTO S.D.
B2: PREFEITURA MUNICIPAL DE CURITIBA
B3: SECRETARIA MUNICIPAL DE OBRAS PÚBLICAS
B4: DEPARTAMENTO DE PONTES E DRENAGEM
B5: DATA DO QUANTITATIVO: | E5: 46245 | F5: NÚMERO DO ORÇAMENTO : | I5: ='DADOS GERAIS'!C13 -> 0 | K5: TABELAS DE REFERÊNCIA
B6: BAIRRO : | E6: PAROLIN | F6: QUADRÍCULA : | I6: ='DADOS GERAIS'!C14 -> 0 | K6: SINAPI jul/26, SICRO abr/26, SIURB jan/26, ORSE jun/26, composições, cotações
B7: LOCAL : | E7: ='DADOS GERAIS'!C12 -> Rua Vila Guaíra / altura das ruas Chanceler Lauro Müller e Antônio Parolin Júnior | F7: BDI : | I7: ='DADOS GERAIS'!C15 -> 0.2095
B8: PROJETO : | E8: ='DADOS GERAIS'!C21 -> 5385 | F8: DATA BASE DO ORÇAMENTO: | K8: ='DADOS GERAIS'!C10 -> 46266
B9: =CONCATENATE("OBRA : ",'DADOS GERAIS'!C22) -> OBRA : PASSARELAS VILA GUAÍRA
B10: ORÇAMENTO - SEM DESONERAÇÃO
K11: Total=> | L11: =L110 -> 1065604.9
B12: ITEM | C12: CÓDIGO | D12: FONTE | E12: DISCRIMINAÇÃO DOS SERVIÇOS | F12: UD. | G12: QUANT. | H12: P.UNIT S.D. | I12: BDI | J12: P. COM BDI S.D. | K12: P.TOTAL S.D. | L12: TOTAL | M12: PORCENTAGENS
B13: 1.0 | E13: ADMINISTRAÇÃO LOCAL DA OBRA
B14: 1.1 | C14: ALO-001 | D14: COMPOSIÇÃO | E14: COMPOSIÇÃO DA ADMINSTRAÇÃO LOCAL DA OBRA CONFORME PLANILHA ESPECÍFICA | F14: % | G14: 1 | H14: =VLOOKUP($C14,COMPOSIÇÕES!$A$2:$L$1172,5,FALSE) -> 96657.75 | I14: =$I$7 -> 0.2095 | J14: =TRUNC(H14*(1+I14),2) -> 116907.54 | K14: =IFERROR(TRUNC(G14*J14,2),"-") -> 116907.54 | M14: =IFERROR(K14/$L$11,"-") -> 0.10971002
B16: =E13 -> ADMINISTRAÇÃO LOCAL DA OBRA | L16: =SUM(K14:K14) -> 116907.54
B17: 2.0 | E17: CANTEIRO DE OBRAS E SINALIZAÇÃO
B18: 2.1 | C18: 103689 | D18: SINAPI | E18: FORNECIMENTO E INSTALAÇÃO DE PLACA DE OBRA COM CHAPA GALVANIZADA E ESTRUTURA DE MADEIRA. AF_03/2022_PS | F18: m² | G18: 12 | H18: =VLOOKUP($C18,SINAPI!$A$2:$L$1160,5,FALSE) -> 508.82 | I18: =IF(G18=0,"-",$I$7) -> 0.2095 | J18: =IFERROR(TRUNC(H18*(1+I18),2),"-") -> 615.41 | K18: =IFERROR(TRUNC(G18*J18,2),"-") -> 7384.92 | M18: =IFERROR(K18/$L$11,"-") -> 0.0069302607
B19: 2.2 | C19: 5212560 | D19: SICRO | E19: PLACA DE ADVERTÊNCIA PARA SINALIZAÇÃO DE OBRAS MONTADA EM SUPORTE METÁLICO MÓVEL, LADO 1,00 M - UTILIZAÇÃO DE 600 CICLOS - FORNECIMENTO, 01 IMPLANTAÇÃO E 01 RETIRADA DIÁRIA | F19: un.dia | G19: 480 | H19: =VLOOKUP($C19,SICRO!$A$2:$L$1163,5,FALSE) -> 4.75 | I19: =IF(G19=0,"-",$I$7) -> 0.2095 | J19: =IFERROR(TRUNC(H19*(1+I19),2),"-") -> 5.74 | K19: =IFERROR(TRUNC(G19*J19,2),"-") -> 2755.2 | M19: =IFERROR(K19/$L$11,"-") -> 0.0025855736
B20: 2.3 | C20: 5213835 | D20: SICRO | E20: CONE PLÁSTICO PARA CANALIZAÇÃO DE TRÂNSITO - UTILIZAÇÃO DE 150 CICLOS - FORNECIMENTO, 01 IMPLANTAÇÃO E 01 RETIRADA DIÁRIA | F20: un.dia | G20: 1200 | H20: =VLOOKUP($C20,SICRO!$A$2:$L$1163,5,FALSE) -> 0.93 | I20: 0.2095 | J20: =IFERROR(TRUNC(H20*(1+I20),2),"-") -> 1.12 | K20: =IFERROR(TRUNC(G20*J20,2),"-") -> 1344 | M20: =IFERROR(K20/$L$11,"-") -> 0.0012612554
B21: 2.4 | C21: 10775 | D21: SINAPI | E21: LOCACAO DE CONTAINER 2,30 X 6,00 M, ALT. 2,50 M, COM 1 SANITARIO, PARA ESCRITORIO, COMPLETO, SEM DIVISORIAS INTERNAS (NAO INCLUI MOBILIZACAO/DESMOBILIZACAO) | F21: mês | G21: 3 | H21: =VLOOKUP($C21,SINAPI!$A$2:$L$1160,5,FALSE) -> 1000 | I21: =IF(G21=0,"-",$I$7) -> 0.2095 | J21: =IFERROR(TRUNC(H21*(1+I21),2),"-") -> 1209.5 | K21: =IFERROR(TRUNC(G21*J21,2),"-") -> 3628.5 | M21: =IFERROR(K21/$L$11,"-") -> 0.0034051081
B22: 2.5 | C22: COM-001 | D22: COMPOSIÇÃO | E22: CONSUMO DE ÁGUA E ESGOTO | F22: mês | G22: 3 | H22: =VLOOKUP($C22,COMPOSIÇÕES!$A$2:$L$1172,5,FALSE) -> 797.91 | I22: =IF(G22=0,"-",$I$7) -> 0.2095 | J22: =IFERROR(TRUNC(H22*(1+I22),2),"-") -> 965.07 | K22: =IFERROR(TRUNC(G22*J22,2),"-") -> 2895.21 | M22: =IFERROR(K22/$L$11,"-") -> 0.0027169638
B23: 2.6 | C23: COM-002 | D23: COMPOSIÇÃO | E23: CONSUMO DE ENERGIA | F23: mês | G23: 3 | H23: =VLOOKUP($C23,COMPOSIÇÕES!$A$2:$L$1172,5,FALSE) -> 384.01 | I23: =IF(G23=0,"-",$I$7) -> 0.2095 | J23: =IFERROR(TRUNC(H23*(1+I23),2),"-") -> 464.46 | K23: =IFERROR(TRUNC(G23*J23,2),"-") -> 1393.38 | M23: =IFERROR(K23/$L$11,"-") -> 0.0013075953
B25: =E17 -> CANTEIRO DE OBRAS E SINALIZAÇÃO | L25: =SUM(K18:K23) -> 19401.21
B26: 3.0 | E26: MOBILIZAÇÃO E DESMOBILIZAÇÃO
B27: 3.1 | C27: MOB-001 | D27: COMPOSIÇÃO | E27: MOBILIZAÇÃO/DESMOBILIZAÇÃO DE EQUIPAMENTO - RETRO-ESCAVADEIRA | F27: Serviço | G27: 2 | H27: =VLOOKUP($C27,COMPOSIÇÕES!$A$2:$L$1172,5,FALSE) -> 986.7598 | I27: =IF(G27=0,"-",$I$7) -> 0.2095 | J27: =IFERROR(TRUNC(H27*(1+I27),2),"-") -> 1193.48 | K27: =IFERROR(TRUNC(G27*J27,2),"-") -> 2386.96 | M27: =IFERROR(K27/$L$11,"-") -> 0.0022400046
B28: 3.2 | C28: MOB-002 | D28: COMPOSIÇÃO | E28: MOBILIZACAO/DESMOBILIZAÇÃO DE EQUIPAMENTO - ESTACAS PRE-MOLDADAS - BATE-ESTACAS | F28: Serviço | G28: 2 | H28: =VLOOKUP($C28,COMPOSIÇÕES!$A$2:$L$1172,5,FALSE) -> 986.7598 | I28: =IF(G28=0,"-",$I$7) -> 0.2095 | J28: =IFERROR(TRUNC(H28*(1+I28),2),"-") -> 1193.48 | K28: =IFERROR(TRUNC(G28*J28,2),"-") -> 2386.96 | M28: =IFERROR(K28/$L$11,"-") -> 0.0022400046
B29: 3.4 | C29: MOB-003 | D29: COMPOSIÇÃO | E29: MOBILIZAÇÃO/DESMOBILIZAÇÃO DE EQUIPAMENTO - GUINDASTE HIDRÁULICO AUTOPROPELIDO | F29: Serviço | G29: 2 | H29: =VLOOKUP($C29,COMPOSIÇÕES!$A$2:$L$1172,5,FALSE) -> 1097.7388 | I29: =IF(G29=0,"-",$I$7) -> 0.2095 | J29: =IFERROR(TRUNC(H29*(1+I29),2),"-") -> 1327.71 | K29: =IFERROR(TRUNC(G29*J29,2),"-") -> 2655.42 | M29: =IFERROR(K29/$L$11,"-") -> 0.0024919366
B30: 3.4 | C30: MOB-004 | D30: COMPOSIÇÃO | E30: MOBILIZAÇÃO/DESMOBILIZAÇÃO DE EQUIPAMENTO - CONTAINER METÁLICO | F30: Serviço | G30: 2 | H30: =VLOOKUP($C30,COMPOSIÇÕES!$A$2:$L$1172,5,FALSE) -> 743.7222 | I30: =IF(G30=0,"-",$I$7) -> 0.2095 | J30: =IFERROR(TRUNC(H30*(1+I30),2),"-") -> 899.53 | K30: =IFERROR(TRUNC(G30*J30,2),"-") -> 1799.06 | M30: =IFERROR(K30/$L$11,"-") -> 0.0016882992
B32: =E26 -> MOBILIZAÇÃO E DESMOBILIZAÇÃO | L32: =SUM(K27:K30) -> 9228.4
B33: 4.0 | E33: FUNDAÇÃO PARA INSTALAÇÃO DE OBRAS DE ARTE PARA PASSAGEM DE PEDESTRES
B34: 4.1 | C34: 99439 | D34: SINAPI | E34: CONCRETAGEM DE EDIFICAÇÕES (PAREDES E LAJES) FEITAS COM SISTEMA DE FÔRMAS MANUSEÁVEIS, COM CONCRETO USINADO BOMBEÁVEL FCK 25 MPA - LANÇAMENTO, ADENSAMENTO E ACABAMENTO. AF_09/2024 | F34: m³ | G34: =2.52*2 -> 5.04 | H34: =VLOOKUP($C34,SINAPI!$A$2:$L$1160,5,FALSE) -> 677.49 | I34: =IF(G34=0,"-",$I$7) -> 0.2095 | J34: =IFERROR(TRUNC(H34*(1+I34),2),"-") -> 819.42 | K34: =IFERROR(TRUNC(G34*J34,2),"-") -> 4129.87 | M34: =IFERROR(K34/$L$11,"-") -> 0.0038756108
B35: 4.2 | C35: 96531 | D35: SINAPI | E35: FABRICAÇÃO, MONTAGEM E DESMONTAGEM DE FÔRMA PARA BLOCO DE COROAMENTO, EM MADEIRA SERRADA, E=25 MM, 2 UTILIZAÇÕES. AF_01/2024 | F35: m² | G35: =5.9*2 -> 11.8 | H35: =VLOOKUP($C35,SINAPI!$A$2:$L$1160,5,FALSE) -> 122.22 | I35: =IF(G35=0,"-",$I$7) -> 0.2095 | J35: =IFERROR(TRUNC(H35*(1+I35),2),"-") -> 147.82 | K35: =IFERROR(TRUNC(G35*J35,2),"-") -> 1744.27 | M35: =IFERROR(K35/$L$11,"-") -> 0.0016368824
B36: 4.3 | C36: 407819 | D36: SICRO | E36: ARMAÇÃO EM AÇO CA-50 - FORNECIMENTO, PREPARO E COLOCAÇÃO - BLOCO | F36: kg | G36: =105.54*2 -> 211.08 | H36: =VLOOKUP($C36,SICRO!$A$2:$L$1163,5,FALSE) -> 12.65 | I36: =IF(G36=0,"-",$I$7) -> 0.2095 | J36: =IFERROR(TRUNC(H36*(1+I36),2),"-") -> 15.3 | K36: =IFERROR(TRUNC(G36*J36,2),"-") -> 3229.52 | M36: =IFERROR(K36/$L$11,"-") -> 0.0030306917
B37: 4.4 | C37: 2003850 | D37: SICRO | E37: LASTRO DE BRITA COMERCIAL COMPACTADO COM SOQUETE VIBRATÓRIO - ESPALHAMENTO MANUAL | F37: m³ | G37: =0.18*2 -> 0.36 | H37: =VLOOKUP($C37,SICRO!$A$2:$L$1163,5,FALSE) -> 148.53 | I37: =IF(G37=0,"-",$I$7) -> 0.2095 | J37: =IFERROR(TRUNC(H37*(1+I37),2),"-") -> 179.64 | K37: =IFERROR(TRUNC(G37*J37,2),"-") -> 64.67 | M37: =IFERROR(K37/$L$11,"-") -> 6.0688532e-05
B38: 4.5 | C38: 96523 | D38: SINAPI | E38: ESCAVAÇÃO MANUAL PARA BLOCO DE COROAMENTO OU SAPATA (INCLUINDO ESCAVAÇÃO PARA COLOCAÇÃO DE FÔRMAS). AF_01/2024 | F38: m³ | G38: =4.46*2 -> 8.92 | H38: =VLOOKUP($C38,SINAPI!$A$2:$L$1160,5,FALSE) -> 137 | I38: =IF(G38=0,"-",$I$7) -> 0.2095 | J38: =IFERROR(TRUNC(H38*(1+I38),2),"-") -> 165.7 | K38: =IFERROR(TRUNC(G38*J38,2),"-") -> 1478.04 | M38: =IFERROR(K38/$L$11,"-") -> 0.0013870431
B39: 4.6 | C39: 94319 | D39: SINAPI | E39: ATERRO MANUAL DE VALAS COM SOLO ARGILO-ARENOSO. AF_08/2023 | F39: m³ | G39: =1.49*2 -> 2.98 | H39: =VLOOKUP($C39,SINAPI!$A$2:$L$1160,5,FALSE) -> 91.59 | I39: =IF(G39=0,"-",$I$7) -> 0.2095 | J39: =IFERROR(TRUNC(H39*(1+I39),2),"-") -> 110.77 | K39: =IFERROR(TRUNC(G39*J39,2),"-") -> 330.09 | M39: =IFERROR(K39/$L$11,"-") -> 0.00030976771
B40: 4.7 | C40: 2306105 | D40: SICRO | E40: Estaca pré-moldada de concreto protendido 23 x 23 cm - produzida - sem emenda - cravação | F40: m | G40: =36*2 -> 72 | H40: =VLOOKUP($C40,SICRO!$A$2:$L$1163,5,FALSE) -> 124.96 | I40: =IF(G40=0,"-",$I$7) -> 0.2095 | J40: =IFERROR(TRUNC(H40*(1+I40),2),"-") -> 151.13 | K40: =IFERROR(TRUNC(G40*J40,2),"-") -> 10881.36 | M40: =IFERROR(K40/$L$11,"-") -> 0.010211439
B41: 4.8 | C41: M0647 | D41: SICRO | E41: Estaca pré-moldada de concreto protendido com compressão admissível de 25 t | F41: m | G41: =36*2 -> 72 | H41: =VLOOKUP($C41,SICRO!$A$2:$L$1163,5,FALSE) -> 59.2 | I41: =IF(G41=0,"-",$I$7) -> 0.2095 | J41: =IFERROR(TRUNC(H41*(1+I41),2),"-") -> 71.6 | K41: =IFERROR(TRUNC(G41*J41,2),"-") -> 5155.2 | M41: =IFERROR(K41/$L$11,"-") -> 0.0048378154
B42: 4.9 | C42: 2306247 | D42: SICRO | E42: Arrasamento de estacas de concreto com seção de até 900 cm² | F42: m³ | G42: =0.32+0.38 -> 0.7 | H42: =VLOOKUP($C42,SICRO!$A$2:$L$1163,5,FALSE) -> 309.04 | I42: =IF(G42=0,"-",$I$7) -> 0.2095 | J42: =IFERROR(TRUNC(H42*(1+I42),2),"-") -> 373.78 | K42: =IFERROR(TRUNC(G42*J42,2),"-") -> 261.64 | M42: =IFERROR(K42/$L$11,"-") -> 0.00024553189
B43: 4.10 | C43: 97636 | D43: SINAPI | E43: DEMOLIÇÃO PARCIAL DE PAVIMENTO ASFÁLTICO, DE FORMA MECANIZADA, SEM REAPROVEITAMENTO. AF_09/2023 | F43: m² | G43: 4 | H43: =VLOOKUP($C43,SINAPI!$A$2:$L$1160,5,FALSE) -> 26.93 | I43: =IF(G43=0,"-",$I$7) -> 0.2095 | J43: =IFERROR(TRUNC(H43*(1+I43),2),"-") -> 32.57 | K43: =IFERROR(TRUNC(G43*J43,2),"-") -> 130.28 | M43: =IFERROR(K43/$L$11,"-") -> 0.00012225919
B45: =E33 -> FUNDAÇÃO PARA INSTALAÇÃO DE OBRAS DE ARTE PARA PASSAGEM DE PEDESTRES | L45: =SUM(K34:K43) -> 27404.94
B46: 5.0 | E46: PILARES PRÉ-MOLDADO PARA PASSARELA DE PEDESTRES
B47: 5.1 | C47: COM-005 | D47: COMPOSIÇÃO | E47: ='AUX COMPOSIÇÕES'!B64 -> MONTAGEM DE PILARES PRÉ-FABRICADOS, INCLUSO IÇAMENTO COM GUINDASTE | F47: un | G47: 4 | H47: =VLOOKUP($C47,COMPOSIÇÕES!$A$2:$L$1172,5,FALSE) -> 513.54 | I47: =IF(G47=0,"-",$I$7) -> 0.2095 | J47: =IFERROR(TRUNC(H47*(1+I47),2),"-") -> 621.12 | K47: =IFERROR(TRUNC(G47*J47,2),"-") -> 2484.48 | M47: =IFERROR(K47/$L$11,"-") -> 0.0023315207
B48: 5.2 | C48: 407819 | D48: SICRO | E48: ARMAÇÃO EM AÇO CA-50 - FORNECIMENTO, PREPARO E COLOCAÇÃO | F48: kg | G48: =4*86.6 -> 346.4 | H48: =VLOOKUP($C48,SICRO!$A$2:$L$1163,5,FALSE) -> 12.65 | I48: =IF(G48=0,"-",$I$7) -> 0.2095 | J48: =IFERROR(TRUNC(H48*(1+I48),2),"-") -> 15.3 | K48: =IFERROR(TRUNC(G48*J48,2),"-") -> 5299.92 | M48: =IFERROR(K48/$L$11,"-") -> 0.0049736256
B49: 5.3 | C49: 8808 | D49: ORSE | E49: Barra redonda de aço mecanica laminada 5/8" (1,56 kg/m) | F49: m | G49: =4*1.54*4 -> 24.64 | H49: 20.53 | I49: =IF(G49=0,"-",$I$7) -> 0.2095 | J49: =IFERROR(TRUNC(H49*(1+I49),2),"-") -> 24.83 | K49: =IFERROR(TRUNC(G49*J49,2),"-") -> 611.81 | M49: =IFERROR(K49/$L$11,"-") -> 0.00057414336
B50: 5.4 | C50: 1525 | D50: SINAPI | E50: CONCRETO USINADO BOMBEAVEL, CLASSE DE RESISTENCIA C30, BRITA 0 E 1, SLUMP = 100 +/- 20 MM, COM BOMBEAMENTO (DISPONIBILIZACAO DE BOMBA), SEM O LANCAMENTO (NBR 8953) | F50: m³ | G50: =4*0.85 -> 3.4 | H50: =VLOOKUP($C50,SINAPI!$A$2:$L$1160,5,FALSE) -> 520.48 | I50: =IF(G50=0,"-",$I$7) -> 0.2095 | J50: =IFERROR(TRUNC(H50*(1+I50),2),"-") -> 629.52 | K50: =IFERROR(TRUNC(G50*J50,2),"-") -> 2140.36 | M50: =IFERROR(K50/$L$11,"-") -> 0.0020085868
B51: 5.5 | C51: 103673 | D51: SINAPI | E51: LANÇAMENTO COM USO DE BOMBA, ADENSAMENTO E ACABAMENTO DE CONCRETO EM ESTRUTURAS. AF_02/2022 | F51: m³ | G51: =G50 -> 3.4 | H51: =VLOOKUP($C51,SINAPI!$A$2:$L$1160,5,FALSE) -> 60.26 | I51: =IF(G51=0,"-",$I$7) -> 0.2095 | J51: =IFERROR(TRUNC(H51*(1+I51),2),"-") -> 72.88 | K51: =IFERROR(TRUNC(G51*J51,2),"-") -> 247.79 | M51: =IFERROR(K51/$L$11,"-") -> 0.00023253458
B52: 5.6 | C52: COM-003 | D52: COMPOSIÇÃO | E52: FORMA PARA CONCRETO PRÉ-MOLDADO, INCLUSIVE DESFORMA | F52: m² | G52: =4*5.8 -> 23.2 | H52: =VLOOKUP($C52,COMPOSIÇÕES!$A$2:$L$1172,5,FALSE) -> 64.55 | I52: =IF(G52=0,"-",$I$7) -> 0.2095 | J52: =IFERROR(TRUNC(H52*(1+I52),2),"-") -> 78.07 | K52: =IFERROR(TRUNC(G52*J52,2),"-") -> 1811.22 | M52: =IFERROR(K52/$L$11,"-") -> 0.0016997106
M53: =IFERROR(K53/$L$11,"-") -> 0
B54: =E46 -> PILARES PRÉ-MOLDADO PARA PASSARELA DE PEDESTRES | L54: =SUM(K47:K53) -> 12595.58
B55: 6.0 | E55: SUPERESTRUTURA PASSARELAS DE PEDESTRES
B56: 6.1 | C56: 97721 | D56: SINAPI | E56: FORNECIMENTO E MONTAGEM DE LAJES ALVEOLARES PRÉ-FABRICADAS, INCLUSO IÇAMENTO COM GUINDASTE. AF_03/2024 | F56: m³ | G56: =8.18+8.47 -> 16.65 | H56: =VLOOKUP($C56,SINAPI!$A$2:$L$1160,5,FALSE) -> 82.16 | I56: =IF(G56=0,"-",$I$7) -> 0.2095 | J56: =IFERROR(TRUNC(H56*(1+I56),2),"-") -> 99.37 | K56: =IFERROR(TRUNC(G56*J56,2),"-") -> 1654.51 | M56: =IFERROR(K56/$L$11,"-") -> 0.0015526486
B57: 6.2 | C57: 88306 | D57: SIURB | E57: LAJE EM PAINEL PROTENDIDO ALVEOLAR - ESPESSURA: 26.5 CM - 340KG/M2 | F57: m² | G57: =31.98+30.85 -> 62.83 | H57: 384.05 | I57: =IF(G57=0,"-",$I$7) -> 0.2095 | J57: =IFERROR(TRUNC(H57*(1+I57),2),"-") -> 464.5 | K57: =IFERROR(TRUNC(G57*J57,2),"-") -> 29184.53 | M57: =IFERROR(K57/$L$11,"-") -> 0.027387758
B58: 6.3 | C58: 34479 | D58: SINAPI | E58: CONCRETO USINADO BOMBEAVEL, CLASSE DE RESISTENCIA C40, BRITA 0 E 1, SLUMP = 100 +/- 20 MM, COM BOMBEAMENTO (DISPONIBILIZACAO DE BOMBA), SEM O LANCAMENTO (NBR 8953) | F58: m³ | G58: =2.04+1.97 -> 4.01 | H58: =VLOOKUP($C58,SINAPI!$A$2:$L$1160,5,FALSE) -> 551.56 | I58: =IF(G58=0,"-",$I$7) -> 0.2095 | J58: =IFERROR(TRUNC(H58*(1+I58),2),"-") -> 667.11 | K58: =IFERROR(TRUNC(G58*J58,2),"-") -> 2675.11 | M58: =IFERROR(K58/$L$11,"-") -> 0.0025104144
B59: 6.4 | C59: 103673 | D59: SINAPI | E59: LANÇAMENTO COM USO DE BOMBA, ADENSAMENTO E ACABAMENTO DE CONCRETO EM ESTRUTURAS. AF_02/2022 | F59: m³ | G59: =G58 -> 4.01 | H59: =VLOOKUP($C59,SINAPI!$A$2:$L$1160,5,FALSE) -> 60.26 | I59: =IF(G59=0,"-",$I$7) -> 0.2095 | J59: =IFERROR(TRUNC(H59*(1+I59),2),"-") -> 72.88 | K59: =IFERROR(TRUNC(G59*J59,2),"-") -> 292.24 | M59: =IFERROR(K59/$L$11,"-") -> 0.00027424798
B60: 6.5 | C60: 91596 | D60: SINAPI | E60: ARMAÇÃO DO SISTEMA DE PAREDES DE CONCRETO, EXECUTADA COMO ARMADURA POSITIVA DE LAJES, TELA Q-138. AF_12/2024 | F60: kg | G60: =76.93+74.47 -> 151.4 | H60: =VLOOKUP($C60,SINAPI!$A$2:$L$1160,5,FALSE) -> 9.65 | I60: =IF(G60=0,"-",$I$7) -> 0.2095 | J60: =IFERROR(TRUNC(H60*(1+I60),2),"-") -> 11.67 | K60: =IFERROR(TRUNC(G60*J60,2),"-") -> 1766.83 | M60: =IFERROR(K60/$L$11,"-") -> 0.0016580535
B61: 6.6 | C61: 3108004 | D61: SICRO | E61: Fôrmas de compensado resinado 14 mm - uso geral - utilização de 2 vezes - confecção, instalação e retirada | F61: m² | G61: =(10.01+9.73)/2 -> 9.87 | H61: =VLOOKUP($C61,SICRO!$A$2:$L$1163,5,FALSE) -> 98.74 | I61: =IF(G61=0,"-",$I$7) -> 0.2095 | J61: =IFERROR(TRUNC(H61*(1+I61),2),"-") -> 119.42 | K61: =IFERROR(TRUNC(G61*J61,2),"-") -> 1178.67 | M61: =IFERROR(K61/$L$11,"-") -> 0.0011061041
M62: =IFERROR(K62/$L$11,"-") -> 0
B63: SUPERESTRUTURA PASSARELAS DE PEDESTRES | L63: =SUM(K56:K62) -> 36751.89
B64: 7.0 | E64: RAMPAS DE ACESSO ÀS PASSARELAS
B65: 7.1 | C65: 90082 | D65: SINAPI | E65: ESCAVAÇÃO MECANIZADA DE VALA COM PROF. ATÉ 1,5 M (MÉDIA MONTANTE E JUSANTE/UMA COMPOSIÇÃO POR TRECHO), ESCAVADEIRA (0,8 M3), LARG. DE 1,5 M A 2,5 M, EM SOLO DE 1A CATEGORIA, EM LOCAIS COM ALTO NÍVEL DE INTERFERÊNCIA. AF_09/2024 | F65: m³ | G65: =59+42.5 -> 101.5 | H65: =VLOOKUP($C65,SINAPI!$A$2:$L$1160,5,FALSE) -> 10.74 | I65: =IF(G65=0,"-",$I$7) -> 0.2095 | J65: =IFERROR(TRUNC(H65*(1+I65),2),"-") -> 12.99 | K65: =IFERROR(TRUNC(G65*J65,2),"-") -> 1318.48 | M65: =IFERROR(K65/$L$11,"-") -> 0.0012373066
B66: 7.2 | C66: 94319 | D66: SINAPI | E66: ATERRO MANUAL DE VALAS COM SOLO ARGILO-ARENOSO. AF_08/2023 | F66: m³ | G66: =42+29.75 -> 71.75 | H66: =VLOOKUP($C66,SINAPI!$A$2:$L$1160,5,FALSE) -> 91.59 | I66: =IF(G66=0,"-",$I$7) -> 0.2095 | J66: =IFERROR(TRUNC(H66*(1+I66),2),"-") -> 110.77 | K66: =IFERROR(TRUNC(G66*J66,2),"-") -> 7947.74 | M66: =IFERROR(K66/$L$11,"-") -> 0.0074584301
B67: 7.3 | C67: COM-009 | D67: COMPOSIÇÃO | E67: ESTACA ESCAVADA COM TRADO MANUAL, D=25CM, INCLUSIVE CONCRETO EXCLUSIVE ARMAÇÃO | F67: m³ | G67: =110.2+(24*1.6)+(32*1.1) -> 183.8 | H67: =VLOOKUP($C67,COMPOSIÇÕES!$A$2:$L$1148,5,FALSE) -> 100.88 | I67: =IF(G67=0,"-",$I$7) -> 0.2095 | J67: =IFERROR(TRUNC(H67*(1+I67),2),"-") -> 122.01 | K67: =IFERROR(TRUNC(G67*J67,2),"-") -> 22425.43 | M67: =IFERROR(K67/$L$11,"-") -> 0.021044788
B68: 7.4 | C68: 407819 | D68: SICRO | E68: ARMAÇÃO EM AÇO CA-50 - FORNECIMENTO, PREPARO E COLOCAÇÃO - ESTACAS | F68: kg | G68: =299.16+101.76+98.72 -> 499.64 | H68: =VLOOKUP($C68,SICRO!$A$2:$L$1163,5,FALSE) -> 12.65 | I68: =IF(G68=0,"-",$I$7) -> 0.2095 | J68: =IFERROR(TRUNC(H68*(1+I68),2),"-") -> 15.3 | K68: =IFERROR(TRUNC(G68*J68,2),"-") -> 7644.49 | M68: =IFERROR(K68/$L$11,"-") -> 0.00717385
B69: 7.5 | C69: 407819 | D69: SICRO | E69: ARMAÇÃO EM AÇO CA-50 - FORNECIMENTO, PREPARO E COLOCAÇÃO - RAMPA | F69: kg | G69: =462.66+182.44+127.89+37.24 -> 810.23 | H69: =VLOOKUP($C69,SICRO!$A$2:$L$1163,5,FALSE) -> 12.65 | I69: =IF(G69=0,"-",$I$7) -> 0.2095 | J69: =IFERROR(TRUNC(H69*(1+I69),2),"-") -> 15.3 | K69: =IFERROR(TRUNC(G69*J69,2),"-") -> 12396.51 | M69: =IFERROR(K69/$L$11,"-") -> 0.011633308
B70: 7.6 | C70: 1527 | D70: SINAPI | E70: CONCRETO USINADO BOMBEAVEL, CLASSE DE RESISTENCIA C25, BRITA 0 E 1, SLUMP = 100 +/- 20 MM, COM BOMBEAMENTO (DISPONIBILIZACAO DE BOMBA), SEM O LANCAMENTO (NBR 8953) | F70: m³ | G70: =11.67+5.64+2.68+0.76 -> 20.75 | H70: =VLOOKUP($C70,SINAPI!$A$2:$L$1160,5,FALSE) -> 504.95 | I70: =IF(G70=0,"-",$I$7) -> 0.2095 | J70: =IFERROR(TRUNC(H70*(1+I70),2),"-") -> 610.73 | K70: =IFERROR(TRUNC(G70*J70,2),"-") -> 12672.64 | M70: =IFERROR(K70/$L$11,"-") -> 0.011892437
B71: 7.7 | C71: 103673 | D71: SINAPI | E71: LANÇAMENTO COM USO DE BOMBA, ADENSAMENTO E ACABAMENTO DE CONCRETO EM ESTRUTURAS. AF_02/2022 | F71: m³ | G71: =G70 -> 20.75 | H71: =VLOOKUP($C71,SINAPI!$A$2:$L$1160,5,FALSE) -> 60.26 | I71: =IF(G71=0,"-",$I$7) -> 0.2095 | J71: =IFERROR(TRUNC(H71*(1+I71),2),"-") -> 72.88 | K71: =IFERROR(TRUNC(G71*J71,2),"-") -> 1512.26 | M71: =IFERROR(K71/$L$11,"-") -> 0.0014191563
B72: 7.8 | C72: COM-004 | D72: COMPOSIÇÃO | E72: ALVENARIA DE BLOCOS DE CONCRETO ESTRUTURAL 19X19X29 CM (ESPESSURA 19 CM), FBK = 4,5 MPA, UTILIZANDO PALHETA | F72: m² | G72: =64+54.9 -> 118.9 | H72: =VLOOKUP($C72,COMPOSIÇÕES!$A$2:$L$1172,5,FALSE) -> 145.77 | I72: =IF(G72=0,"-",$I$7) -> 0.2095 | J72: =IFERROR(TRUNC(H72*(1+I72),2),"-") -> 176.3 | K72: =IFERROR(TRUNC(G72*J72,2),"-") -> 20962.07 | M72: =IFERROR(K72/$L$11,"-") -> 0.019671521
B73: 7.9 | C73: 91596 | D73: SINAPI | E73: ARMAÇÃO DO SISTEMA DE PAREDES DE CONCRETO, EXECUTADA COMO ARMADURA POSITIVA DE LAJES, TELA Q-138. AF_12/2024 | F73: kg | G73: =131.77+94.23 -> 226 | H73: =VLOOKUP($C73,SINAPI!$A$2:$L$1160,5,FALSE) -> 9.65 | I73: =IF(G73=0,"-",$I$7) -> 0.2095 | J73: =IFERROR(TRUNC(H73*(1+I73),2),"-") -> 11.67 | K73: =IFERROR(TRUNC(G73*J73,2),"-") -> 2637.42 | M73: =IFERROR(K73/$L$11,"-") -> 0.0024750448
B74: 7.10 | C74: 3108004 | D74: SICRO | E74: Fôrmas de compensado resinado 14 mm - uso geral - utilização de 2 vezes - confecção, instalação e retirada | F74: m² | G74: =(13.56+17.68+37.8+47.25)/2 -> 58.145 | H74: =VLOOKUP($C74,SICRO!$A$2:$L$1163,5,FALSE) -> 98.74 | I74: =IF(G74=0,"-",$I$7) -> 0.2095 | J74: =IFERROR(TRUNC(H74*(1+I74),2),"-") -> 119.42 | K74: =IFERROR(TRUNC(G74*J74,2),"-") -> 6943.67 | M74: =IFERROR(K74/$L$11,"-") -> 0.0065161766
B75: 7.11 | C75: 2003850 | D75: SICRO | E75: LASTRO DE BRITA COMERCIAL COMPACTADO COM SOQUETE VIBRATÓRIO - ESPALHAMENTO MANUAL | F75: m³ | G75: =1.42+1.02 -> 2.44 | H75: =VLOOKUP($C75,SICRO!$A$2:$L$1163,5,FALSE) -> 148.53 | I75: =IF(G75=0,"-",$I$7) -> 0.2095 | J75: =IFERROR(TRUNC(H75*(1+I75),2),"-") -> 179.64 | K75: =IFERROR(TRUNC(G75*J75,2),"-") -> 438.32 | M75: =IFERROR(K75/$L$11,"-") -> 0.00041133443
B76: 7.12 | C76: 407819 | D76: SICRO | E76: ARMAÇÃO EM AÇO CA-50 - FORNECIMENTO, PREPARO E COLOCAÇÃO - PRÉ-LAJE | F76: kg | G76: =231*0.66 -> 152.46 | H76: =VLOOKUP($C76,SICRO!$A$2:$L$1163,5,FALSE) -> 12.65 | I76: =IF(G76=0,"-",$I$7) -> 0.2095 | J76: =IFERROR(TRUNC(H76*(1+I76),2),"-") -> 15.3 | K76: =IFERROR(TRUNC(G76*J76,2),"-") -> 2332.63 | M76: =IFERROR(K76/$L$11,"-") -> 0.0021890195
B77: 7.13 | C77: 1527 | D77: SINAPI | E77: CONCRETO USINADO BOMBEAVEL, CLASSE DE RESISTENCIA C25, BRITA 0 E 1, SLUMP = 100 +/- 20 MM, COM BOMBEAMENTO (DISPONIBILIZACAO DE BOMBA), SEM O LANCAMENTO (NBR 8953) - PRÉ-LAJE | F77: m³ | G77: =231*0.025725 -> 5.942475 | H77: =VLOOKUP($C77,SINAPI!$A$2:$L$1160,5,FALSE) -> 504.95 | I77: =IF(G77=0,"-",$I$7) -> 0.2095 | J77: =IFERROR(TRUNC(H77*(1+I77),2),"-") -> 610.73 | K77: =IFERROR(TRUNC(G77*J77,2),"-") -> 3629.24 | M77: =IFERROR(K77/$L$11,"-") -> 0.0034058025
B78: 7.14 | C78: 103673 | D78: SINAPI | E78: LANÇAMENTO COM USO DE BOMBA, ADENSAMENTO E ACABAMENTO DE CONCRETO EM ESTRUTURAS. AF_02/2022 - PRÉ-LAJE | F78: m³ | G78: =231*0.025725 -> 5.942475 | H78: =VLOOKUP($C78,SINAPI!$A$2:$L$1160,5,FALSE) -> 60.26 | I78: =IF(G78=0,"-",$I$7) -> 0.2095 | J78: =IFERROR(TRUNC(H78*(1+I78),2),"-") -> 72.88 | K78: =IFERROR(TRUNC(G78*J78,2),"-") -> 433.08 | M78: =IFERROR(K78/$L$11,"-") -> 0.00040641703
B79: 7.15 | C79: COM-003 | D79: COMPOSIÇÃO | E79: FORMA PARA CONCRETO PRÉ-MOLDADO, INCLUSIVE DESFORMA - PRÉ-LAJE | F79: m² | G79: =231*0.62 -> 143.22 | H79: =VLOOKUP($C79,COMPOSIÇÕES!$A$2:$L$1172,5,FALSE) -> 64.55 | I79: =IF(G79=0,"-",$I$7) -> 0.2095 | J79: =IFERROR(TRUNC(H79*(1+I79),2),"-") -> 78.07 | K79: =IFERROR(TRUNC(G79*J79,2),"-") -> 11181.18 | M79: =IFERROR(K79/$L$11,"-") -> 0.0104928
B80: 7.16 | C80: COM-010 | D80: COMPOSIÇÃO | E80: REBOCO ARGAMASSA PREFABRICADA EM PAREDES - FACHADA DAS RAMPAS | F80: m² | G80: =G81 -> 96 | H80: =VLOOKUP($C80,COMPOSIÇÕES!$A$2:$L$1172,5,FALSE) -> 24.07 | I80: =IF(G80=0,"-",$I$7) -> 0.2095 | J80: =IFERROR(TRUNC(H80*(1+I80),2),"-") -> 29.11 | K80: =IFERROR(TRUNC(G80*J80,2),"-") -> 2794.56 | M80: =IFERROR(K80/$L$11,"-") -> 0.0026225104
B81: 7.17 | C81: COM-012 | D81: COMPOSIÇÃO | E81: PINTURA ACRÍLICA CONCRETO 2 DEMÃOS - FACHADA DAS RAMPAS | F81: m² | G81: 96 | H81: =VLOOKUP($C81,COMPOSIÇÕES!$A$2:$L$1172,5,FALSE) -> 16.23 | I81: =IF(G81=0,"-",$I$7) -> 0.2095 | J81: =IFERROR(TRUNC(H81*(1+I81),2),"-") -> 19.63 | K81: =IFERROR(TRUNC(G81*J81,2),"-") -> 1884.48 | M81: =IFERROR(K81/$L$11,"-") -> 0.0017684603
M82: =IFERROR(K82/$L$11,"-") -> 0
B83: RAMPAS DE ACESSO ÀS PASSARELAS | L83: =SUM(K65:K82) -> 119154.2
B84: 8.0 | E84: GUARDA-CORPO PARA PASSARELA DE PEDESTRES - FORNECIMENTO E INSTALAÇÃO
B85: 8.1 | C85: COT-001 | D85: COTAÇÃO | E85: GUARDA CORPO PULTRUDADO PADRÃO NR14.718 C/BARRAS INTERMED. VERTICAIS - RETO FIX. SAPATA - H=1100MM | F85: m | G85: =27.05+29.2+40.15+113.8 -> 210.2 | H85: =COTAÇÕES!H10 -> 572.2 | I85: 0.1528 | J85: =IFERROR(TRUNC(H85*(1+I85),2),"-") -> 659.63 | K85: =IFERROR(TRUNC(G85*J85,2),"-") -> 138654.22 | M85: =IFERROR(K85/$L$11,"-") -> 0.13011785 | N85: IPI: 3,25%
B86: 8.2 | C86: COT-002 | D86: COTAÇÃO | E86: GUARDA CORPO PULTRUDADO PADRÃO NR14.718 C/BARRAS INTERMED. VERTICAIS - INCLINADO FIX. SAPATA - H=1100MM | F86: m | G86: =94.5+67.8 -> 162.3 | H86: =COTAÇÕES!H16 -> 733.6 | I86: 0.1528 | J86: =IFERROR(TRUNC(H86*(1+I86),2),"-") -> 845.69 | K86: =IFERROR(TRUNC(G86*J86,2),"-") -> 137255.48 | M86: =IFERROR(K86/$L$11,"-") -> 0.12880522 | N86: IPI: 3,25%
B87: 8.3 | C87: 3807862 | D87: SICRO | E87: Chumbador de expansão controlada por torque para concreto D = 8 mm - fornecimento e instalação | F87: un | G87: 592 | H87: =VLOOKUP($C87,SICRO!$A$2:$L$1163,5,FALSE) -> 4.48 | I87: =IF(G87=0,"-",$I$7) -> 0.2095 | J87: =IFERROR(TRUNC(H87*(1+I87),2),"-") -> 5.41 | K87: =IFERROR(TRUNC(G87*J87,2),"-") -> 3202.72 | M87: =IFERROR(K87/$L$11,"-") -> 0.0030055416
M88: =IFERROR(K88/$L$11,"-") -> 0
B89: GUARDA-CORPO PARA PASSARELA DE PEDESTRES - FORNECIMENTO E INSTALAÇÃO | L89: =SUM(K85:K88) -> 279112.42
B90: 9.0 | E90: ESTACA BARRETE - ADEQUAÇÃO DE ALTURA
B91: 9.1 | C91: 407819 | D91: SICRO | E91: ARMAÇÃO EM AÇO CA-50 - FORNECIMENTO, PREPARO E COLOCAÇÃO | F91: kg | G91: =1508.32+744.95+329.23+257.48+222.01+262.89+459.6+22.24 -> 3806.72 | H91: =VLOOKUP($C91,SICRO!$A$2:$L$1163,5,FALSE) -> 12.65 | I91: =IF(G91=0,"-",$I$7) -> 0.2095 | J91: =IFERROR(TRUNC(H91*(1+I91),2),"-") -> 15.3 | K91: =IFERROR(TRUNC(G91*J91,2),"-") -> 58242.81 | M91: =IFERROR(K91/$L$11,"-") -> 0.054657038
B92: 9.2 | C92: 1527 | D92: SINAPI | E92: CONCRETO USINADO BOMBEAVEL, CLASSE DE RESISTENCIA C25, BRITA 0 E 1, SLUMP = 100 +/- 20 MM, COM BOMBEAMENTO (DISPONIBILIZACAO DE BOMBA), SEM O LANCAMENTO (NBR 8953) - PRÉ-LAJE | F92: m³ | G92: =83.51+40.98+16.63+13.67+11.4+11.54+21.6+0.91 -> 200.24 | H92: =VLOOKUP($C92,SINAPI!$A$2:$L$1160,5,FALSE) -> 504.95 | I92: =IF(G92=0,"-",$I$7) -> 0.2095 | J92: =IFERROR(TRUNC(H92*(1+I92),2),"-") -> 610.73 | K92: =IFERROR(TRUNC(G92*J92,2),"-") -> 122292.57 | M92: =IFERROR(K92/$L$11,"-") -> 0.11476352
B93: 9.3 | C93: 103673 | D93: SINAPI | E93: LANÇAMENTO COM USO DE BOMBA, ADENSAMENTO E ACABAMENTO DE CONCRETO EM ESTRUTURAS. AF_02/2022 | F93: m³ | G93: =G92 -> 200.24 | H93: =VLOOKUP($C93,SINAPI!$A$2:$L$1160,5,FALSE) -> 60.26 | I93: =IF(G93=0,"-",$I$7) -> 0.2095 | J93: =IFERROR(TRUNC(H93*(1+I93),2),"-") -> 72.88 | K93: =IFERROR(TRUNC(G93*J93,2),"-") -> 14593.49 | M93: =IFERROR(K93/$L$11,"-") -> 0.013695028
B94: 9.4 | C94: 3108004 | D94: SICRO | E94: Fôrmas de compensado resinado 14 mm - uso geral - utilização de 2 vezes - confecção, instalação e retirada | F94: m² | G94: =2*((1.05*189.8)+(1.09*98.5)+(0.75*59.4)+(0.9*40.2)+(0.86*35.2)+(0.55*57.7)+(0.6*98.2)+(0.5*5))/2 -> 510.812 | H94: =VLOOKUP($C94,SICRO!$A$2:$L$1163,5,FALSE) -> 98.74 | I94: =IF(G94=0,"-",$I$7) -> 0.2095 | J94: =IFERROR(TRUNC(H94*(1+I94),2),"-") -> 119.42 | K94: =IFERROR(TRUNC(G94*J94,2),"-") -> 61001.16 | M94: =IFERROR(K94/$L$11,"-") -> 0.057245568
B95: 9.5 | C95: COM-011 | D95: COMPOSIÇÃO | E95: LIMPEZA E APICOAMENTO DA SUPERFICIE DE CONCRETO NO APOIO | F95: m² | G95: =0.4*(40.2+113.8+57.7+14.3+45.1+39.8+36.2+10+25.2+5+5.8+5.5+25.7+9.7+36+62.5+38.4+13.4) -> 233.72 | H95: =VLOOKUP($C95,COMPOSIÇÕES!$A$2:$L$1172,5,FALSE) -> 48.54 | I95: =IF(G95=0,"-",$I$7) -> 0.2095 | J95: =IFERROR(TRUNC(H95*(1+I95),2),"-") -> 58.7 | K95: =IFERROR(TRUNC(G95*J95,2),"-") -> 13719.36 | M95: =IFERROR(K95/$L$11,"-") -> 0.012874715
B96: 9.6 | C96: COM-006 | D96: COMPOSIÇÃO | E96: ='AUX COMPOSIÇÕES'!B74 -> FURAÇÃO PARA 10,0MM EM CONCRETO ARMADO, INCLUSIVE COLAGEM DE ARMADURA (PARA 8MM) - PROFUNDADE 13 CM | F96: un | G96: =594+402+352+577+982+50 -> 2957 | H96: =VLOOKUP($C96,COMPOSIÇÕES!$A$2:$L$1172,5,FALSE) -> 15.98 | I96: =IF(G96=0,"-",$I$7) -> 0.2095 | J96: =IFERROR(TRUNC(H96*(1+I96),2),"-") -> 19.32 | K96: =IFERROR(TRUNC(G96*J96,2),"-") -> 57129.24 | M96: =IFERROR(K96/$L$11,"-") -> 0.053612026
B97: 9.7 | C97: COM-007 | D97: COMPOSIÇÃO | E97: ='AUX COMPOSIÇÕES'!B86 -> FURAÇÃO PARA 10,0MM EM CONCRETO ARMADO, INCLUSIVE COLAGEM DE ARMADURA (PARA 8MM) - PROFUNDADE 15 CM | F97: un | G97: 985 | H97: =VLOOKUP($C97,COMPOSIÇÕES!$A$2:$L$1172,5,FALSE) -> 18.49 | I97: =IF(G97=0,"-",$I$7) -> 0.2095 | J97: =IFERROR(TRUNC(H97*(1+I97),2),"-") -> 22.36 | K97: =IFERROR(TRUNC(G97*J97,2),"-") -> 22024.6 | M97: =IFERROR(K97/$L$11,"-") -> 0.020668635
B98: 9.8 | C98: COM-008 | D98: COMPOSIÇÃO | E98: ='AUX COMPOSIÇÕES'!B98 -> FURAÇÃO PARA 10,0MM EM CONCRETO ARMADO, INCLUSIVE COLAGEM DE ARMADURA (PARA 8MM) - PROFUNDADE 18 CM | F98: un | G98: 1898 | H98: =VLOOKUP($C98,COMPOSIÇÕES!$A$2:$L$1172,5,FALSE) -> 22.24 | I98: =IF(G98=0,"-",$I$7) -> 0.2095 | J98: =IFERROR(TRUNC(H98*(1+I98),2),"-") -> 26.89 | K98: =IFERROR(TRUNC(G98*J98,2),"-") -> 51037.22 | M98: =IFERROR(K98/$L$11,"-") -> 0.047895067
M99: =IFERROR(K99/$L$11,"-") -> 0
B100: ESTACA BARRETE - ADEQUAÇÃO DE ALTURA | L100: =SUM(K91:K99) -> 400040.45
B101: 10.0 | E101: URBANIZAÇÃO
B102: 10.1 | C102: COM-012 | D102: COMPOSIÇÃO | E102: PINTURA ACRÍLICA CONCRETO 2 DEMÃOS - BARRETE | F102: m² | G102: =600.81+868.05 -> 1468.86 | H102: =VLOOKUP($C102,COMPOSIÇÕES!$A$2:$L$1172,5,FALSE) -> 16.23 | I102: =IF(G102=0,"-",$I$7) -> 0.2095 | J102: =IFERROR(TRUNC(H102*(1+I102),2),"-") -> 19.63 | K102: =IFERROR(TRUNC(G102*J102,2),"-") -> 28833.72 | M102: =IFERROR(K102/$L$11,"-") -> 0.027058546
B103: 10.2 | C103: COM-013 | D103: COMPOSIÇÃO | E103: HIDROJATEAMENTO DE ALTA PRESSÃO PARA LIMPEZA DE SUPERFÍCIES - BARRETE | F103: m² | G103: =293.6+643.36 -> 936.96 | H103: =VLOOKUP($C103,COMPOSIÇÕES!$A$2:$L$1172,5,FALSE) -> 0.45 | I103: =IF(G103=0,"-",$I$7) -> 0.2095 | J103: =IFERROR(TRUNC(H103*(1+I103),2),"-") -> 0.54 | K103: =IFERROR(TRUNC(G103*J103,2),"-") -> 505.95 | M103: =IFERROR(K103/$L$11,"-") -> 0.00047480073
M104: =IFERROR(K104/$L$11,"-") -> 0
B105: URBANIZAÇÃO | L105: =SUM(K102:K104) -> 29339.67
...

Sheet ORÇAMENTO C.D.
B2: PREFEITURA MUNICIPAL DE CURITIBA
B3: SECRETARIA MUNICIPAL DE OBRAS PÚBLICAS
B4: DEPARTAMENTO DE PONTES E DRENAGEM
B5: DATA DO QUANTITATIVO: | E5: 46245 | F5: NÚMERO DO ORÇAMENTO : | I5: ='DADOS GERAIS'!C13 -> 0 | K5: TABELAS DE REFERÊNCIA
B6: BAIRRO : | E6: PAROLIN | F6: QUADRÍCULA : | I6: ='DADOS GERAIS'!C14 -> 0 | K6: SINAPI jul/26, SICRO abr/26, SIURB jan/26, ORSE jun/26, composições, cotações
B7: LOCAL : | E7: ='DADOS GERAIS'!C12 -> Rua Vila Guaíra / altura das ruas Chanceler Lauro Müller e Antônio Parolin Júnior | F7: BDI : | I7: ='DADOS GERAIS'!C16 -> 0.2444
B8: PROJETO : | E8: ='DADOS GERAIS'!C21 -> 5385 | F8: DATA BASE DO ORÇAMENTO: | K8: ='DADOS GERAIS'!C10 -> 46266
B9: =CONCATENATE("OBRA : ",'DADOS GERAIS'!C22) -> OBRA : PASSARELAS VILA GUAÍRA
B10: ORÇAMENTO - COM DESONERAÇÃO
K11: Total=> | L11: =L110 -> 1075844.7
B12: ITEM | C12: CÓDIGO | D12: FONTE | E12: DISCRIMINAÇÃO DOS SERVIÇOS | F12: UD. | G12: QUANT. | H12: P.UNIT C.D. | I12: BDI | J12: P. COM BDI C.D. | K12: P.TOTAL C.D. | L12: TOTAL | M12: PORCENTAGENS
B13: 1.0 | E13: ADMINISTRAÇÃO LOCAL DA OBRA
B14: 1.1 | C14: ALO-001 | D14: COMPOSIÇÃO | E14: COMPOSIÇÃO DA ADMINSTRAÇÃO LOCAL DA OBRA CONFORME PLANILHA ESPECÍFICA | F14: % | G14: 1 | H14: =VLOOKUP($C14,COMPOSIÇÕES!$A$2:$L$1172,6,FALSE) -> 90783.25 | I14: =$I$7 -> 0.2444 | J14: =TRUNC(H14*(1+I14),2) -> 112970.67 | K14: =IFERROR(TRUNC(G14*J14,2),"-") -> 112970.67 | M14: =IFERROR(K14/$L$11,"-") -> 0.10500649
B16: =E13 -> ADMINISTRAÇÃO LOCAL DA OBRA | L16: =SUM(K14:K14) -> 112970.67
B17: 2.0 | E17: CANTEIRO DE OBRAS E SINALIZAÇÃO
B18: 2.1 | C18: 103689 | D18: SINAPI | E18: FORNECIMENTO E INSTALAÇÃO DE PLACA DE OBRA COM CHAPA GALVANIZADA E ESTRUTURA DE MADEIRA. AF_03/2022_PS | F18: m² | G18: 12 | H18: =VLOOKUP($C18,SINAPI!$A$2:$L$1160,6,FALSE) -> 505.8 | I18: =IF(G18=0,"-",$I$7) -> 0.2444 | J18: =IFERROR(TRUNC(H18*(1+I18),2),"-") -> 629.41 | K18: =IFERROR(TRUNC(G18*J18,2),"-") -> 7552.92 | M18: =IFERROR(K18/$L$11,"-") -> 0.0070204558
B19: 2.2 | C19: 5212560 | D19: SICRO | E19: PLACA DE ADVERTÊNCIA PARA SINALIZAÇÃO DE OBRAS MONTADA EM SUPORTE METÁLICO MÓVEL, LADO 1,00 M - UTILIZAÇÃO DE 600 CICLOS - FORNECIMENTO, 01 IMPLANTAÇÃO E 01 RETIRADA DIÁRIA | F19: un.dia | G19: 480 | H19: =VLOOKUP($C19,SICRO!$A$2:$L$1163,6,FALSE) -> 4.66 | I19: =IF(G19=0,"-",$I$7) -> 0.2444 | J19: =IFERROR(TRUNC(H19*(1+I19),2),"-") -> 5.79 | K19: =IFERROR(TRUNC(G19*J19,2),"-") -> 2779.2 | M19: =IFERROR(K19/$L$11,"-") -> 0.0025832725
B20: 2.3 | C20: 5213835 | D20: SICRO | E20: CONE PLÁSTICO PARA CANALIZAÇÃO DE TRÂNSITO - UTILIZAÇÃO DE 150 CICLOS - FORNECIMENTO, 01 IMPLANTAÇÃO E 01 RETIRADA DIÁRIA | F20: un.dia | G20: 1200 | H20: =VLOOKUP($C20,SICRO!$A$2:$L$1163,6,FALSE) -> 0.93 | I20: =IF(G20=0,"-",$I$7) -> 0.2444 | J20: =IFERROR(TRUNC(H20*(1+I20),2),"-") -> 1.15 | K20: =IFERROR(TRUNC(G20*J20,2),"-") -> 1380 | M20: =IFERROR(K20/$L$11,"-") -> 0.0012827131
B21: 2.4 | C21: 10775 | D21: SINAPI | E21: LOCACAO DE CONTAINER 2,30 X 6,00 M, ALT. 2,50 M, COM 1 SANITARIO, PARA ESCRITORIO, COMPLETO, SEM DIVISORIAS INTERNAS (NAO INCLUI MOBILIZACAO/DESMOBILIZACAO) | F21: mês | G21: 3 | H21: =VLOOKUP($C21,SINAPI!$A$2:$L$1160,6,FALSE) -> 1000 | I21: =IF(G21=0,"-",$I$7) -> 0.2444 | J21: =IFERROR(TRUNC(H21*(1+I21),2),"-") -> 1244.4 | K21: =IFERROR(TRUNC(G21*J21,2),"-") -> 3733.2 | M21: =IFERROR(K21/$L$11,"-") -> 0.0034700177
B22: 2.5 | C22: COM-001 | D22: COMPOSIÇÃO | E22: CONSUMO DE ÁGUA E ESGOTO | F22: mês | G22: 3 | H22: =VLOOKUP($C22,COMPOSIÇÕES!$A$2:$L$1172,6,FALSE) -> 797.91 | I22: =IF(G22=0,"-",$I$7) -> 0.2444 | J22: =IFERROR(TRUNC(H22*(1+I22),2),"-") -> 992.91 | K22: =IFERROR(TRUNC(G22*J22,2),"-") -> 2978.73 | M22: =IFERROR(K22/$L$11,"-") -> 0.0027687361
B23: 2.6 | C23: COM-002 | D23: COMPOSIÇÃO | E23: CONSUMO DE ENERGIA | F23: mês | G23: 3 | H23: =VLOOKUP($C23,COMPOSIÇÕES!$A$2:$L$1172,6,FALSE) -> 384.01 | I23: =IF(G23=0,"-",$I$7) -> 0.2444 | J23: =IFERROR(TRUNC(H23*(1+I23),2),"-") -> 477.86 | K23: =IFERROR(TRUNC(G23*J23,2),"-") -> 1433.58 | M23: =IFERROR(K23/$L$11,"-") -> 0.0013325158
B25: =E17 -> CANTEIRO DE OBRAS E SINALIZAÇÃO | L25: =SUM(K18:K23) -> 19857.63
B26: 3.0 | E26: MOBILIZAÇÃO E DESMOBILIZAÇÃO
B27: 3.1 | C27: MOB-001 | D27: COMPOSIÇÃO | E27: MOBILIZAÇÃO/DESMOBILIZAÇÃO DE EQUIPAMENTO - RETRO-ESCAVADEIRA | F27: Serviço | G27: 2 | H27: =VLOOKUP($C27,COMPOSIÇÕES!$A$2:$L$1172,6,FALSE) -> 982.0876 | I27: =IF(G27=0,"-",$I$7) -> 0.2444 | J27: =IFERROR(TRUNC(H27*(1+I27),2),"-") -> 1222.1 | K27: =IFERROR(TRUNC(G27*J27,2),"-") -> 2444.2 | M27: =IFERROR(K27/$L$11,"-") -> 0.0022718893
B28: 3.2 | C28: MOB-002 | D28: COMPOSIÇÃO | E28: MOBILIZACAO/DESMOBILIZAÇÃO DE EQUIPAMENTO - ESTACAS PRE-MOLDADAS - BATE-ESTACAS | F28: Serviço | G28: 2 | H28: =VLOOKUP($C28,COMPOSIÇÕES!$A$2:$L$1172,6,FALSE) -> 982.0876 | I28: =IF(G28=0,"-",$I$7) -> 0.2444 | J28: =IFERROR(TRUNC(H28*(1+I28),2),"-") -> 1222.1 | K28: =IFERROR(TRUNC(G28*J28,2),"-") -> 2444.2 | M28: =IFERROR(K28/$L$11,"-") -> 0.0022718893
B29: 3.3 | C29: MOB-003 | D29: COMPOSIÇÃO | E29: MOBILIZAÇÃO/DESMOBILIZAÇÃO DE EQUIPAMENTO - GUINDASTE HIDRÁULICO AUTOPROPELIDO | F29: Serviço | G29: 2 | H29: =VLOOKUP($C29,COMPOSIÇÕES!$A$2:$L$1172,6,FALSE) -> 1093.0666 | I29: =IF(G29=0,"-",$I$7) -> 0.2444 | J29: =IFERROR(TRUNC(H29*(1+I29),2),"-") -> 1360.21 | K29: =IFERROR(TRUNC(G29*J29,2),"-") -> 2720.42 | M29: =IFERROR(K29/$L$11,"-") -> 0.0025286364
B30: 3.4 | C30: MOB-004 | D30: COMPOSIÇÃO | E30: MOBILIZAÇÃO/DESMOBILIZAÇÃO DE EQUIPAMENTO - CONTAINER METÁLICO | F30: Serviço | G30: 2 | H30: =VLOOKUP($C30,COMPOSIÇÕES!$A$2:$L$1172,6,FALSE) -> 739.05 | I30: =IF(G30=0,"-",$I$7) -> 0.2444 | J30: =IFERROR(TRUNC(H30*(1+I30),2),"-") -> 919.67 | K30: =IFERROR(TRUNC(G30*J30,2),"-") -> 1839.34 | M30: =IFERROR(K30/$L$11,"-") -> 0.0017096706
B32: =E26 -> MOBILIZAÇÃO E DESMOBILIZAÇÃO | L32: =SUM(K27:K30) -> 9448.16
B33: 4.0 | E33: FUNDAÇÃO PARA INSTALAÇÃO DE OBRAS DE ARTE PARA PASSAGEM DE PEDESTRES
B34: 4.1 | C34: 99439 | D34: SINAPI | E34: CONCRETAGEM DE EDIFICAÇÕES (PAREDES E LAJES) FEITAS COM SISTEMA DE FÔRMAS MANUSEÁVEIS, COM CONCRETO USINADO BOMBEÁVEL FCK 25 MPA - LANÇAMENTO, ADENSAMENTO E ACABAMENTO. AF_09/2024 | F34: m³ | G34: =2.52*2 -> 5.04 | H34: =VLOOKUP($C34,SINAPI!$A$2:$L$1160,6,FALSE) -> 675.21 | I34: =IF(G34=0,"-",$I$7) -> 0.2444 | J34: =IFERROR(TRUNC(H34*(1+I34),2),"-") -> 840.23 | K34: =IFERROR(TRUNC(G34*J34,2),"-") -> 4234.75 | M34: =IFERROR(K34/$L$11,"-") -> 0.0039362095
B35: 4.2 | C35: 96531 | D35: SINAPI | E35: FABRICAÇÃO, MONTAGEM E DESMONTAGEM DE FÔRMA PARA BLOCO DE COROAMENTO, EM MADEIRA SERRADA, E=25 MM, 2 UTILIZAÇÕES. AF_01/2024 | F35: m² | G35: =5.9*2 -> 11.8 | H35: =VLOOKUP($C35,SINAPI!$A$2:$L$1160,6,FALSE) -> 117.88 | I35: =IF(G35=0,"-",$I$7) -> 0.2444 | J35: =IFERROR(TRUNC(H35*(1+I35),2),"-") -> 146.68 | K35: =IFERROR(TRUNC(G35*J35,2),"-") -> 1730.82 | M35: =IFERROR(K35/$L$11,"-") -> 0.001608801
B36: 4.3 | C36: 407819 | D36: SICRO | E36: ARMAÇÃO EM AÇO CA-50 - FORNECIMENTO, PREPARO E COLOCAÇÃO - BLOCO | F36: kg | G36: =105.54*2 -> 211.08 | H36: =VLOOKUP($C36,SICRO!$A$2:$L$1163,6,FALSE) -> 12.31 | I36: =IF(G36=0,"-",$I$7) -> 0.2444 | J36: =IFERROR(TRUNC(H36*(1+I36),2),"-") -> 15.31 | K36: =IFERROR(TRUNC(G36*J36,2),"-") -> 3231.63 | M36: =IFERROR(K36/$L$11,"-") -> 0.0030038072
B37: 4.4 | C37: 2003850 | D37: SICRO | E37: LASTRO DE BRITA COMERCIAL COMPACTADO COM SOQUETE VIBRATÓRIO - ESPALHAMENTO MANUAL | F37: m³ | G37: =0.18*2 -> 0.36 | H37: =VLOOKUP($C37,SICRO!$A$2:$L$1163,6,FALSE) -> 147.81 | I37: =IF(G37=0,"-",$I$7) -> 0.2444 | J37: =IFERROR(TRUNC(H37*(1+I37),2),"-") -> 183.93 | K37: =IFERROR(TRUNC(G37*J37,2),"-") -> 66.21 | M37: =IFERROR(K37/$L$11,"-") -> 6.1542341e-05
B38: 4.5 | C38: 96523 | D38: SINAPI | E38: ESCAVAÇÃO MANUAL PARA BLOCO DE COROAMENTO OU SAPATA (INCLUINDO ESCAVAÇÃO PARA COLOCAÇÃO DE FÔRMAS). AF_01/2024 | F38: m³ | G38: =4.46*2 -> 8.92 | H38: =VLOOKUP($C38,SINAPI!$A$2:$L$1160,6,FALSE) -> 130.04 | I38: =IF(G38=0,"-",$I$7) -> 0.2444 | J38: =IFERROR(TRUNC(H38*(1+I38),2),"-") -> 161.82 | K38: =IFERROR(TRUNC(G38*J38,2),"-") -> 1443.43 | M38: =IFERROR(K38/$L$11,"-") -> 0.0013416714
B39: 4.6 | C39: 94319 | D39: SINAPI | E39: ATERRO MANUAL DE VALAS COM SOLO ARGILO-ARENOSO. AF_08/2023 | F39: m³ | G39: =1.49*2 -> 2.98 | H39: =VLOOKUP($C39,SINAPI!$A$2:$L$1160,6,FALSE) -> 89.92 | I39: =IF(G39=0,"-",$I$7) -> 0.2444 | J39: =IFERROR(TRUNC(H39*(1+I39),2),"-") -> 111.89 | K39: =IFERROR(TRUNC(G39*J39,2),"-") -> 333.43 | M39: =IFERROR(K39/$L$11,"-") -> 0.00030992392
B40: 4.7 | C40: 2306105 | D40: SICRO | E40: Estaca pré-moldada de concreto protendido 23 x 23 cm - produzida - sem emenda - cravação | F40: m | G40: =36*2 -> 72 | H40: =VLOOKUP($C40,SICRO!$A$2:$L$1163,6,FALSE) -> 123.31 | I40: =IF(G40=0,"-",$I$7) -> 0.2444 | J40: =IFERROR(TRUNC(H40*(1+I40),2),"-") -> 153.44 | K40: =IFERROR(TRUNC(G40*J40,2),"-") -> 11047.68 | M40: =IFERROR(K40/$L$11,"-") -> 0.010268843
B41: 4.8 | C41: M0647 | D41: SICRO | E41: Estaca pré-moldada de concreto protendido com compressão admissível de 25 t | F41: m | G41: =36*2 -> 72 | H41: =VLOOKUP($C41,SICRO!$A$2:$L$1163,6,FALSE) -> 59.2 | I41: =IF(G41=0,"-",$I$7) -> 0.2444 | J41: =IFERROR(TRUNC(H41*(1+I41),2),"-") -> 73.66 | K41: =IFERROR(TRUNC(G41*J41,2),"-") -> 5303.52 | M41: =IFERROR(K41/$L$11,"-") -> 0.0049296336
B42: 4.9 | C42: 2306247 | D42: SICRO | E42: Arrasamento de estacas de concreto com seção de até 900 cm² | F42: m³ | G42: =0.32+0.38 -> 0.7 | H42: =VLOOKUP($C42,SICRO!$A$2:$L$1163,6,FALSE) -> 301.96 | I42: =IF(G42=0,"-",$I$7) -> 0.2444 | J42: =IFERROR(TRUNC(H42*(1+I42),2),"-") -> 375.75 | K42: =IFERROR(TRUNC(G42*J42,2),"-") -> 263.02 | M42: =IFERROR(K42/$L$11,"-") -> 0.00024447767
B43: 4.10 | C43: 97636 | D43: SINAPI | E43: DEMOLIÇÃO PARCIAL DE PAVIMENTO ASFÁLTICO, DE FORMA MECANIZADA, SEM REAPROVEITAMENTO. AF_09/2023 | F43: m² | G43: 4 | H43: =VLOOKUP($C43,SINAPI!$A$2:$L$1160,6,FALSE) -> 26.1 | I43: =IF(G43=0,"-",$I$7) -> 0.2444 | J43: =IFERROR(TRUNC(H43*(1+I43),2),"-") -> 32.47 | K43: =IFERROR(TRUNC(G43*J43,2),"-") -> 129.88 | M43: =IFERROR(K43/$L$11,"-") -> 0.00012072375
B45: =E33 -> FUNDAÇÃO PARA INSTALAÇÃO DE OBRAS DE ARTE PARA PASSAGEM DE PEDESTRES | L45: =SUM(K34:K43) -> 27784.37
B46: 5.0 | E46: PILARES PRÉ-MOLDADO PARA PASSARELA DE PEDESTRES
B47: 5.1 | C47: COM-005 | D47: COMPOSIÇÃO | E47: ='AUX COMPOSIÇÕES'!B64 -> MONTAGEM DE PILARES PRÉ-FABRICADOS, INCLUSO IÇAMENTO COM GUINDASTE | F47: un | G47: 4 | H47: =VLOOKUP($C47,COMPOSIÇÕES!$A$2:$L$1172,6,FALSE) -> 497.3 | I47: =IF(G47=0,"-",$I$7) -> 0.2444 | J47: =IFERROR(TRUNC(H47*(1+I47),2),"-") -> 618.84 | K47: =IFERROR(TRUNC(G47*J47,2),"-") -> 2475.36 | M47: =IFERROR(K47/$L$11,"-") -> 0.0023008526
B48: 5.2 | C48: 407819 | D48: SICRO | E48: ARMAÇÃO EM AÇO CA-50 - FORNECIMENTO, PREPARO E COLOCAÇÃO | F48: kg | G48: =4*86.6 -> 346.4 | H48: =VLOOKUP($C48,SICRO!$A$2:$L$1163,6,FALSE) -> 12.31 | I48: =IF(G48=0,"-",$I$7) -> 0.2444 | J48: =IFERROR(TRUNC(H48*(1+I48),2),"-") -> 15.31 | K48: =IFERROR(TRUNC(G48*J48,2),"-") -> 5303.38 | M48: =IFERROR(K48/$L$11,"-") -> 0.0049295034
B49: 5.3 | C49: 8808 | D49: ORSE | E49: Barra redonda de aço mecanica laminada 5/8" (1,56 kg/m) | F49: m | G49: =4*1.54*4 -> 24.64 | H49: 20.53 | I49: =IF(G49=0,"-",$I$7) -> 0.2444 | J49: =IFERROR(TRUNC(H49*(1+I49),2),"-") -> 25.54 | K49: =IFERROR(TRUNC(G49*J49,2),"-") -> 629.3 | M49: =IFERROR(K49/$L$11,"-") -> 0.00058493574
B50: 5.4 | C50: 1525 | D50: SINAPI | E50: CONCRETO USINADO BOMBEAVEL, CLASSE DE RESISTENCIA C30, BRITA 0 E 1, SLUMP = 100 +/- 20 MM, COM BOMBEAMENTO (DISPONIBILIZACAO DE BOMBA), SEM O LANCAMENTO (NBR 8953) | F50: m³ | G50: =4*0.85 -> 3.4 | H50: =VLOOKUP($C50,SINAPI!$A$2:$L$1160,6,FALSE) -> 520.48 | I50: =IF(G50=0,"-",$I$7) -> 0.2444 | J50: =IFERROR(TRUNC(H50*(1+I50),2),"-") -> 647.68 | K50: =IFERROR(TRUNC(G50*J50,2),"-") -> 2202.11 | M50: =IFERROR(K50/$L$11,"-") -> 0.0020468661
B51: 5.5 | C51: 103673 | D51: SINAPI | E51: LANÇAMENTO COM USO DE BOMBA, ADENSAMENTO E ACABAMENTO DE CONCRETO EM ESTRUTURAS. AF_02/2022 | F51: m³ | G51: =G50 -> 3.4 | H51: =VLOOKUP($C51,SINAPI!$A$2:$L$1160,6,FALSE) -> 57.21 | I51: =IF(G51=0,"-",$I$7) -> 0.2444 | J51: =IFERROR(TRUNC(H51*(1+I51),2),"-") -> 71.19 | K51: =IFERROR(TRUNC(G51*J51,2),"-") -> 242.04 | M51: =IFERROR(K51/$L$11,"-") -> 0.00022497672
B52: 5.6 | C52: COM-003 | D52: COMPOSIÇÃO | E52: FORMA PARA CONCRETO PRÉ-MOLDADO, INCLUSIVE DESFORMA | F52: m² | G52: =4*5.8 -> 23.2 | H52: =VLOOKUP($C52,COMPOSIÇÕES!$A$2:$L$1172,6,FALSE) -> 62.5 | I52: =IF(G52=0,"-",$I$7) -> 0.2444 | J52: =IFERROR(TRUNC(H52*(1+I52),2),"-") -> 77.77 | K52: =IFERROR(TRUNC(G52*J52,2),"-") -> 1804.26 | M52: =IFERROR(K52/$L$11,"-") -> 0.0016770637
M53: =IFERROR(K53/$L$11,"-") -> 0
B54: =E46 -> PILARES PRÉ-MOLDADO PARA PASSARELA DE PEDESTRES | L54: =SUM(K47:K53) -> 12656.45
B55: 6.0 | E55: SUPERESTRUTURA PASSARELAS DE PEDESTRES
B56: 6.1 | C56: 97721 | D56: SINAPI | E56: FORNECIMENTO E MONTAGEM DE LAJES ALVEOLARES PRÉ-FABRICADAS, INCLUSO IÇAMENTO COM GUINDASTE. AF_03/2024 | F56: m³ | G56: =8.18+8.47 -> 16.65 | H56: =VLOOKUP($C56,SINAPI!$A$2:$L$1160,6,FALSE) -> 79.83 | I56: =IF(G56=0,"-",$I$7) -> 0.2444 | J56: =IFERROR(TRUNC(H56*(1+I56),2),"-") -> 99.34 | K56: =IFERROR(TRUNC(G56*J56,2),"-") -> 1654.01 | M56: =IFERROR(K56/$L$11,"-") -> 0.001537406
B57: 6.2 | C57: 88306 | D57: SIURB | E57: LAJE EM PAINEL PROTENDIDO ALVEOLAR - ESPESSURA: 26.5 CM - 340KG/M2 | F57: m² | G57: =31.98+30.85 -> 62.83 | H57: 384.05 | I57: =IF(G57=0,"-",$I$7) -> 0.2444 | J57: =IFERROR(TRUNC(H57*(1+I57),2),"-") -> 477.91 | K57: =IFERROR(TRUNC(G57*J57,2),"-") -> 30027.08 | M57: =IFERROR(K57/$L$11,"-") -> 0.027910237
B58: 6.3 | C58: 34479 | D58: SINAPI | E58: CONCRETO USINADO BOMBEAVEL, CLASSE DE RESISTENCIA C40, BRITA 0 E 1, SLUMP = 100 +/- 20 MM, COM BOMBEAMENTO (DISPONIBILIZACAO DE BOMBA), SEM O LANCAMENTO (NBR 8953) | F58: m³ | G58: =2.04+1.97 -> 4.01 | H58: =VLOOKUP($C58,SINAPI!$A$2:$L$1160,6,FALSE) -> 551.56 | I58: =IF(G58=0,"-",$I$7) -> 0.2444 | J58: =IFERROR(TRUNC(H58*(1+I58),2),"-") -> 686.36 | K58: =IFERROR(TRUNC(G58*J58,2),"-") -> 2752.3 | M58: =IFERROR(K58/$L$11,"-") -> 0.0025582689
B59: 6.4 | C59: 103673 | D59: SINAPI | E59: LANÇAMENTO COM USO DE BOMBA, ADENSAMENTO E ACABAMENTO DE CONCRETO EM ESTRUTURAS. AF_02/2022 | F59: m³ | G59: =G58 -> 4.01 | H59: =VLOOKUP($C59,SINAPI!$A$2:$L$1160,6,FALSE) -> 57.21 | I59: =IF(G59=0,"-",$I$7) -> 0.2444 | J59: =IFERROR(TRUNC(H59*(1+I59),2),"-") -> 71.19 | K59: =IFERROR(TRUNC(G59*J59,2),"-") -> 285.47 | M59: =IFERROR(K59/$L$11,"-") -> 0.000265345
B60: 6.5 | C60: 91596 | D60: SINAPI | E60: ARMAÇÃO DO SISTEMA DE PAREDES DE CONCRETO, EXECUTADA COMO ARMADURA POSITIVA DE LAJES, TELA Q-138. AF_12/2024 | F60: kg | G60: =76.93+74.47 -> 151.4 | H60: =VLOOKUP($C60,SINAPI!$A$2:$L$1160,6,FALSE) -> 9.63 | I60: =IF(G60=0,"-",$I$7) -> 0.2444 | J60: =IFERROR(TRUNC(H60*(1+I60),2),"-") -> 11.98 | K60: =IFERROR(TRUNC(G60*J60,2),"-") -> 1813.77 | M60: =IFERROR(K60/$L$11,"-") -> 0.0016859032
B61: 6.6 | C61: 3108004 | D61: SICRO | E61: Fôrmas de compensado resinado 14 mm - uso geral - utilização de 2 vezes - confecção, instalação e retirada | F61: m² | G61: =(10.01+9.73)/2 -> 9.87 | H61: =VLOOKUP($C61,SICRO!$A$2:$L$1163,6,FALSE) -> 96.17 | I61: =IF(G61=0,"-",$I$7) -> 0.2444 | J61: =IFERROR(TRUNC(H61*(1+I61),2),"-") -> 119.67 | K61: =IFERROR(TRUNC(G61*J61,2),"-") -> 1181.14 | M61: =IFERROR(K61/$L$11,"-") -> 0.0010978722
M62: =IFERROR(K62/$L$11,"-") -> 0
B63: SUPERESTRUTURA PASSARELAS DE PEDESTRES | L63: =SUM(K56:K62) -> 37713.77
B64: 7.0 | E64: RAMPAS DE ACESSO ÀS PASSARELAS
B65: 7.1 | C65: 90082 | D65: SINAPI | E65: ESCAVAÇÃO MECANIZADA DE VALA COM PROF. ATÉ 1,5 M (MÉDIA MONTANTE E JUSANTE/UMA COMPOSIÇÃO POR TRECHO), ESCAVADEIRA (0,8 M3), LARG. DE 1,5 M A 2,5 M, EM SOLO DE 1A CATEGORIA, EM LOCAIS COM ALTO NÍVEL DE INTERFERÊNCIA. AF_09/2024 | F65: m³ | G65: =59+42.5 -> 101.5 | H65: =VLOOKUP($C65,SINAPI!$A$2:$L$1160,6,FALSE) -> 10.54 | I65: =IF(G65=0,"-",$I$7) -> 0.2444 | J65: =IFERROR(TRUNC(H65*(1+I65),2),"-") -> 13.11 | K65: =IFERROR(TRUNC(G65*J65,2),"-") -> 1330.66 | M65: =IFERROR(K65/$L$11,"-") -> 0.0012368514
B66: 7.2 | C66: 94319 | D66: SINAPI | E66: ATERRO MANUAL DE VALAS COM SOLO ARGILO-ARENOSO. AF_08/2023 | F66: m³ | G66: =42+29.75 -> 71.75 | H66: =VLOOKUP($C66,SINAPI!$A$2:$L$1160,6,FALSE) -> 89.92 | I66: =IF(G66=0,"-",$I$7) -> 0.2444 | J66: =IFERROR(TRUNC(H66*(1+I66),2),"-") -> 111.89 | K66: =IFERROR(TRUNC(G66*J66,2),"-") -> 8028.1 | M66: =IFERROR(K66/$L$11,"-") -> 0.0074621367
B67: 7.3 | C67: COM-009 | D67: COMPOSIÇÃO | E67: ESTACA ESCAVADA COM TRADO MANUAL, D=25CM, INCLUSIVE CONCRETO EXCLUSIVE ARMAÇÃO | F67: m³ | G67: =110.2+(24*1.6)+(32*1.1) -> 183.8 | H67: =VLOOKUP($C67,COMPOSIÇÕES!$A$2:$L$1172,6,FALSE) -> 97.02 | I67: =IF(G67=0,"-",$I$7) -> 0.2444 | J67: =IFERROR(TRUNC(H67*(1+I67),2),"-") -> 120.73 | K67: =IFERROR(TRUNC(G67*J67,2),"-") -> 22190.17 | M67: =IFERROR(K67/$L$11,"-") -> 0.020625812
B68: 7.4 | C68: 407819 | D68: SICRO | E68: ARMAÇÃO EM AÇO CA-50 - FORNECIMENTO, PREPARO E COLOCAÇÃO - ESTACAS | F68: kg | G68: =299.16+101.76+98.72 -> 499.64 | H68: =VLOOKUP($C68,SICRO!$A$2:$L$1163,6,FALSE) -> 12.31 | I68: =IF(G68=0,"-",$I$7) -> 0.2444 | J68: =IFERROR(TRUNC(H68*(1+I68),2),"-") -> 15.31 | K68: =IFERROR(TRUNC(G68*J68,2),"-") -> 7649.48 | M68: =IFERROR(K68/$L$11,"-") -> 0.0071102086
B69: 7.5 | C69: 407819 | D69: SICRO | E69: ARMAÇÃO EM AÇO CA-50 - FORNECIMENTO, PREPARO E COLOCAÇÃO - RAMPA | F69: kg | G69: =462.66+182.44+127.89+37.24 -> 810.23 | H69: =VLOOKUP($C69,SICRO!$A$2:$L$1163,6,FALSE) -> 12.31 | I69: =IF(G69=0,"-",$I$7) -> 0.2444 | J69: =IFERROR(TRUNC(H69*(1+I69),2),"-") -> 15.31 | K69: =IFERROR(TRUNC(G69*J69,2),"-") -> 12404.62 | M69: =IFERROR(K69/$L$11,"-") -> 0.011530122
B70: 7.6 | C70: 1527 | D70: SINAPI | E70: CONCRETO USINADO BOMBEAVEL, CLASSE DE RESISTENCIA C25, BRITA 0 E 1, SLUMP = 100 +/- 20 MM, COM BOMBEAMENTO (DISPONIBILIZACAO DE BOMBA), SEM O LANCAMENTO (NBR 8953) | F70: m³ | G70: =11.67+5.64+2.68+0.76 -> 20.75 | H70: =VLOOKUP($C70,SINAPI!$A$2:$L$1160,6,FALSE) -> 504.95 | I70: =IF(G70=0,"-",$I$7) -> 0.2444 | J70: =IFERROR(TRUNC(H70*(1+I70),2),"-") -> 628.35 | K70: =IFERROR(TRUNC(G70*J70,2),"-") -> 13038.26 | M70: =IFERROR(K70/$L$11,"-") -> 0.012119092
B71: 7.7 | C71: 103673 | D71: SINAPI | E71: LANÇAMENTO COM USO DE BOMBA, ADENSAMENTO E ACABAMENTO DE CONCRETO EM ESTRUTURAS. AF_02/2022 | F71: m³ | G71: =G70 -> 20.75 | H71: =VLOOKUP($C71,SINAPI!$A$2:$L$1160,6,FALSE) -> 57.21 | I71: =IF(G71=0,"-",$I$7) -> 0.2444 | J71: =IFERROR(TRUNC(H71*(1+I71),2),"-") -> 71.19 | K71: =IFERROR(TRUNC(G71*J71,2),"-") -> 1477.19 | M71: =IFERROR(K71/$L$11,"-") -> 0.0013730514
B72: 7.8 | C72: COM-004 | D72: COMPOSIÇÃO | E72: ALVENARIA DE BLOCOS DE CONCRETO ESTRUTURAL 19X19X29 CM (ESPESSURA 19 CM), FBK = 4,5 MPA, UTILIZANDO PALHETA | F72: m² | G72: =64+54.9 -> 118.9 | H72: =VLOOKUP($C72,COMPOSIÇÕES!$A$2:$L$1172,6,FALSE) -> 142.82 | I72: =IF(G72=0,"-",$I$7) -> 0.2444 | J72: =IFERROR(TRUNC(H72*(1+I72),2),"-") -> 177.72 | K72: =IFERROR(TRUNC(G72*J72,2),"-") -> 21130.9 | M72: =IFERROR(K72/$L$11,"-") -> 0.019641218
B73: 7.9 | C73: 91596 | D73: SINAPI | E73: ARMAÇÃO DO SISTEMA DE PAREDES DE CONCRETO, EXECUTADA COMO ARMADURA POSITIVA DE LAJES, TELA Q-138. AF_12/2024 | F73: kg | G73: =131.77+94.23 -> 226 | H73: =VLOOKUP($C73,SINAPI!$A$2:$L$1160,6,FALSE) -> 9.63 | I73: =IF(G73=0,"-",$I$7) -> 0.2444 | J73: =IFERROR(TRUNC(H73*(1+I73),2),"-") -> 11.98 | K73: =IFERROR(TRUNC(G73*J73,2),"-") -> 2707.48 | M73: =IFERROR(K73/$L$11,"-") -> 0.0025166086
B74: 7.10 | C74: 3108004 | D74: SICRO | E74: Fôrmas de compensado resinado 14 mm - uso geral - utilização de 2 vezes - confecção, instalação e retirada | F74: m² | G74: =(13.56+17.68+37.8+47.25)/2 -> 58.145 | H74: =VLOOKUP($C74,SICRO!$A$2:$L$1163,6,FALSE) -> 96.17 | I74: =IF(G74=0,"-",$I$7) -> 0.2444 | J74: =IFERROR(TRUNC(H74*(1+I74),2),"-") -> 119.67 | K74: =IFERROR(TRUNC(G74*J74,2),"-") -> 6958.21 | M74: =IFERROR(K74/$L$11,"-") -> 0.0064676716
B75: 7.11 | C75: 2003850 | D75: SICRO | E75: LASTRO DE BRITA COMERCIAL COMPACTADO COM SOQUETE VIBRATÓRIO - ESPALHAMENTO MANUAL | F75: m³ | G75: =1.42+1.02 -> 2.44 | H75: =VLOOKUP($C75,SICRO!$A$2:$L$1163,6,FALSE) -> 147.81 | I75: =IF(G75=0,"-",$I$7) -> 0.2444 | J75: =IFERROR(TRUNC(H75*(1+I75),2),"-") -> 183.93 | K75: =IFERROR(TRUNC(G75*J75,2),"-") -> 448.78 | M75: =IFERROR(K75/$L$11,"-") -> 0.000417142
B76: 7.12 | C76: 407819 | D76: SICRO | E76: ARMAÇÃO EM AÇO CA-50 - FORNECIMENTO, PREPARO E COLOCAÇÃO - PRÉ-LAJE | F76: kg | G76: =231*0.66 -> 152.46 | H76: =VLOOKUP($C76,SICRO!$A$2:$L$1163,6,FALSE) -> 12.31 | I76: =IF(G76=0,"-",$I$7) -> 0.2444 | J76: =IFERROR(TRUNC(H76*(1+I76),2),"-") -> 15.31 | K76: =IFERROR(TRUNC(G76*J76,2),"-") -> 2334.16 | M76: =IFERROR(K76/$L$11,"-") -> 0.0021696069
B77: 7.13 | C77: 1527 | D77: SINAPI | E77: CONCRETO USINADO BOMBEAVEL, CLASSE DE RESISTENCIA C25, BRITA 0 E 1, SLUMP = 100 +/- 20 MM, COM BOMBEAMENTO (DISPONIBILIZACAO DE BOMBA), SEM O LANCAMENTO (NBR 8953) - PRÉ-LAJE | F77: m³ | G77: =231*0.025725 -> 5.942475 | H77: =VLOOKUP($C77,SINAPI!$A$2:$L$1160,6,FALSE) -> 504.95 | I77: =IF(G77=0,"-",$I$7) -> 0.2444 | J77: =IFERROR(TRUNC(H77*(1+I77),2),"-") -> 628.35 | K77: =IFERROR(TRUNC(G77*J77,2),"-") -> 3733.95 | M77: =IFERROR(K77/$L$11,"-") -> 0.0034707148
B78: 7.14 | C78: 103673 | D78: SINAPI | E78: LANÇAMENTO COM USO DE BOMBA, ADENSAMENTO E ACABAMENTO DE CONCRETO EM ESTRUTURAS. AF_02/2022 - PRÉ-LAJE | F78: m³ | G78: =231*0.025725 -> 5.942475 | H78: =VLOOKUP($C78,SINAPI!$A$2:$L$1160,6,FALSE) -> 57.21 | I78: =IF(G78=0,"-",$I$7) -> 0.2444 | J78: =IFERROR(TRUNC(H78*(1+I78),2),"-") -> 71.19 | K78: =IFERROR(TRUNC(G78*J78,2),"-") -> 423.04 | M78: =IFERROR(K78/$L$11,"-") -> 0.00039321662
B79: 7.15 | C79: COM-003 | D79: COMPOSIÇÃO | E79: FORMA PARA CONCRETO PRÉ-MOLDADO, INCLUSIVE DESFORMA - PRÉ-LAJE | F79: m² | G79: =231*0.62 -> 143.22 | H79: =VLOOKUP($C79,COMPOSIÇÕES!$A$2:$L$1172,6,FALSE) -> 62.5 | I79: =IF(G79=0,"-",$I$7) -> 0.2444 | J79: =IFERROR(TRUNC(H79*(1+I79),2),"-") -> 77.77 | K79: =IFERROR(TRUNC(G79*J79,2),"-") -> 11138.21 | M79: =IFERROR(K79/$L$11,"-") -> 0.010352991
B80: 7.16 | C80: COM-010 | D80: COMPOSIÇÃO | E80: REBOCO ARGAMASSA PREFABRICADA EM PAREDES - FACHADA DAS RAMPAS | F80: m² | G80: =G81 -> 96 | H80: =VLOOKUP($C80,COMPOSIÇÕES!$A$2:$L$1172,6,FALSE) -> 22.92 | I80: =IF(G80=0,"-",$I$7) -> 0.2444 | J80: =IFERROR(TRUNC(H80*(1+I80),2),"-") -> 28.52 | K80: =IFERROR(TRUNC(G80*J80,2),"-") -> 2737.92 | M80: =IFERROR(K80/$L$11,"-") -> 0.0025449027
B81: 7.17 | C81: COM-012 | D81: COMPOSIÇÃO | E81: PINTURA ACRÍLICA CONCRETO 2 DEMÃOS - FACHADA DAS RAMPAS | F81: m² | G81: 96 | H81: =VLOOKUP($C81,COMPOSIÇÕES!$A$2:$L$1172,6,FALSE) -> 15.74 | I81: =IF(G81=0,"-",$I$7) -> 0.2444 | J81: =IFERROR(TRUNC(H81*(1+I81),2),"-") -> 19.58 | K81: =IFERROR(TRUNC(G81*J81,2),"-") -> 1879.68 | M81: =IFERROR(K81/$L$11,"-") -> 0.0017471667
M82: =IFERROR(K82/$L$11,"-") -> 0
B83: RAMPAS DE ACESSO ÀS PASSARELAS | L83: =SUM(K65:K82) -> 119610.81
B84: 8.0 | E84: GUARDA-CORPO PARA PASSARELA DE PEDESTRES - FORNECIMENTO E INSTALAÇÃO
B85: 8.1 | C85: COT-001 | D85: COTAÇÃO | E85: GUARDA CORPO PULTRUDADO PADRÃO NR14.718 C/BARRAS INTERMED. VERTICAIS - RETO FIX. SAPATA - H=1100MM | F85: m | G85: =27.05+29.2+40.15+113.8 -> 210.2 | H85: =572.2*1.0325 -> 590.7965 | I85: 0.1528 | J85: =IFERROR(TRUNC(H85*(1+I85),2),"-") -> 681.07 | K85: =IFERROR(TRUNC(G85*J85,2),"-") -> 143160.91 | M85: =IFERROR(K85/$L$11,"-") -> 0.13306838 | N85: Incluso IPI no preço | P85: Frete 2x6760
B86: 8.2 | C86: COT-002 | D86: COTAÇÃO | E86: GUARDA CORPO PULTRUDADO PADRÃO NR14.718 C/BARRAS INTERMED. VERTICAIS - INCLINADO FIX. SAPATA - H=1100MM | F86: m | G86: =94.5+67.8 -> 162.3 | H86: =733.6*1.0325 -> 757.442 | I86: 0.1528 | J86: =IFERROR(TRUNC(H86*(1+I86),2),"-") -> 873.17 | K86: =IFERROR(TRUNC(G86*J86,2),"-") -> 141715.49 | M86: =IFERROR(K86/$L$11,"-") -> 0.13172486 | N86: Incluso IPI no preço | P86: =(K85+K86)*0.5 -> 142438.2 | Q86: =P86/#REF! -> #REF!
B87: 8.3 | C87: 3807862 | D87: SICRO | E87: Chumbador de expansão controlada por torque para concreto D = 8 mm - fornecimento e instalação | F87: un | G87: 592 | H87: =VLOOKUP($C87,SICRO!$A$2:$L$1163,6,FALSE) -> 4.36 | I87: =IF(G87=0,"-",$I$7) -> 0.2444 | J87: =IFERROR(TRUNC(H87*(1+I87),2),"-") -> 5.42 | K87: =IFERROR(TRUNC(G87*J87,2),"-") -> 3208.64 | M87: =IFERROR(K87/$L$11,"-") -> 0.002982438 | N87: TEM FURO
M88: =IFERROR(K88/$L$11,"-") -> 0
B89: GUARDA-CORPO PARA PASSARELA DE PEDESTRES - FORNECIMENTO E INSTALAÇÃO | L89: =SUM(K85:K88) -> 288085.04
B90: 9.0 | E90: ESTACA BARRETE - ADEQUAÇÃO DE ALTURA
B91: 9.1 | C91: 407819 | D91: SICRO | E91: ARMAÇÃO EM AÇO CA-50 - FORNECIMENTO, PREPARO E COLOCAÇÃO | F91: kg | G91: =1508.32+744.95+329.23+257.48+222.01+262.89+459.6+22.24 -> 3806.72 | H91: =VLOOKUP($C91,SICRO!$A$2:$L$1163,6,FALSE) -> 12.31 | I91: =IF(G91=0,"-",$I$7) -> 0.2444 | J91: =IFERROR(TRUNC(H91*(1+I91),2),"-") -> 15.31 | K91: =IFERROR(TRUNC(G91*J91,2),"-") -> 58280.88 | M91: =IFERROR(K91/$L$11,"-") -> 0.054172207
B92: 9.2 | C92: 1527 | D92: SINAPI | E92: CONCRETO USINADO BOMBEAVEL, CLASSE DE RESISTENCIA C25, BRITA 0 E 1, SLUMP = 100 +/- 20 MM, COM BOMBEAMENTO (DISPONIBILIZACAO DE BOMBA), SEM O LANCAMENTO (NBR 8953) - PRÉ-LAJE | F92: m³ | G92: =83.51+40.98+16.63+13.67+11.4+11.54+21.6+0.91 -> 200.24 | H92: =VLOOKUP($C92,SINAPI!$A$2:$L$1160,6,FALSE) -> 504.95 | I92: =IF(G92=0,"-",$I$7) -> 0.2444 | J92: =IFERROR(TRUNC(H92*(1+I92),2),"-") -> 628.35 | K92: =IFERROR(TRUNC(G92*J92,2),"-") -> 125820.8 | M92: =IFERROR(K92/$L$11,"-") -> 0.11695071
B93: 9.3 | C93: 103673 | D93: SINAPI | E93: LANÇAMENTO COM USO DE BOMBA, ADENSAMENTO E ACABAMENTO DE CONCRETO EM ESTRUTURAS. AF_02/2022 | F93: m³ | G93: =G92 -> 200.24 | H93: =VLOOKUP($C93,SINAPI!$A$2:$L$1160,6,FALSE) -> 57.21 | I93: =IF(G93=0,"-",$I$7) -> 0.2444 | J93: =IFERROR(TRUNC(H93*(1+I93),2),"-") -> 71.19 | K93: =IFERROR(TRUNC(G93*J93,2),"-") -> 14255.08 | M93: =IFERROR(K93/$L$11,"-") -> 0.013250128
B94: 9.4 | C94: 3108004 | D94: SICRO | E94: Fôrmas de compensado resinado 14 mm - uso geral - utilização de 2 vezes - confecção, instalação e retirada | F94: m² | G94: =2*((1.05*189.8)+(1.09*98.5)+(0.75*59.4)+(0.9*40.2)+(0.86*35.2)+(0.55*57.7)+(0.6*98.2)+(0.5*5))/2 -> 510.812 | H94: =VLOOKUP($C94,SICRO!$A$2:$L$1163,6,FALSE) -> 96.17 | I94: =IF(G94=0,"-",$I$7) -> 0.2444 | J94: =IFERROR(TRUNC(H94*(1+I94),2),"-") -> 119.67 | K94: =IFERROR(TRUNC(G94*J94,2),"-") -> 61128.87 | M94: =IFERROR(K94/$L$11,"-") -> 0.05681942
B95: 9.5 | C95: COM-011 | D95: COMPOSIÇÃO | E95: LIMPEZA E APICOAMENTO DA SUPERFICIE DE CONCRETO NO APOIO | F95: m² | G95: =0.4*(40.2+113.8+57.7+14.3+45.1+39.8+36.2+10+25.2+5+5.8+5.5+25.7+9.7+36+62.5+38.4+13.4) -> 233.72 | H95: =VLOOKUP($C95,COMPOSIÇÕES!$A$2:$L$1172,6,FALSE) -> 45.97 | I95: =IF(G95=0,"-",$I$7) -> 0.2444 | J95: =IFERROR(TRUNC(H95*(1+I95),2),"-") -> 57.2 | K95: =IFERROR(TRUNC(G95*J95,2),"-") -> 13368.78 | M95: =IFERROR(K95/$L$11,"-") -> 0.012426311
B96: 9.6 | C96: COM-006 | D96: COMPOSIÇÃO | E96: ='AUX COMPOSIÇÕES'!B74 -> FURAÇÃO PARA 10,0MM EM CONCRETO ARMADO, INCLUSIVE COLAGEM DE ARMADURA (PARA 8MM) - PROFUNDADE 13 CM | F96: un | G96: =594+402+352+577+982+50 -> 2957 | H96: =VLOOKUP($C96,COMPOSIÇÕES!$A$2:$L$1172,6,FALSE) -> 15.46 | I96: =IF(G96=0,"-",$I$7) -> 0.2444 | J96: =IFERROR(TRUNC(H96*(1+I96),2),"-") -> 19.23 | K96: =IFERROR(TRUNC(G96*J96,2),"-") -> 56863.11 | M96: =IFERROR(K96/$L$11,"-") -> 0.052854386
B97: 9.7 | C97: COM-007 | D97: COMPOSIÇÃO | E97: ='AUX COMPOSIÇÕES'!B86 -> FURAÇÃO PARA 10,0MM EM CONCRETO ARMADO, INCLUSIVE COLAGEM DE ARMADURA (PARA 8MM) - PROFUNDADE 15 CM | F97: un | G97: 985 | H97: =VLOOKUP($C97,COMPOSIÇÕES!$A$2:$L$1172,6,FALSE) -> 17.88 | I97: =IF(G97=0,"-",$I$7) -> 0.2444 | J97: =IFERROR(TRUNC(H97*(1+I97),2),"-") -> 22.24 | K97: =IFERROR(TRUNC(G97*J97,2),"-") -> 21906.4 | M97: =IFERROR(K97/$L$11,"-") -> 0.020362047
B98: 9.8 | C98: COM-008 | D98: COMPOSIÇÃO | E98: ='AUX COMPOSIÇÕES'!B98 -> FURAÇÃO PARA 10,0MM EM CONCRETO ARMADO, INCLUSIVE COLAGEM DE ARMADURA (PARA 8MM) - PROFUNDADE 18 CM | F98: un | G98: 1898 | H98: =VLOOKUP($C98,COMPOSIÇÕES!$A$2:$L$1172,6,FALSE) -> 21.5 | I98: =IF(G98=0,"-",$I$7) -> 0.2444 | J98: =IFERROR(TRUNC(H98*(1+I98),2),"-") -> 26.75 | K98: =IFERROR(TRUNC(G98*J98,2),"-") -> 50771.5 | M98: =IFERROR(K98/$L$11,"-") -> 0.047192222 | O98: =SUM(K96:K98)+5389.21 -> 134930.22
M99: =IFERROR(K99/$L$11,"-") -> 0
B100: ESTACA BARRETE - ADEQUAÇÃO DE ALTURA | L100: =SUM(K91:K99) -> 402395.42
B101: 10.0 | E101: URBANIZAÇÃO
B102: 10.1 | C102: COM-012 | D102: COMPOSIÇÃO | E102: PINTURA ACRÍLICA CONCRETO 2 DEMÃOS - BARRETE | F102: m² | G102: =600.81+868.05 -> 1468.86 | H102: =VLOOKUP($C102,COMPOSIÇÕES!$A$2:$L$1172,6,FALSE) -> 15.74 | I102: =IF(G102=0,"-",$I$7) -> 0.2444 | J102: =IFERROR(TRUNC(H102*(1+I102),2),"-") -> 19.58 | K102: =IFERROR(TRUNC(G102*J102,2),"-") -> 28760.27 | M102: =IFERROR(K102/$L$11,"-") -> 0.026732735
B103: 10.2 | C103: COM-013 | D103: COMPOSIÇÃO | E103: HIDROJATEAMENTO DE ALTA PRESSÃO PARA LIMPEZA DE SUPERFÍCIES - BARRETE | F103: m² | G103: =293.6+643.36 -> 936.96 | H103: =VLOOKUP($C103,COMPOSIÇÕES!$A$2:$L$1172,6,FALSE) -> 0.43 | I103: =IF(G103=0,"-",$I$7) -> 0.2444 | J103: =IFERROR(TRUNC(H103*(1+I103),2),"-") -> 0.53 | K103: =IFERROR(TRUNC(G103*J103,2),"-") -> 496.58 | M103: =IFERROR(K103/$L$11,"-") -> 0.00046157221
M104: =IFERROR(K104/$L$11,"-") -> 0
B105: URBANIZAÇÃO | L105: =SUM(K102:K104) -> 29256.85
...

Sheet CRONOGRAMA S.D.
B2: PREFEITURA MUNICIPAL DE CURITIBA
B3: SECRETARIA MUNICIPAL DE OBRAS PÚBLICAS
B4: DEPARTAMENTO DE PONTES E DRENAGEM
B6: CRONOGRAMA FÍSICO FINANCEIRO - SEM DESONERAÇÃO
B8: PROJETO: | C8: ='DADOS GERAIS'!C21 -> 5385 | P8: NÚMERO DO ORÇAMENTO | Q8: ='DADOS GERAIS'!C13 -> 0
B9: BAIRRO: | C9: ='DADOS GERAIS'!C11 -> PAROLIN
B10: LOCAL: | C10: ='DADOS GERAIS'!C12 -> Rua Vila Guaíra / altura das ruas Chanceler Lauro Müller e Antônio Parolin Júnior
B11: OBRA : | C11: ='DADOS GERAIS'!C22 -> PASSARELAS VILA GUAÍRA
B13: ITEM | C13: DISCRIMINAÇÃO DOS SERVIÇOS | D13: PRAZO | P13: TOTAL DE CADA | Q13: COEFICIENTE | R13: CONFERÊNCIA
D14: 30 DIAS | E14: 60 DIAS | F14: 90 DIAS | G14: 120 DIAS | H14: 150 DIAS | I14: 180 DIAS | J14: 210 DIAS | K14: 240 DIAS | L14: 270 DIAS | M14: 300 DIAS | N14: 330 DIAS | O14: 360 DIAS | P14: SERVIÇO (R$) | Q14: INF. %
B16: 1.0 | C16: ='ORÇAMENTO S.D.'!E13 -> ADMINISTRAÇÃO LOCAL DA OBRA | D16: =$P16*D17 -> 29226.885 | E16: =$P16*E17 -> 29226.885 | F16: =$P16*F17 -> 29226.885 | G16: =$P16*G17 -> 29226.885 | H16: =$P16*H17 -> 0 | I16: =$P16*I17 -> 0 | J16: =$P16*J17 -> 0 | K16: =$P16*K17 -> 0 | ... O16: =$P16*O17 -> 0 | P16: ='ORÇAMENTO S.D.'!L16 -> 116907.54 | R16: =SUM(D16:O16) -> 116907.54
D17: 0.25 | E17: 0.25 | F17: 0.25 | G17: 0.25 | H17: =H46 -> 0 | I17: =I46 -> 0 | J17: =J46 -> 0 | K17: =K46 -> 0 | L17: =L46 -> 0 | M17: =M46 -> 0 | N17: =N46 -> 0 | O17: =O46 -> 0 | Q17: =IFERROR(P16/$P$38,"-") -> 0.10971002 | R17: =SUM(D17:O17) -> 1
B18: 2.0 | C18: ='ORÇAMENTO S.D.'!E17 -> CANTEIRO DE OBRAS E SINALIZAÇÃO | D18: =$P18*D19 -> 7760.484 | E18: =$P18*E19 -> 5820.363 | F18: =$P18*F19 -> 5820.363 | G18: =$P18*G19 -> 0 | H18: =$P18*H19 -> 0 | I18: =$P18*I19 -> 0 | J18: =$P18*J19 -> 0 | K18: =$P18*K19 -> 0 | ... O18: =$P18*O19 -> 0 | P18: ='ORÇAMENTO S.D.'!L25 -> 19401.21 | R18: =SUM(D18:O18) -> 19401.21
D19: 0.4 | E19: 0.3 | F19: 0.3 | Q19: =IFERROR(P18/$P$38,"-") -> 0.018206757 | R19: =SUM(D19:O19) -> 1
B20: 3.0 | C20: ='ORÇAMENTO S.D.'!E26 -> MOBILIZAÇÃO E DESMOBILIZAÇÃO | D20: =$P20*D21 -> 4614.2 | E20: =$P20*E21 -> 0 | F20: =$P20*F21 -> 0 | G20: =$P20*G21 -> 4614.2 | H20: =$P20*H21 -> 0 | I20: =$P20*I21 -> 0 | J20: =$P20*J21 -> 0 | K20: =$P20*K21 -> 0 | ... O20: =$P20*O21 -> 0 | P20: ='ORÇAMENTO S.D.'!L32 -> 9228.4 | R20: =SUM(D20:O20) -> 9228.4
D21: 0.5 | E21: 0 | F21: 0 | G21: 0.5 | Q21: =IFERROR(P20/$P$38,"-") -> 0.0086602451 | R21: =SUM(D21:O21) -> 1
B22: 4.0 | C22: ='ORÇAMENTO S.D.'!E33 -> FUNDAÇÃO PARA INSTALAÇÃO DE OBRAS DE ARTE PARA PASSAGEM DE PEDESTRES | D22: =$P22*D23 -> 27404.94 | E22: =$P22*E23 -> 0 | F22: =$P22*F23 -> 0 | G22: =$P22*G23 -> 0 | H22: =$P22*H23 -> 0 | I22: =$P22*I23 -> 0 | J22: =$P22*J23 -> 0 | K22: =$P22*K23 -> 0 | ... O22: =$P22*O23 -> 0 | P22: ='ORÇAMENTO S.D.'!L45 -> 27404.94 | R22: =SUM(D22:O22) -> 27404.94
D23: 1 | E23: 0 | F23: 0 | Q23: =IFERROR(P22/$P$38,"-") -> 0.02571773 | R23: =SUM(D23:O23) -> 1
B24: 5.0 | C24: ='ORÇAMENTO S.D.'!E46 -> PILARES PRÉ-MOLDADO PARA PASSARELA DE PEDESTRES | D24: =$P24*D25 -> 10076.464 | E24: =$P24*E25 -> 2519.116 | F24: =$P24*F25 -> 0 | G24: =$P24*G25 -> 0 | H24: =$P24*H25 -> 0 | I24: =$P24*I25 -> 0 | J24: =$P24*J25 -> 0 | K24: =$P24*K25 -> 0 | ... O24: =$P24*O25 -> 0 | P24: ='ORÇAMENTO S.D.'!L54 -> 12595.58 | R24: =SUM(D24:O24) -> 12595.58
D25: 0.8 | E25: 0.2 | F25: 0 | Q25: =IFERROR(P24/$P$38,"-") -> 0.011820122 | R25: =SUM(D25:O25) -> 1
B26: 6.0 | C26: ='ORÇAMENTO S.D.'!E64 -> RAMPAS DE ACESSO ÀS PASSARELAS | D26: =$P26*D27 -> 0 | E26: =$P26*E27 -> 59577.1 | F26: =$P26*F27 -> 59577.1 | G26: =$P26*G27 -> 0 | H26: =$P26*H27 -> 0 | I26: =$P26*I27 -> 0 | J26: =$P26*J27 -> 0 | K26: =$P26*K27 -> 0 | ... O26: =$P26*O27 -> 0 | P26: ='ORÇAMENTO S.D.'!L83 -> 119154.2 | R26: =SUM(D26:O26) -> 119154.2
D27: 0 | E27: 0.5 | F27: 0.5 | Q27: =IFERROR(P26/$P$38,"-") -> 0.11181836 | R27: =SUM(D27:O27) -> 1
B28: 7.0 | C28: ='ORÇAMENTO S.D.'!E55 -> SUPERESTRUTURA PASSARELAS DE PEDESTRES | D28: =$P28*D29 -> 18375.945 | E28: =$P28*E29 -> 18375.945 | F28: =$P28*F29 -> 0 | G28: =$P28*G29 -> 0 | H28: =$P28*H29 -> 0 | I28: =$P28*I29 -> 0 | J28: =$P28*J29 -> 0 | K28: =$P28*K29 -> 0 | ... O28: =$P28*O29 -> 0 | P28: ='ORÇAMENTO S.D.'!L63 -> 36751.89 | R28: =SUM(D28:O28) -> 36751.89
D29: 0.5 | E29: 0.5 | F29: 0 | Q29: =IFERROR(P28/$P$38,"-") -> 0.034489226 | R29: =SUM(D29:O29) -> 1
B30: 8.0 | C30: ='ORÇAMENTO S.D.'!E84 -> GUARDA-CORPO PARA PASSARELA DE PEDESTRES - FORNECIMENTO E INSTALAÇÃO | D30: =$P30*D31 -> 138049 | E30: =$P30*E31 -> 0 | F30: =$P30*F31 -> 141063.42 | G30: =$P30*G31 -> 0 | P30: ='ORÇAMENTO S.D.'!L89 -> 279112.42 | R30: =SUM(D30:O30) -> 279112.42
D31: 0.4946 | E31: 0 | F31: 0.5054 | Q31: =IFERROR(P30/$P$38,"-") -> 0.26192861 | R31: =SUM(D31:O31) -> 1
B32: 9.0 | C32: ='ORÇAMENTO S.D.'!E90 -> ESTACA BARRETE - ADEQUAÇÃO DE ALTURA | D32: =$P32*D33 -> 140014.16 | E32: =$P32*E33 -> 140014.16 | F32: =$P32*F33 -> 120012.13 | G32: =$P32*G33 -> 0 | P32: ='ORÇAMENTO S.D.'!L100 -> 400040.45 | R32: =SUM(D32:O32) -> 400040.45
D33: 0.35 | E33: 0.35 | F33: 0.3 | Q33: =IFERROR(P32/$P$38,"-") -> 0.37541159 | R33: =SUM(D33:O33) -> 1
B34: 10.0 | C34: ='ORÇAMENTO S.D.'!E101 -> URBANIZAÇÃO | D34: =$P34*D35 -> 0 | E34: =$P34*E35 -> 0 | F34: =$P34*F35 -> 0 | G34: =$P34*G35 -> 29339.67 | H34: =$P34*H35 -> 0 | I34: =$P34*I35 -> 0 | J34: =$P34*J35 -> 0 | K34: =$P34*K35 -> 0 | ... O34: =$P34*O35 -> 0 | P34: ='ORÇAMENTO S.D.'!L105 -> 29339.67 | R34: =SUM(D34:O34) -> 29339.67
D35: 0 | E35: 0 | G35: 1 | Q35: =IFERROR(P34/$P$38,"-") -> 0.027533346 | R35: =SUM(D35:O35) -> 1
B36: 11.0 | C36: ILUMINAÇÃO PÚBLICA | D36: =$P36*D37 -> 0 | E36: =$P36*E37 -> 0 | F36: =$P36*F37 -> 0 | G36: =$P36*G37 -> 15668.64 | H36: =$P36*H37 -> 0 | I36: =$P36*I37 -> 0 | J36: =$P36*J37 -> 0 | K36: =$P36*K37 -> 0 | ... O36: =$P36*O37 -> 0 | P36: ='ORÇAMENTO S.D.'!L109 -> 15668.64
D37: 0 | E37: 0 | G37: 1 | Q37: =IFERROR(P36/$P$38,"-") -> 0.014703986
B38: TOTAL DA PARCELA (R$) | D38: =SUM(D16,D18,D20,D22,D24,D26,D28,D34,D30,D32,D36) -> 375522.08 | E38: =SUM(E16,E18,E20,E22,E24,E26,E28,E34,E30,E32,E36) -> 255533.57 | F38: =SUM(F16,F18,F20,F22,F24,F26,F28,F34,F30,F32,F36) -> 355699.9 | G38: =SUM(G16,G18,G20,G22,G24,G26,G28,G34,G30,G32,G36) -> 78849.395 | H38: =SUM(H16,H18,H20,H22,#REF!,H24) -> #REF! | I38: =SUM(I16,I18,I20,I22,#REF!,I24) -> #REF! | J38: =SUM(J16,J18,J20,J22,#REF!,J24) -> #REF! | K38: =SUM(K16,K18,K20,K22,#REF!,K24) -> #REF! | L38: =SUM(L16,L18,L20,L22,#REF!,L24) -> #REF! | M38: =SUM(M16,M18,M20,M22,#REF!,M24) -> #REF! | N38: =SUM(N16,N18,N20,N22,#REF!,N24) -> #REF! | O38: =SUM(O16,O18,O20,O22,#REF!,O24) -> #REF! | P38: =SUM(P15:P37) -> 1065604.9 | Q38: =SUM(Q15:Q37) -> 1
B39: COEFICIENTE DE INF. PARCELADO % | D39: =IFERROR(D38/$P$38,"-") -> 0.35240272 | E39: =IFERROR(E38/$P$38,"-") -> 0.23980141 | F39: =IFERROR(F38/$P$38,"-") -> 0.33380091 | G39: =IFERROR(G38/$P$38,"-") -> 0.07399496 | H39: =IFERROR(H38/$P$38,"-") -> - | I39: =IFERROR(I38/$P$38,"-") -> - | J39: =IFERROR(J38/$P$38,"-") -> - | K39: =IFERROR(K38/$P$38,"-") -> - | ... O39: =IFERROR(O38/$P$38,"-") -> -
B40: TOTAL ACUMULADO (R$) | D40: =D38 -> 375522.08 | E40: =SUM(D40,E38) -> 631055.64 | F40: =SUM(E40,F38) -> 986755.54 | G40: =SUM(F40,G38) -> 1065604.9 | H40: =SUM(G40,H38) -> #REF! | I40: =SUM(H40,I38) -> #REF! | J40: =SUM(I40,J38) -> #REF! | K40: =SUM(J40,K38) -> #REF! | L40: =SUM(K40,L38) -> #REF! | ... O40: =SUM(N40,O38) -> #REF!
B41: COEFICIENTE DE INF. ACUMULADO % | D41: =D39 -> 0.35240272 | E41: =SUM(D41,E39) -> 0.59220413 | F41: =SUM(E41,F39) -> 0.92600504 | G41: =SUM(F41,G39) -> 1 | H41: =SUM(G41,H39) -> 1 | I41: =SUM(H41,I39) -> 1 | J41: =SUM(I41,J39) -> 1 | K41: =SUM(J41,K39) -> 1 | L41: =SUM(K41,L39) -> 1 | ... O41: =SUM(N41,O39) -> 1
B42: OBS:
B44: CÁLCULO ADMINISTRAÇÃO LOCAL
B45: VALOR TOTAL DAS MEDIÇÕES SEM ADM LOCAL | D45: =+D16 -> 29226.885 | E45: =+E16 -> 29226.885 | F45: =+F16 -> 29226.885 | G45: =G16 -> 29226.885 | H45: =SUM(H18,H20,H22,#REF!,H24) -> #REF! | I45: =SUM(I18,I20,I22,#REF!,I24) -> #REF! | J45: =SUM(J18,J20,J22,#REF!,J24) -> #REF! | K45: =SUM(K18,K20,K22,#REF!,K24) -> #REF! | L45: =SUM(L18,L20,L22,#REF!,L24) -> #REF! | M45: =SUM(M18,M20,M22,#REF!,M24) -> #REF! | N45: =SUM(N18,N20,N22,#REF!,N24) -> #REF! | O45: =SUM(O18,O20,O22,#REF!,O24) -> #REF! | P45: =+D45+E45+F45+G45 -> 116907.54
B46: PORCENTAGEM MENSAL PARA ADM LOCAL | D46: =IFERROR(D45/$P$45,0) -> 0.25 | E46: =IFERROR(E45/$P$45,0) -> 0.25 | F46: =IFERROR(F45/$P$45,0) -> 0.25 | G46: =IFERROR(G45/$P$45,0) -> 0.25 | H46: =IFERROR(H45/$P$45,0) -> 0 | I46: =IFERROR(I45/$P$45,0) -> 0 | J46: =IFERROR(J45/$P$45,0) -> 0 | K46: =IFERROR(K45/$P$45,0) -> 0 | ... O46: =IFERROR(O45/$P$45,0) -> 0
G119: UD - SD | I119: UD - CD
A149: CMP-17 | B149: Lançamento de rede aérea com cabo autosustentável, incluindo conexões.
C151: Eletricista | D151: h
C152: Ajudante de Eletricista | D152: h
C153: Arruela quadrada | D153: ud | E153: 12
C154: Cabo de alumínio autosustentável triplex 16mm² | D154: m | E154: 12
C155: Cabo de cobre flexível tipo PP, isolamento 0,6/1kV com bitola de 3x1,5mm². | D155: m | E155: 5
C156: Conector de torção para conexão de cabos com soma na faixa de 1,5mm² a 6mm² (alaranjado) | D156: un | E156: 6
C157: Conector derivação cunha assimétrico tipo “C” | D157: un | E157: 3
C158: Conector perfurante 70x10 (principal até 70mm², derivação até 10mm²). | D158: un | E158: 6
C159: Isolador de roldana com armação vertical | D159: un | E159: 2
C160: Lançamento de rede aérea com cabo autosustentável, incluindo conexões. | D160: m | E160: 12
A164: CMP-18 | B164: Implantação de poste de concreto Duplo-T D/200daN 9m - Fornecimento e instalação
A166: ORSE | B166: 1858 | C166: Poste de concreto Duplo-T D/200daN 9m | D166: un | E166: 1 | F166: 946.24 | H166: 946.24
A167: SINAPI | B167: 100600 | C167: ASSENTAMENTO DE POSTE DE CONCRETO COM COMPRIMENTO NOMINAL DE 9 M, CARGA NOMINAL DE 300 DAN, ENGASTAMENTO BASE CONCRETADA COM 1 M DE CONCRETO E 0,5 M DE SOLO (NÃO INCLUI FORNECIMENTO). AF_04/2025 | D167: un | E167: 1 | F167: 758.37 | H167: 737.13
G169: =SUM(G166:G168) -> 0 | I169: =SUM(I166:I168) -> 0
A172: CMP-19 | B172: Instalação de luminária até 8m de altura em poste de concreto, incluindo fixação do braço metálico, ligações elétricas e instalação de plaqueta de identificação.
C174: Luminária LED padrão viária com potência máxima de 30W, eficiência mínima de 150 lm/W, e demais especificações conforme memorial descritivo. | D174: un | E174: 2
C175: Parafuso rosca dupla 350mm | D175: un | E175: 6
C176: Plaqueta de identificação de luminárias, conforme especificações do memorial descritivo. | D176: un | E176: 2
C177: Relé foto controlador eletrônico, Liga de Noite (LN), Falha Desligado (FD / fail off), grau de proteção IP 65, conforme ABNT NBR 5123. | D177: un | E177: 2
C178: Eletricista | D178: h
C179: Ajudante de Eletricista | D179: h

Sheet CRONOGRAMA C.D.
B2: PREFEITURA MUNICIPAL DE CURITIBA
B3: SECRETARIA MUNICIPAL DE OBRAS PÚBLICAS
B4: DEPARTAMENTO DE PONTES E DRENAGEM
B6: CRONOGRAMA FÍSICO FINANCEIRO - COM DESONERAÇÃO
B8: PROJETO: | C8: ='DADOS GERAIS'!C21 -> 5385 | P8: NÚMERO DO ORÇAMENTO | Q8: ='DADOS GERAIS'!C13 -> 0
B9: BAIRRO: | C9: ='DADOS GERAIS'!C11 -> PAROLIN
B10: LOCAL: | C10: ='DADOS GERAIS'!C12 -> Rua Vila Guaíra / altura das ruas Chanceler Lauro Müller e Antônio Parolin Júnior
B11: OBRA : | C11: ='DADOS GERAIS'!C22 -> PASSARELAS VILA GUAÍRA
B13: ITEM | C13: DISCRIMINAÇÃO DOS SERVIÇOS | D13: PRAZO | P13: TOTAL DE CADA | Q13: COEFICIENTE | R13: CONFERÊNCIA
D14: 30 DIAS | E14: 60 DIAS | F14: 90 DIAS | G14: 120 DIAS | H14: 150 DIAS | I14: 180 DIAS | J14: 210 DIAS | K14: 240 DIAS | L14: 270 DIAS | M14: 300 DIAS | N14: 330 DIAS | O14: 360 DIAS | P14: SERVIÇO (R$) | Q14: INF. %
B16: 1.0 | C16: ='ORÇAMENTO S.D.'!E13 -> ADMINISTRAÇÃO LOCAL DA OBRA | D16: =$P16*D17 -> 28242.667 | E16: =$P16*E17 -> 28242.667 | F16: =$P16*F17 -> 28242.667 | G16: =$P16*G17 -> 28242.667 | H16: =$P16*H17 -> 0 | I16: =$P16*I17 -> 0 | J16: =$P16*J17 -> 0 | K16: =$P16*K17 -> 0 | ... O16: =$P16*O17 -> 0 | P16: ='ORÇAMENTO C.D.'!L16 -> 112970.67 | R16: =SUM(D16:O16) -> 112970.67
D17: 0.25 | E17: 0.25 | F17: 0.25 | G17: 0.25 | H17: =H46 -> 0 | I17: =I46 -> 0 | J17: =J46 -> 0 | K17: =K46 -> 0 | L17: =L46 -> 0 | M17: =M46 -> 0 | N17: =N46 -> 0 | O17: =O46 -> 0 | Q17: =IFERROR(P16/$P$38,"-") -> 0.10500649 | R17: =SUM(D17:O17) -> 1
B18: 2.0 | C18: ='ORÇAMENTO S.D.'!E17 -> CANTEIRO DE OBRAS E SINALIZAÇÃO | D18: =$P18*D19 -> 7943.052 | E18: =$P18*E19 -> 5957.289 | F18: =$P18*F19 -> 5957.289 | G18: =$P18*G19 -> 0 | H18: =$P18*H19 -> 0 | I18: =$P18*I19 -> 0 | J18: =$P18*J19 -> 0 | K18: =$P18*K19 -> 0 | ... O18: =$P18*O19 -> 0 | P18: ='ORÇAMENTO C.D.'!L25 -> 19857.63 | R18: =SUM(D18:O18) -> 19857.63
D19: 0.4 | E19: 0.3 | F19: 0.3 | Q19: =IFERROR(P18/$P$38,"-") -> 0.018457711 | R19: =SUM(D19:O19) -> 1
B20: 3.0 | C20: ='ORÇAMENTO S.D.'!E26 -> MOBILIZAÇÃO E DESMOBILIZAÇÃO | D20: =$P20*D21 -> 4724.08 | E20: =$P20*E21 -> 0 | F20: =$P20*F21 -> 0 | G20: =$P20*G21 -> 4724.08 | H20: =$P20*H21 -> 0 | I20: =$P20*I21 -> 0 | J20: =$P20*J21 -> 0 | K20: =$P20*K21 -> 0 | ... O20: =$P20*O21 -> 0 | P20: ='ORÇAMENTO C.D.'!L32 -> 9448.16 | R20: =SUM(D20:O20) -> 9448.16
D21: 0.5 | E21: 0 | F21: 0 | G21: 0.5 | Q21: =IFERROR(P20/$P$38,"-") -> 0.0087820856 | R21: =SUM(D21:O21) -> 1
B22: 4.0 | C22: ='ORÇAMENTO S.D.'!E33 -> FUNDAÇÃO PARA INSTALAÇÃO DE OBRAS DE ARTE PARA PASSAGEM DE PEDESTRES | D22: =$P22*D23 -> 27784.37 | E22: =$P22*E23 -> 0 | F22: =$P22*F23 -> 0 | G22: =$P22*G23 -> 0 | H22: =$P22*H23 -> 0 | I22: =$P22*I23 -> 0 | J22: =$P22*J23 -> 0 | K22: =$P22*K23 -> 0 | ... O22: =$P22*O23 -> 0 | P22: ='ORÇAMENTO C.D.'!L45 -> 27784.37 | R22: =SUM(D22:O22) -> 27784.37
D23: 1 | E23: 0 | F23: 0 | Q23: =IFERROR(P22/$P$38,"-") -> 0.025825633 | R23: =SUM(D23:O23) -> 1
B24: 5.0 | C24: ='ORÇAMENTO S.D.'!E46 -> PILARES PRÉ-MOLDADO PARA PASSARELA DE PEDESTRES | D24: =$P24*D25 -> 10125.16 | E24: =$P24*E25 -> 2531.29 | F24: =$P24*F25 -> 0 | G24: =$P24*G25 -> 0 | H24: =$P24*H25 -> 0 | I24: =$P24*I25 -> 0 | J24: =$P24*J25 -> 0 | K24: =$P24*K25 -> 0 | ... O24: =$P24*O25 -> 0 | P24: ='ORÇAMENTO C.D.'!L54 -> 12656.45 | R24: =SUM(D24:O24) -> 12656.45
D25: 0.8 | E25: 0.2 | F25: 0 | Q25: =IFERROR(P24/$P$38,"-") -> 0.011764198 | R25: =SUM(D25:O25) -> 1
B26: 6.0 | C26: ='ORÇAMENTO S.D.'!E64 -> RAMPAS DE ACESSO ÀS PASSARELAS | D26: =$P26*D27 -> 0 | E26: =$P26*E27 -> 59805.405 | F26: =$P26*F27 -> 59805.405 | G26: =$P26*G27 -> 0 | H26: =$P26*H27 -> 0 | I26: =$P26*I27 -> 0 | J26: =$P26*J27 -> 0 | K26: =$P26*K27 -> 0 | ... O26: =$P26*O27 -> 0 | P26: ='ORÇAMENTO C.D.'!L83 -> 119610.81 | R26: =SUM(D26:O26) -> 119610.81
D27: 0 | E27: 0.5 | F27: 0.5 | Q27: =IFERROR(P26/$P$38,"-") -> 0.11117851 | R27: =SUM(D27:O27) -> 1
B28: 7.0 | C28: ='ORÇAMENTO S.D.'!E55 -> SUPERESTRUTURA PASSARELAS DE PEDESTRES | D28: =$P28*D29 -> 18856.885 | E28: =$P28*E29 -> 18856.885 | F28: =$P28*F29 -> 0 | G28: =$P28*G29 -> 0 | H28: =$P28*H29 -> 0 | I28: =$P28*I29 -> 0 | J28: =$P28*J29 -> 0 | K28: =$P28*K29 -> 0 | ... O28: =$P28*O29 -> 0 | P28: ='ORÇAMENTO C.D.'!L63 -> 37713.77 | R28: =SUM(D28:O28) -> 37713.77
D29: 0.5 | E29: 0.5 | F29: 0 | Q29: =IFERROR(P28/$P$38,"-") -> 0.035055033 | R29: =SUM(D29:O29) -> 1
B30: 8.0 | C30: ='ORÇAMENTO S.D.'!E84 -> GUARDA-CORPO PARA PASSARELA DE PEDESTRES - FORNECIMENTO E INSTALAÇÃO | D30: =$P30*D31 -> 142486.86 | E30: =$P30*E31 -> 0 | F30: =$P30*F31 -> 145598.18 | G30: =$P30*G31 -> 0 | P30: ='ORÇAMENTO C.D.'!L89 -> 288085.04 | R30: =SUM(D30:O30) -> 288085.04
D31: 0.4946 | E31: 0 | F31: 0.5054 | Q31: =IFERROR(P30/$P$38,"-") -> 0.26777568 | R31: =SUM(D31:O31) -> 1
B32: 9.0 | C32: ='ORÇAMENTO S.D.'!E90 -> ESTACA BARRETE - ADEQUAÇÃO DE ALTURA | D32: =$P32*D33 -> 140838.4 | E32: =$P32*E33 -> 140838.4 | F32: =$P32*F33 -> 120718.63 | G32: =$P32*G33 -> 0 | P32: ='ORÇAMENTO C.D.'!L100 -> 402395.42 | R32: =SUM(D32:O32) -> 402395.42
D33: 0.35 | E33: 0.35 | F33: 0.3 | Q33: =IFERROR(P32/$P$38,"-") -> 0.37402743 | R33: =SUM(D33:O33) -> 1
B34: 10.0 | C34: ='ORÇAMENTO S.D.'!E101 -> URBANIZAÇÃO | D34: =$P34*D35 -> 0 | E34: =$P34*E35 -> 0 | F34: =$P34*F35 -> 0 | G34: =$P34*G35 -> 29256.85 | H34: =$P34*H35 -> 0 | I34: =$P34*I35 -> 0 | J34: =$P34*J35 -> 0 | K34: =$P34*K35 -> 0 | ... O34: =$P34*O35 -> 0 | P34: ='ORÇAMENTO C.D.'!L105 -> 29256.85 | R34: =SUM(D34:O34) -> 29256.85
D35: 0 | E35: 0 | G35: 1 | Q35: =IFERROR(P34/$P$38,"-") -> 0.027194307 | R35: =SUM(D35:O35) -> 1
B36: 11.0 | C36: ILUMINAÇÃO PÚBLICA | D36: =$P36*D37 -> 0 | E36: =$P36*E37 -> 0 | F36: =$P36*F37 -> 0 | G36: =$P36*G37 -> 16065.5 | H36: =$P36*H37 -> 0 | I36: =$P36*I37 -> 0 | J36: =$P36*J37 -> 0 | K36: =$P36*K37 -> 0 | ... O36: =$P36*O37 -> 0 | P36: ='ORÇAMENTO C.D.'!L109 -> 16065.5
D37: 0 | E37: 0 | G37: 1 | Q37: =IFERROR(P36/$P$38,"-") -> 0.014932918
B38: TOTAL DA PARCELA (R$) | D38: =SUM(D16,D18,D20,D22,D24,D26,D28,D34,D30,D32,D36) -> 381001.47 | E38: =SUM(E16,E18,E20,E22,E24,E26,E28,E34,E30,E32,E36) -> 256231.93 | F38: =SUM(F16,F18,F20,F22,F24,F26,F28,F34,F30,F32,F36) -> 360322.17 | G38: =SUM(G16,G18,G20,G22,G24,G26,G28,G34,G30,G32,G36) -> 78289.098 | H38: =SUM(H16,H18,H20,H22,#REF!,H24) -> #REF! | I38: =SUM(I16,I18,I20,I22,#REF!,I24) -> #REF! | J38: =SUM(J16,J18,J20,J22,#REF!,J24) -> #REF! | K38: =SUM(K16,K18,K20,K22,#REF!,K24) -> #REF! | L38: =SUM(L16,L18,L20,L22,#REF!,L24) -> #REF! | M38: =SUM(M16,M18,M20,M22,#REF!,M24) -> #REF! | N38: =SUM(N16,N18,N20,N22,#REF!,N24) -> #REF! | O38: =SUM(O16,O18,O20,O22,#REF!,O24) -> #REF! | P38: =SUM(P15:P37) -> 1075844.7 | Q38: =SUM(Q15:Q37) -> 1
B39: COEFICIENTE DE INF. PARCELADO % | D39: =IFERROR(D38/$P$38,"-") -> 0.35414171 | E39: =IFERROR(E38/$P$38,"-") -> 0.23816815 | F39: =IFERROR(F38/$P$38,"-") -> 0.33492025 | G39: =IFERROR(G38/$P$38,"-") -> 0.072769889 | H39: =IFERROR(H38/$P$38,"-") -> - | I39: =IFERROR(I38/$P$38,"-") -> - | J39: =IFERROR(J38/$P$38,"-") -> - | K39: =IFERROR(K38/$P$38,"-") -> - | ... O39: =IFERROR(O38/$P$38,"-") -> -
B40: TOTAL ACUMULADO (R$) | D40: =D38 -> 381001.47 | E40: =SUM(D40,E38) -> 637233.41 | F40: =SUM(E40,F38) -> 997555.57 | G40: =SUM(F40,G38) -> 1075844.7 | H40: =SUM(G40,H38) -> #REF! | I40: =SUM(H40,I38) -> #REF! | J40: =SUM(I40,J38) -> #REF! | K40: =SUM(J40,K38) -> #REF! | L40: =SUM(K40,L38) -> #REF! | ... O40: =SUM(N40,O38) -> #REF!
B41: COEFICIENTE DE INF. ACUMULADO % | D41: =D39 -> 0.35414171 | E41: =SUM(D41,E39) -> 0.59230986 | F41: =SUM(E41,F39) -> 0.92723011 | G41: =SUM(F41,G39) -> 1 | H41: =SUM(G41,H39) -> 1 | I41: =SUM(H41,I39) -> 1 | J41: =SUM(I41,J39) -> 1 | K41: =SUM(J41,K39) -> 1 | L41: =SUM(K41,L39) -> 1 | ... O41: =SUM(N41,O39) -> 1
B42: OBS:
B44: CÁLCULO ADMINISTRAÇÃO LOCAL
B45: VALOR TOTAL DAS MEDIÇÕES SEM ADM LOCAL | D45: =+D16 -> 28242.667 | E45: =+E16 -> 28242.667 | F45: =+F16 -> 28242.667 | G45: =G16 -> 28242.667 | H45: =SUM(H18,H20,H22,#REF!,H24) -> #REF! | I45: =SUM(I18,I20,I22,#REF!,I24) -> #REF! | J45: =SUM(J18,J20,J22,#REF!,J24) -> #REF! | K45: =SUM(K18,K20,K22,#REF!,K24) -> #REF! | L45: =SUM(L18,L20,L22,#REF!,L24) -> #REF! | M45: =SUM(M18,M20,M22,#REF!,M24) -> #REF! | N45: =SUM(N18,N20,N22,#REF!,N24) -> #REF! | O45: =SUM(O18,O20,O22,#REF!,O24) -> #REF! | P45: =+D45+E45+F45+G45 -> 112970.67
B46: PORCENTAGEM MENSAL PARA ADM LOCAL | D46: =IFERROR(D45/$P$45,0) -> 0.25 | E46: =IFERROR(E45/$P$45,0) -> 0.25 | F46: =IFERROR(F45/$P$45,0) -> 0.25 | G46: =IFERROR(G45/$P$45,0) -> 0.25 | H46: =IFERROR(H45/$P$45,0) -> 0 | I46: =IFERROR(I45/$P$45,0) -> 0 | J46: =IFERROR(J45/$P$45,0) -> 0 | K46: =IFERROR(K45/$P$45,0) -> 0 | ... O46: =IFERROR(O45/$P$45,0) -> 0
G119: UD - SD | I119: UD - CD
A149: CMP-17 | B149: Lançamento de rede aérea com cabo autosustentável, incluindo conexões.
C151: Eletricista | D151: h
C152: Ajudante de Eletricista | D152: h
C153: Arruela quadrada | D153: ud | E153: 12
C154: Cabo de alumínio autosustentável triplex 16mm² | D154: m | E154: 12
C155: Cabo de cobre flexível tipo PP, isolamento 0,6/1kV com bitola de 3x1,5mm². | D155: m | E155: 5
C156: Conector de torção para conexão de cabos com soma na faixa de 1,5mm² a 6mm² (alaranjado) | D156: un | E156: 6
C157: Conector derivação cunha assimétrico tipo “C” | D157: un | E157: 3
C158: Conector perfurante 70x10 (principal até 70mm², derivação até 10mm²). | D158: un | E158: 6
C159: Isolador de roldana com armação vertical | D159: un | E159: 2
C160: Lançamento de rede aérea com cabo autosustentável, incluindo conexões. | D160: m | E160: 12
A164: CMP-18 | B164: Implantação de poste de concreto Duplo-T D/200daN 9m - Fornecimento e instalação
A166: ORSE | B166: 1858 | C166: Poste de concreto Duplo-T D/200daN 9m | D166: un | E166: 1 | F166: 946.24 | H166: 946.24
A167: SINAPI | B167: 100600 | C167: ASSENTAMENTO DE POSTE DE CONCRETO COM COMPRIMENTO NOMINAL DE 9 M, CARGA NOMINAL DE 300 DAN, ENGASTAMENTO BASE CONCRETADA COM 1 M DE CONCRETO E 0,5 M DE SOLO (NÃO INCLUI FORNECIMENTO). AF_04/2025 | D167: un | E167: 1 | F167: 758.37 | H167: 737.13
G169: =SUM(G166:G168) -> 0 | I169: =SUM(I166:I168) -> 0
A172: CMP-19 | B172: Instalação de luminária até 8m de altura em poste de concreto, incluindo fixação do braço metálico, ligações elétricas e instalação de plaqueta de identificação.
C174: Luminária LED padrão viária com potência máxima de 30W, eficiência mínima de 150 lm/W, e demais especificações conforme memorial descritivo. | D174: un | E174: 2
C175: Parafuso rosca dupla 350mm | D175: un | E175: 6
C176: Plaqueta de identificação de luminárias, conforme especificações do memorial descritivo. | D176: un | E176: 2
C177: Relé foto controlador eletrônico, Liga de Noite (LN), Falha Desligado (FD / fail off), grau de proteção IP 65, conforme ABNT NBR 5123. | D177: un | E177: 2
C178: Eletricista | D178: h
C179: Ajudante de Eletricista | D179: h

Sheet COMPOSIÇÕES
A1: COMPOSIÇÕES
A2: Referência: SINAPI JUNHO/2026 // SICRO ABRIL/2026 // SANEPAR JULHO/2026 // COPEL JULHO/2026 // SIURB INFRA JANEIRO/2026 // SIURB JANEIRO/2026 // SUDECAP ABRIL/2026 // FDE ABRIL/2026 // SCO JUNHO/2026 // AGETOP CIVIL 04/2026 // OUTROS JUNHO/2026
A4: CÓD | B4: REF | C4: DESCRIÇÃO | D4: UNID. | E4: VALOR UNIT. SD | F4: VALOR UNIT. CD
A5: ALO-001 | B5: COMPOSIÇÃO | C5: ADMINISTRAÇÃO LOCAL DA OBRA | D5: =VLOOKUP($A5,'AUX COMPOSIÇÕES'!$A$3:$L$1130,4,FALSE) -> % | E5: =VLOOKUP($A5,'AUX COMPOSIÇÕES'!$A$3:$L$1130,7,FALSE) -> 96657.75 | F5: =VLOOKUP($A5,'AUX COMPOSIÇÕES'!$A$3:$L$1130,9,FALSE) -> 90783.25
A6: ALO-002 | B6: COMPOSIÇÃO | C6: VIGIA | D6: =VLOOKUP($A6,'AUX COMPOSIÇÕES'!$A$3:$L$1130,4,FALSE) -> % | E6: =VLOOKUP($A6,'AUX COMPOSIÇÕES'!$A$3:$L$1130,7,FALSE) -> 6730.13 | F6: =VLOOKUP($A6,'AUX COMPOSIÇÕES'!$A$3:$L$1130,9,FALSE) -> 6327.57
A7: COM-001 | B7: COMPOSIÇÃO | C7: CONSUMO DE ÁGUA E ESGOTO | D7: =VLOOKUP($A7,'AUX COMPOSIÇÕES'!$A$3:$L$1130,4,FALSE) -> mês | E7: =VLOOKUP($A7,'AUX COMPOSIÇÕES'!$A$3:$L$1130,7,FALSE) -> 797.91 | F7: =VLOOKUP($A7,'AUX COMPOSIÇÕES'!$A$3:$L$1130,9,FALSE) -> 797.91
A8: COM-002 | B8: COMPOSIÇÃO | C8: CONSUMO DE ENERGIA | D8: =VLOOKUP($A8,'AUX COMPOSIÇÕES'!$A$3:$L$1130,4,FALSE) -> mês | E8: =VLOOKUP($A8,'AUX COMPOSIÇÕES'!$A$3:$L$1130,7,FALSE) -> 384.01 | F8: =VLOOKUP($A8,'AUX COMPOSIÇÕES'!$A$3:$L$1130,9,FALSE) -> 384.01
A9: COM-003 | B9: COMPOSIÇÃO | C9: FORMA PARA CONCRETO PRÉ-MOLDADO, INCLUSIVE DESFORMA | D9: =VLOOKUP($A9,'AUX COMPOSIÇÕES'!$A$3:$L$1130,4,FALSE) -> m² | E9: =VLOOKUP($A9,'AUX COMPOSIÇÕES'!$A$3:$L$1130,7,FALSE) -> 64.55 | F9: =VLOOKUP($A9,'AUX COMPOSIÇÕES'!$A$3:$L$1130,9,FALSE) -> 62.5
A10: COM-004 | B10: COMPOSIÇÃO | C10: ALVENARIA DE BLOCOS DE CONCRETO ESTRUTURAL 19X19X29 CM (ESPESSURA 19 CM), FBK = 4,5 MPA, UTILIZANDO PALHETA | D10: =VLOOKUP($A10,'AUX COMPOSIÇÕES'!$A$3:$L$1130,4,FALSE) -> m² | E10: =VLOOKUP($A10,'AUX COMPOSIÇÕES'!$A$3:$L$1130,7,FALSE) -> 145.77 | F10: =VLOOKUP($A10,'AUX COMPOSIÇÕES'!$A$3:$L$1130,9,FALSE) -> 142.82
A11: COM-005 | B11: COMPOSIÇÃO | C11: MONTAGEM DE PILARES PRÉ-FABRICADOS, INCLUSO IÇAMENTO COM GUINDASTE | D11: =VLOOKUP($A11,'AUX COMPOSIÇÕES'!$A$3:$L$1130,4,FALSE) -> un | E11: =VLOOKUP($A11,'AUX COMPOSIÇÕES'!$A$3:$L$1130,7,FALSE) -> 513.54 | F11: =VLOOKUP($A11,'AUX COMPOSIÇÕES'!$A$3:$L$1130,9,FALSE) -> 497.3
A12: COM-006 | B12: COMPOSIÇÃO | C12: FURAÇÃO PARA 10,0MM EM CONCRETO ARMADO, INCLUSIVE COLAGEM DE ARMADURA (PARA 8MM) - PROFUNDADE 13 CM | D12: =VLOOKUP($A12,'AUX COMPOSIÇÕES'!$A$3:$L$1130,4,FALSE) -> un | E12: =VLOOKUP($A12,'AUX COMPOSIÇÕES'!$A$3:$L$1130,7,FALSE) -> 15.98 | F12: =VLOOKUP($A12,'AUX COMPOSIÇÕES'!$A$3:$L$1130,9,FALSE) -> 15.46
A13: COM-007 | B13: COMPOSIÇÃO | C13: FURAÇÃO PARA 10,0MM EM CONCRETO ARMADO, INCLUSIVE COLAGEM DE ARMADURA (PARA 8MM) - PROFUNDADE 15 CM | D13: =VLOOKUP($A13,'AUX COMPOSIÇÕES'!$A$3:$L$1130,4,FALSE) -> un | E13: =VLOOKUP($A13,'AUX COMPOSIÇÕES'!$A$3:$L$1130,7,FALSE) -> 18.49 | F13: =VLOOKUP($A13,'AUX COMPOSIÇÕES'!$A$3:$L$1130,9,FALSE) -> 17.88
A14: COM-008 | B14: COMPOSIÇÃO | C14: FURAÇÃO PARA 10,0MM EM CONCRETO ARMADO, INCLUSIVE COLAGEM DE ARMADURA (PARA 8MM) - PROFUNDADE 18 CM | D14: =VLOOKUP($A14,'AUX COMPOSIÇÕES'!$A$3:$L$1130,4,FALSE) -> un | E14: =VLOOKUP($A14,'AUX COMPOSIÇÕES'!$A$3:$L$1130,7,FALSE) -> 22.24 | F14: =VLOOKUP($A14,'AUX COMPOSIÇÕES'!$A$3:$L$1130,9,FALSE) -> 21.5
A15: COM-009 | B15: COMPOSIÇÃO | C15: ESTACA ESCAVADA COM TRADO MANUAL, D=25CM, INCLUSIVE CONCRETO EXCLUSIVE ARMAÇÃO | D15: =VLOOKUP($A15,'AUX COMPOSIÇÕES'!$A$3:$L$1130,4,FALSE) -> M | E15: =VLOOKUP($A15,'AUX COMPOSIÇÕES'!$A$3:$L$1130,7,FALSE) -> 100.88 | F15: =VLOOKUP($A15,'AUX COMPOSIÇÕES'!$A$3:$L$1130,9,FALSE) -> 97.02
A16: COM-010 | B16: COMPOSIÇÃO | C16: REBOCO ARGAMASSA PREFABRICADA EM PAREDES - FACHADA DAS RAMPAS | D16: =VLOOKUP($A16,'AUX COMPOSIÇÕES'!$A$3:$L$1130,4,FALSE) -> m³ | E16: =VLOOKUP($A16,'AUX COMPOSIÇÕES'!$A$3:$L$1130,7,FALSE) -> 24.07 | F16: =VLOOKUP($A16,'AUX COMPOSIÇÕES'!$A$3:$L$1130,9,FALSE) -> 22.92
... A24: COM-018 | B24: COMPOSIÇÃO | C24: ILUMINAÇÃO PÚBLICA DAS PASSARELAS - FORNECIMENTO E INSTALAÇÃO | D24: =VLOOKUP($A24,'AUX COMPOSIÇÕES'!$A$3:$L$1130,4,FALSE) -> un | E24: =VLOOKUP($A24,'AUX COMPOSIÇÕES'!$A$3:$L$1130,7,FALSE) -> 12954.65 | F24: =VLOOKUP($A24,'AUX COMPOSIÇÕES'!$A$3:$L$1130,9,FALSE) -> 12910.24
A25: MOB-001 | B25: COMPOSIÇÃO | C25: MOBILIZAÇÃO/DESMOBILIZAÇÃO DE EQUIPAMENTO - RETRO-ESCAVADEIRA | D25: =VLOOKUP($A25,MOBILIZAÇÃO!$A$2:$M$1163,4,FALSE) -> Serviço | E25: =VLOOKUP($A25,MOBILIZAÇÃO!$A$2:$M$1163,13,FALSE) -> 986.7598 | F25: =VLOOKUP($A25,MOBILIZAÇÃO!$A$2:$O$1163,14,FALSE) -> 982.0876
A26: MOB-002 | B26: COMPOSIÇÃO | C26: MOBILIZACAO/DESMOBILIZAÇÃO DE EQUIPAMENTO - ESTACAS PRE-MOLDADAS - BATE-ESTACAS | D26: =VLOOKUP($A26,MOBILIZAÇÃO!$A$2:$M$1163,4,FALSE) -> Serviço | E26: =VLOOKUP($A26,MOBILIZAÇÃO!$A$2:$M$1163,13,FALSE) -> 986.7598 | F26: =VLOOKUP($A26,MOBILIZAÇÃO!$A$2:$O$1163,14,FALSE) -> 982.0876
A27: MOB-003 | B27: COMPOSIÇÃO | C27: MOBILIZAÇÃO/DESMOBILIZAÇÃO DE EQUIPAMENTO - GUINDASTE HIDRÁULICO AUTOPROPELIDO | D27: =VLOOKUP($A27,MOBILIZAÇÃO!$A$2:$M$1163,4,FALSE) -> Serviço | E27: =VLOOKUP($A27,MOBILIZAÇÃO!$A$2:$M$1163,13,FALSE) -> 1097.7388 | F27: =VLOOKUP($A27,MOBILIZAÇÃO!$A$2:$O$1163,14,FALSE) -> 1093.0666
A28: MOB-004 | B28: COMPOSIÇÃO | C28: MOBILIZAÇÃO/DESMOBILIZAÇÃO DE EQUIPAMENTO - CONTAINER METÁLICO | D28: =VLOOKUP($A28,MOBILIZAÇÃO!$A$2:$M$1163,4,FALSE) -> Serviço | E28: =VLOOKUP($A28,MOBILIZAÇÃO!$A$2:$M$1163,13,FALSE) -> 743.7222 | F28: =VLOOKUP($A28,MOBILIZAÇÃO!$A$2:$O$1163,14,FALSE) -> 739.05

Sheet AUX COMPOSIÇÕES
A1: AUX COMPOSIÇÕES
A2: Referência: SINAPI JULHO/2026 // SICRO ABRIL/2026 // SANEPAR JULHO/2026 // COPEL JULHO/2026 // SIURB INFRA JANEIRO/2026 // SIURB JANEIRO/2026 // SUDECAP ABRIL/2026 // FDE ABRIL/2026 // SCO JUNHO/2026 // AGETOP CIVIL 04/2026 // AGESUL 06/2026 // SETOP 04/2026
A4: ALO-001 | B4: ADMINISTRAÇÃO LOCAL DA OBRA | D4: % | G4: =G9 -> 96657.75 | I4: =I9 -> 90783.25
A5: REFERÊNCIA | B5: CÓDIGO | C5: DESCRIÇÃO | D5: UNID. | E5: COEF. | F5: CUSTO UNIT. SD | G5: CUSTO PARCIAL SD | H5: CUSTO UNIT. CD | I5: CUSTO PARCIAL CD
A6: SINAPI | B6: 93565 | C6: ENGENHEIRO CIVIL DE OBRA JUNIOR COM ENCARGOS COMPLEMENTARES | D6: MES | E6: 0.3 | F6: 25185.04 | G6: =TRUNC(F6*$E6,2) -> 7555.51 | H6: 23425.51 | I6: =TRUNC(H6*$E6,2) -> 7027.65
A7: SINAPI | B7: 93572 | C7: ENCARREGADO GERAL DE OBRAS COM ENCARGOS COMPLEMENTARES | D7: MES | E7: 4 | F7: 8815.3 | G7: =TRUNC(F7*$E7,2) -> 35261.2 | H7: 8283.76 | I7: =TRUNC(H7*$E7,2) -> 33135.04
A8: COMPOSIÇÃO | B8: ALO-002 | C8: VIGIA | D8: MES | E8: 8 | F8: =G25 -> 6730.13 | G8: =TRUNC(F8*$E8,2) -> 53841.04 | H8: =I25 -> 6327.57 | I8: =TRUNC(H8*$E8,2) -> 50620.56 | J8: 2 vigias
C9: CUSTO UNITÁRIO TOTAL | G9: =SUM(G6:G8) -> 96657.75 | I9: =SUM(I6:I8) -> 90783.25
A11: ALO-002 | B11: VIGIA | D11: % | G11: =G25 -> 6730.13 | I11: =I25 -> 6327.57
A12: REFERÊNCIA | B12: CÓDIGO | C12: DESCRIÇÃO | D12: UNID. | E12: COEF. | F12: CUSTO UNIT. SD | G12: CUSTO PARCIAL SD | H12: CUSTO UNIT. CD | I12: CUSTO PARCIAL CD
A13: CCT | B13: - | C13: VIGIA - SINTRAPAV | D13: H | E13: 220 | F13: 10.72 | G13: =TRUNC(F13*$E13,2) -> 2358.4 | H13: 10.72 | I13: =TRUNC(H13*$E13,2) -> 2358.4 | J13: ATUALIZADO CCT 2026/2027
A14: LEGISLAÇÃO | B14: - | C14: ADICIONAL NOTURNO (20% DA HORA DIURNA) | D14: H | E14: =0.2*(7/12) -> 0.11666667 | F14: =G13 -> 2358.4 | G14: =TRUNC(F14*$E14,2) -> 275.14 | H14: =I13 -> 2358.4 | I14: =TRUNC(H14*$E14,2) -> 275.14
A15: LEGISLAÇÃO | B15: - | C15: REDUÇÃO DA HORA TRABALHADA (DE 60 MIN PARA 52,5 MIN) | D15: H | E15: =(60/52.5)-1 -> 0.14285714 | F15: =G13+G14 -> 2633.54 | G15: =TRUNC(F15*$E15,2) -> 376.22 | H15: =I13+I14 -> 2633.54 | I15: =TRUNC(H15*$E15,2) -> 376.22
A16: LEGISLAÇÃO | B16: - | C16: INDENIZAÇÃO INTRAJORNADA (50% DE UMA HORA NOTURNA) | D16: H | E16: =50%/12 -> 0.041666667 | F16: =(G13+G14+G15) -> 3009.76 | G16: =TRUNC(F16*$E16,2) -> 125.4 | H16: =(I13+I14+I15) -> 3009.76 | I16: =TRUNC(H16*$E16,2) -> 125.4
A17: SINAPI | B17: - | C17: ENCARGO SOCIAL (SD Mensal SINAPI = 71,23 % / CD Mensal SINAPI = 58,46 %) | D17: % | E17: 0.7123 | F17: =(G13+G14+G15+G16) -> 3135.16 | G17: =TRUNC(F17*E17,2) -> 2233.17 | H17: =(I13+I14+I15+I16) -> 3135.16 | I17: =TRUNC(H17*0.5846,2) -> 1832.81 | J17: VIGÊNCIA A PARTIR DE 01/2026
A18: SINAPI | B18: 37370 | C18: ALIMENTACAO - HORISTA (COLETADO CAIXA - ENCARGOS COMPLEMENTARES) | D18: H | E18: 110 | F18: 5.96 | G18: =TRUNC(F18*$E18,2) -> 655.6 | H18: 5.96 | I18: =TRUNC(H18*$E18,2) -> 655.6
A19: SINAPI | B19: 37371 | C19: TRANSPORTE - HORISTA (COLETADO CAIXA - ENCARGOS COMPLEMENTARES) | D19: H | E19: 110 | F19: 0.79 | G19: =TRUNC(F19*$E19,2) -> 86.9 | H19: 0.79 | I19: =TRUNC(H19*$E19,2) -> 86.9
A20: SINAPI | B20: 37372 | C20: EXAMES - HORISTA (COLETADO CAIXA - ENCARGOS COMPLEMENTARES) | D20: H | E20: 220 | F20: 1.58 | G20: =TRUNC(F20*$E20,2) -> 347.6 | H20: 1.58 | I20: =TRUNC(H20*$E20,2) -> 347.6
A21: SINAPI | B21: 37373 | C21: SEGURO - HORISTA (COLETADO CAIXA - ENCARGOS COMPLEMENTARES) | D21: H | E21: 220 | F21: 0.06 | G21: =TRUNC(F21*$E21,2) -> 13.2 | H21: 0.06 | I21: =TRUNC(H21*$E21,2) -> 13.2
A22: SINAPI | B22: 43467 | C22: FERRAMENTAS - FAMILIA SERVENTE - HORISTA (ENCARGOS COMPLEMENTARES - COLETADO CAIXA) | D22: H | E22: 110 | F22: 0.42 | G22: =TRUNC(F22*$E22,2) -> 46.2 | H22: 0.42 | I22: =TRUNC(H22*$E22,2) -> 46.2
A23: SINAPI | B23: 43491 | C23: EPI - FAMILIA SERVENTE - HORISTA (ENCARGOS COMPLEMENTARES - COLETADO CAIXA) | D23: H | E23: 110 | F23: 1.71 | G23: =TRUNC(F23*$E23,2) -> 188.1 | H23: 1.71 | I23: =TRUNC(H23*$E23,2) -> 188.1
A24: SINAPI | B24: 100288 | C24: CURSO DE CAPACITAÇÃO PARA VIGIA (ENCARGOS COMPLEMENTARES) - HORISTA | D24: H | E24: 220 | F24: 0.11 | G24: =TRUNC(F24*$E24,2) -> 24.2 | H24: 0.1 | I24: =TRUNC(H24*$E24,2) -> 22
C25: CUSTO UNITÁRIO TOTAL | G25: =SUM(G13:G24) -> 6730.13 | I25: =SUM(I13:I24) -> 6327.57
A27: COM-001 | B27: CONSUMO DE ÁGUA E ESGOTO | D27: mês | G27: =G35 -> 797.91 | I27: =I35 -> 797.91
A28: REFERÊNCIA | B28: CÓDIGO | C28: DESCRIÇÃO | D28: UNID. | E28: COEF. | F28: CUSTO UNIT. SD | G28: CUSTO PARCIAL SD | H28: CUSTO UNIT. CD | I28: CUSTO PARCIAL CD
A29: Sanepar | B29: Sanepar 1 | C29: CURITIBA - ÁGUA E ESGOTO COMERCIAL (ATÉ 5M³) | D29: ud | E29: 1 | F29: 183.46 | G29: =TRUNC($E29*F29,2) -> 183.46 | H29: 183.46 | I29: =TRUNC($E29*H29,2) -> 183.46
A30: Sanepar | B30: Sanepar 2 | C30: CURITIBA - ÁGUA E ESGOTO COMERCIAL (DE 6 ATÉ 10M³) | D30: m³ | E30: 5 | F30: 4.72 | G30: =TRUNC($E30*F30,2) -> 23.6 | H30: 4.72 | I30: =TRUNC($E30*H30,2) -> 23.6
A31: Sanepar | B31: Sanepar 3 | C31: CURITIBA - ÁGUA E ESGOTO COMERCIAL (DE 11 ATÉ 15M³) | D31: m³ | E31: 5 | F31: 23.37 | G31: =TRUNC($E31*F31,2) -> 116.85 | H31: 23.37 | I31: =TRUNC($E31*H31,2) -> 116.85
A32: Sanepar | B32: Sanepar 4 | C32: CURITIBA - ÁGUA E ESGOTO COMERCIAL (DE 16 ATÉ 20M³) | D32: m³ | E32: 5 | F32: 23.55 | G32: =TRUNC($E32*F32,2) -> 117.75 | H32: 23.55 | I32: =TRUNC($E32*H32,2) -> 117.75
A33: Sanepar | B33: Sanepar 5 | C33: CURITIBA - ÁGUA E ESGOTO COMERCIAL (DE 21 ATÉ 30M³) | D33: m³ | E33: 10 | F33: 23.69 | G33: =TRUNC($E33*F33,2) -> 236.9 | H33: 23.69 | I33: =TRUNC($E33*H33,2) -> 236.9
A34: Sanepar | B34: Sanepar 6 | C34: CURITIBA - ÁGUA E ESGOTO COMERCIAL ( > 30M³) | D34: m³ | E34: 5 | F34: 23.87 | G34: =TRUNC($E34*F34,2) -> 119.35 | H34: 23.87 | I34: =TRUNC($E34*H34,2) -> 119.35
C35: CUSTO UNITÁRIO TOTAL | G35: =SUM(G29:G34) -> 797.91 | I35: =SUM(I29:I34) -> 797.91
A36: Observação: Disponível em https://www.sanepar.com.br/tarifas - Comercial / Utilidade Pública / Poder Público (R$/m³) - Composição baseada na Tabela SMOP - ALO 009
A38: COM-002 | B38: CONSUMO DE ENERGIA | D38: mês | G38: =G41 -> 384.01 | I38: =I41 -> 384.01
A39: REFERÊNCIA | B39: CÓDIGO | C39: DESCRIÇÃO | D39: UNID. | E39: COEF. | F39: CUSTO UNIT. SD | G39: CUSTO PARCIAL SD | H39: CUSTO UNIT. CD | I39: CUSTO PARCIAL CD
A40: Copel | B40: Copel B3 | C40: CONSUMO DE ENERGIA ( TARIFA B3 - COMERCIAL ) | D40: Kwh | E40: 500 | F40: =0.31085+0.45717 -> 0.76802 | G40: =TRUNC($E40*F40,2) -> 384.01 | H40: =0.31085+0.45717 -> 0.76802 | I40: =TRUNC($E40*H40,2) -> 384.01
C41: CUSTO UNITÁRIO TOTAL | G41: =SUM(G40:G40) -> 384.01 | I41: =SUM(I40:I40) -> 384.01
A42: Observação: Disponível em https://www.copel.com/site/copel-distribuicao/tarifas-de-energia-eletrica/ - B3 - Comercial - Demais classes - Composição baseada na Tabela SMOP - ALO 010
A44: COM-003 | B44: FORMA PARA CONCRETO PRÉ-MOLDADO, INCLUSIVE DESFORMA | D44: m² | G44: =G51 -> 64.55 | I44: =I51 -> 62.5
A45: REFERÊNCIA | B45: CÓDIGO | C45: DESCRIÇÃO | D45: UNID. | E45: COEF. | F45: CUSTO UNIT. SD | G45: CUSTO PARCIAL SD | H45: CUSTO UNIT. CD | I45: CUSTO PARCIAL CD
A46: SICRO | B46: 3108004 | C46: Fôrmas de compensado resinado 14 mm - uso geral - utilização de 2 vezes - confecção, instalação e retirada | D46: m² | E46: =1/2 -> 0.5 | F46: 98.74 | G46: =TRUNC($E46*F46,2) -> 49.37 | H46: 96.17 | I46: =TRUNC($E46*H46,2) -> 48.08
A47: SINAPI | B47: 88239 | C47: AJUDANTE DE CARPINTEIRO COM ENCARGOS COMPLEMENTARES | D47: h | E47: 0.24 | F47: 32.7 | G47: =TRUNC($E47*F47,2) -> 7.84 | H47: 31.04 | I47: =TRUNC($E47*H47,2) -> 7.44
A48: SIURB INFRA | B48: 11004000 | C48: CAMINHÃO CARGA SECA CAPACIDADE 8TON COM GUINDASTE | D48: h | E48: 0.003 | F48: 237.83 | G48: =TRUNC($E48*F48,2) -> 0.71 | H48: 235.66 | I48: =TRUNC($E48*H48,2) -> 0.7
A49: SINAPI | B49: 88262 | C49: CARPINTEIRO DE FORMAS COM ENCARGOS COMPLEMENTARES | D49: h | E49: 0.16 | F49: 39.5 | G49: =TRUNC($E49*F49,2) -> 6.32 | H49: 37.33 | I49: =TRUNC($E49*H49,2) -> 5.97
A50: SICRO | B50: E9022 | C50: Pórtico metálico rolante com capacidade de 25 t - 30 Kw | D50: h | E50: 0.003 | F50: 106.41 | G50: =TRUNC($E50*F50,2) -> 0.31 | H50: 104.62 | I50: =TRUNC($E50*H50,2) -> 0.31
C51: CUSTO UNITÁRIO TOTAL | G51: =SUM(G46:G50) -> 64.55 | I51: =SUM(I46:I50) -> 62.5
A52: Baseado na composição SEINFRA C4302
A54: COM-004 | B54: ALVENARIA DE BLOCOS DE CONCRETO ESTRUTURAL 19X19X29 CM (ESPESSURA 19 CM), FBK = 4,5 MPA, UTILIZANDO PALHETA | D54: m² | G54: =G61 -> 145.77 | I54: =I61 -> 142.82
A55: REFERÊNCIA | B55: CÓDIGO | C55: DESCRIÇÃO | D55: UNID. | E55: QUANT. | F55: CUSTO UNIT. SD | G55: CUSTO PARCIAL SD | H55: CUSTO UNIT. CD | I55: CUSTO PARCIAL CD
A56: SINAPI | B56: 88715 | C56: ARGAMASSA TRAÇO 1:2:9 (EM VOLUME DE CIMENTO, CAL E AREIA MÉDIA ÚMIDA) PARA EMBOÇO/MASSA ÚNICA/ASSENTAMENTO DE ALVENARIA DE VEDAÇÃO, PREPARO MECÂNICO COM BETONEIRA 400 L. AF_08/2019 | D56: m³ | E56: 0.0125 | F56: 686.09 | G56: =TRUNC($E56*F56,2) -> 8.57 | H56: 671.35 | I56: =TRUNC($E56*H56,2) -> 8.39
A57: SINAPI | B57: 88316 | C57: SERVENTE COM ENCARGOS COMPLEMENTARES | D57: H | E57: 0.74 | F57: 31.41 | G57: =TRUNC($E57*F57,2) -> 23.24 | H57: 29.86 | I57: =TRUNC($E57*H57,2) -> 22.09
A58: SINAPI | B58: 88309 | C58: PEDREIRO COM ENCARGOS COMPLEMENTARES | D58: H | E58: 0.74 | F58: 40.19 | G58: =TRUNC($E58*F58,2) -> 29.74 | H58: 38 | I58: =TRUNC($E58*H58,2) -> 28.12
A59: SINAPI | B59: 25067 | C59: BLOCO DE CONCRETO ESTRUTURAL 19 X 19 X 39 CM, FBK 4,5 MPA (NBR 6136) | D59: UN | E59: 15.51 | F59: 5.17 | G59: =TRUNC($E59*F59,2) -> 80.18 | H59: 5.17 | I59: =TRUNC($E59*H59,2) -> 80.18
A60: SUDECAP | B60: 79.10.12 | C60: MEIO BLOCO DE CONCRETO ESTRUTURAL 4,5 MPA DE 19 X 19 X 19 CM COM FRETE | D60: UN | E60: 1.55 | F60: 2.61 | G60: =TRUNC(F60*$E60,2) -> 4.04 | H60: 2.61 | I60: =TRUNC(H60*$E60,2) -> 4.04
C61: CUSTO UNITÁRIO TOTAL | G61: =SUM(G56:G60) -> 145.77 | I61: =SUM(I56:I60) -> 142.82
A62: Baseado na composição SINAPI 89462
A64: COM-005 | B64: MONTAGEM DE PILARES PRÉ-FABRICADOS, INCLUSO IÇAMENTO COM GUINDASTE | D64: un | G64: =G71 -> 513.54 | I64: =I71 -> 497.3 | J64: volume [m³]
A65: REFERÊNCIA | B65: CÓDIGO | C65: DESCRIÇÃO | D65: UNID. | E65: COEF. | F65: CUSTO UNIT. SD | G65: CUSTO PARCIAL SD | H65: CUSTO UNIT. CD | I65: CUSTO PARCIAL CD | J65: 0.8525
A66: SINAPI | B66: 89994 | C66: GRAUTEAMENTO DE CINTA INTERMEDIÁRIA OU DE CONTRAVERGA EM ALVENARIA ESTRUTURAL. AF_09/2021 | D66: m³ | E66: 0.1207 | F66: 1843.23 | G66: =TRUNC(F66*$E66,2) -> 222.47 | H66: 1777.29 | I66: =TRUNC(H66*$E66,2) -> 214.51
A67: SINAPI | B67: 89273 | C67: GUINDASTE HIDRÁULICO AUTOPROPELIDO, COM LANÇA TELESCÓPICA 28,80 M, CAPACIDADE MÁXIMA 30 T, POTÊNCIA 97 KW, TRAÇÃO 4 X 4 - CHI DIURNO. AF_11/2014 | D67: CHI | E67: =0.2813*J65 -> 0.23980825 | F67: 128.52 | G67: =TRUNC(F67*$E67,2) -> 30.82 | H67: 125.43 | I67: =TRUNC(H67*$E67,2) -> 30.07
A68: SINAPI | B68: 89272 | C68: GUINDASTE HIDRÁULICO AUTOPROPELIDO, COM LANÇA TELESCÓPICA 28,80 M, CAPACIDADE MÁXIMA 30 T, POTÊNCIA 97 KW, TRAÇÃO 4 X 4 - CHP DIURNO. AF_11/2014 | D68: CHP | E68: =0.7417*J65 -> 0.63229925 | F68: 241.83 | G68: =TRUNC(F68*$E68,2) -> 152.9 | H68: 238.74 | I68: =TRUNC(H68*$E68,2) -> 150.95
A69: SINAPI | B69: 88316 | C69: SERVENTE COM ENCARGOS COMPLEMENTARES | D69: H | E69: =2.0459*J65 -> 1.7441298 | F69: 31.41 | G69: =TRUNC(F69*$E69,2) -> 54.78 | H69: 29.86 | I69: =TRUNC(H69*$E69,2) -> 52.07
A70: SINAPI | B70: 88309 | C70: PEDREIRO COM ENCARGOS COMPLEMENTARES | D70: H | E70: =1.5344*J65 -> 1.308076 | F70: 40.19 | G70: =TRUNC(F70*$E70,2) -> 52.57 | H70: 38 | I70: =TRUNC(H70*$E70,2) -> 49.7
C71: CUSTO UNITÁRIO TOTAL | G71: =SUM(G66:G70) -> 513.54 | I71: =SUM(I66:I70) -> 497.3
A72: Baseado na composição SINAPI 97719
A74: COM-006 | B74: FURAÇÃO PARA 10,0MM EM CONCRETO ARMADO, INCLUSIVE COLAGEM DE ARMADURA (PARA 8MM) - PROFUNDADE 13 CM | D74: un | G74: =G83 -> 15.98 | I74: =I83 -> 15.46 | J74: PROFUNDIDADE
A75: REFERÊNCIA | B75: CÓDIGO | C75: DESCRIÇÃO | D75: UNID. | E75: COEF. | F75: CUSTO UNIT. SD | G75: CUSTO PARCIAL SD | H75: CUSTO UNIT. CD | I75: CUSTO PARCIAL CD | J75: 13
A76: SINAPI | B76: 88316 | C76: SERVENTE COM ENCARGOS COMPLEMENTARES | D76: H | E76: =J75*0.01 -> 0.13 | F76: 31.41 | G76: =TRUNC(F76*$E76,2) -> 4.08 | H76: 29.86 | I76: =TRUNC(H76*$E76,2) -> 3.88
A77: SINAPI | B77: 88309 | C77: PEDREIRO COM ENCARGOS COMPLEMENTARES | D77: H | E77: =J75*0.01 -> 0.13 | F77: 40.19 | G77: =TRUNC(F77*$E77,2) -> 5.22 | H77: 38 | I77: =TRUNC(H77*$E77,2) -> 4.94 | J77: P/ chumbar a armadura
A78: SINAPI | B78: 156 | C78: ADESIVO ESTRUTURAL A BASE DE RESINA EPOXI, BICOMPONENTE, FLUIDO | D78: kg | E78: =J75*0.006 -> 0.078 | F78: 59.74 | G78: =TRUNC(F78*$E78,2) -> 4.65 | H78: 59.74 | I78: =TRUNC(H78*$E78,2) -> 4.65
A79: SIURB | B79: 90023 | C79: GERADOR DE ENERGIA À GASOLINA 8,5 KVA PARTIDA ELÉTRICA COM RODAS | D79: H | E79: =J75*0.0017 -> 0.0221 | F79: 20.76 | G79: =TRUNC(F79*$E79,2) -> 0.45 | H79: 20.48 | I79: =TRUNC(H79*$E79,2) -> 0.45
A80: SIURB | B80: 94300 | C80: MARTELETE ROTATIVO 0,8 KW | D80: h | E80: =J75*0.0018 -> 0.0234 | F80: 34.08 | G80: =TRUNC(F80*$E80,2) -> 0.79 | H80: 32.31 | I80: =TRUNC(H80*$E80,2) -> 0.75
A81: SICRO | B81: E9767 | C81: Compressor de ar portátil de 9,44 l/s (20 PCM) a gasolina - 5,22 kW | D81: h | E81: =J75*0.001 -> 0.013 | F81: 12.96 | G81: =TRUNC(F81*$E81,2) -> 0.16 | H81: 12.96 | I81: =TRUNC(H81*$E81,2) -> 0.16
A82: FDE | B82: 9.10.43 | C82: BROCA COM PONTA DE VIDIA (D=3/8"X330MM) | D82: un | E82: =1/60 -> 0.016666667 | F82: 38.17 | G82: =TRUNC(F82*$E82,2) -> 0.63 | H82: 38.17 | I82: =TRUNC(H82*$E82,2) -> 0.63 | J82: 60 furos por broca
C83: CUSTO UNITÁRIO TOTAL | G83: =SUM(G76:G82) -> 15.98 | I83: =SUM(I76:I82) -> 15.46
A84: Baseado na composição SIURB 10102001
A86: COM-007 | B86: FURAÇÃO PARA 10,0MM EM CONCRETO ARMADO, INCLUSIVE COLAGEM DE ARMADURA (PARA 8MM) - PROFUNDADE 15 CM | D86: un | G86: =G95 -> 18.49 | I86: =I95 -> 17.88 | J86: PROFUNDIDADE
A87: REFERÊNCIA | B87: CÓDIGO | C87: DESCRIÇÃO | D87: UNID. | E87: COEF. | F87: CUSTO UNIT. SD | G87: CUSTO PARCIAL SD | H87: CUSTO UNIT. CD | I87: CUSTO PARCIAL CD | J87: 15
A88: SINAPI | B88: 88316 | C88: SERVENTE COM ENCARGOS COMPLEMENTARES | D88: H | E88: =J87*0.01 -> 0.15 | F88: 31.41 | G88: =TRUNC(F88*$E88,2) -> 4.71 | H88: 29.86 | I88: =TRUNC(H88*$E88,2) -> 4.47
A89: SINAPI | B89: 88309 | C89: PEDREIRO COM ENCARGOS COMPLEMENTARES | D89: H | E89: =J87*0.01 -> 0.15 | F89: 40.19 | G89: =TRUNC(F89*$E89,2) -> 6.02 | H89: 38 | I89: =TRUNC(H89*$E89,2) -> 5.7 | J89: P/ chumbar a armadura
A90: SINAPI | B90: 156 | C90: ADESIVO ESTRUTURAL A BASE DE RESINA EPOXI, BICOMPONENTE, FLUIDO | D90: kg | E90: =J87*0.006 -> 0.09 | F90: 59.74 | G90: =TRUNC(F90*$E90,2) -> 5.37 | H90: 59.74 | I90: =TRUNC(H90*$E90,2) -> 5.37
A91: SIURB | B91: 90023 | C91: GERADOR DE ENERGIA À GASOLINA 8,5 KVA PARTIDA ELÉTRICA COM RODAS | D91: H | E91: =J87*0.0017 -> 0.0255 | F91: 20.76 | G91: =TRUNC(F91*$E91,2) -> 0.52 | H91: 20.48 | I91: =TRUNC(H91*$E91,2) -> 0.52
A92: SIURB | B92: 94300 | C92: MARTELETE ROTATIVO 0,8 KW | D92: h | E92: =J87*0.0018 -> 0.027 | F92: 34.08 | G92: =TRUNC(F92*$E92,2) -> 0.92 | H92: 32.31 | I92: =TRUNC(H92*$E92,2) -> 0.87
A93: SICRO | B93: E9767 | C93: Compressor de ar portátil de 9,44 l/s (20 PCM) a gasolina - 5,22 kW | D93: h | E93: =J87*0.001 -> 0.015 | F93: 12.96 | G93: =TRUNC(F93*$E93,2) -> 0.19 | H93: 12.96 | I93: =TRUNC(H93*$E93,2) -> 0.19
A94: FDE | B94: 9.10.43 | C94: BROCA COM PONTA DE VIDIA (D=3/8"X330MM) | D94: un | E94: =1/50 -> 0.02 | F94: 38.17 | G94: =TRUNC(F94*$E94,2) -> 0.76 | H94: 38.17 | I94: =TRUNC(H94*$E94,2) -> 0.76 | J94: 50 furos por broca
C95: CUSTO UNITÁRIO TOTAL | G95: =SUM(G88:G94) -> 18.49 | I95: =SUM(I88:I94) -> 17.88
A96: Baseado na composição SIURB 10102001
A98: COM-008 | B98: FURAÇÃO PARA 10,0MM EM CONCRETO ARMADO, INCLUSIVE COLAGEM DE ARMADURA (PARA 8MM) - PROFUNDADE 18 CM | D98: un | G98: =G107 -> 22.24 | I98: =I107 -> 21.5 | J98: PROFUNDIDADE
A99: REFERÊNCIA | B99: CÓDIGO | C99: DESCRIÇÃO | D99: UNID. | E99: COEF. | F99: CUSTO UNIT. SD | G99: CUSTO PARCIAL SD | H99: CUSTO UNIT. CD | I99: CUSTO PARCIAL CD | J99: 18
A100: SINAPI | B100: 88316 | C100: SERVENTE COM ENCARGOS COMPLEMENTARES | D100: H | E100: =J99*0.01 -> 0.18 | F100: 31.41 | G100: =TRUNC(F100*$E100,2) -> 5.65 | H100: 29.86 | I100: =TRUNC(H100*$E100,2) -> 5.37
A101: SINAPI | B101: 88309 | C101: PEDREIRO COM ENCARGOS COMPLEMENTARES | D101: H | E101: =J99*0.01 -> 0.18 | F101: 40.19 | G101: =TRUNC(F101*$E101,2) -> 7.23 | H101: 38 | I101: =TRUNC(H101*$E101,2) -> 6.84 | J101: P/ chumbar a armadura
A102: SINAPI | B102: 156 | C102: ADESIVO ESTRUTURAL A BASE DE RESINA EPOXI, BICOMPONENTE, FLUIDO | D102: kg | E102: =J99*0.006 -> 0.108 | F102: 59.74 | G102: =TRUNC(F102*$E102,2) -> 6.45 | H102: 59.74 | I102: =TRUNC(H102*$E102,2) -> 6.45
A103: SIURB | B103: 90023 | C103: GERADOR DE ENERGIA À GASOLINA 8,5 KVA PARTIDA ELÉTRICA COM RODAS | D103: H | E103: =J99*0.0017 -> 0.0306 | F103: 20.76 | G103: =TRUNC(F103*$E103,2) -> 0.63 | H103: 20.48 | I103: =TRUNC(H103*$E103,2) -> 0.62
A104: SIURB | B104: 94300 | C104: MARTELETE ROTATIVO 0,8 KW | D104: h | E104: =J99*0.0018 -> 0.0324 | F104: 34.08 | G104: =TRUNC(F104*$E104,2) -> 1.1 | H104: 32.31 | I104: =TRUNC(H104*$E104,2) -> 1.04
A105: SICRO | B105: E9767 | C105: Compressor de ar portátil de 9,44 l/s (20 PCM) a gasolina - 5,22 kW | D105: h | E105: =J99*0.001 -> 0.018 | F105: 12.96 | G105: =TRUNC(F105*$E105,2) -> 0.23 | H105: 12.96 | I105: =TRUNC(H105*$E105,2) -> 0.23
A106: FDE | B106: 9.10.43 | C106: BROCA COM PONTA DE VIDIA (D=3/8"X330MM) | D106: un | E106: =1/40 -> 0.025 | F106: 38.17 | G106: =TRUNC(F106*$E106,2) -> 0.95 | H106: 38.17 | I106: =TRUNC(H106*$E106,2) -> 0.95 | J106: 40 furos por broca
C107: CUSTO UNITÁRIO TOTAL | G107: =SUM(G100:G106) -> 22.24 | I107: =SUM(I100:I106) -> 21.5
A108: Baseado na composição SIURB 10102001
A110: COM-009 | B110: ESTACA ESCAVADA COM TRADO MANUAL, D=25CM, INCLUSIVE CONCRETO EXCLUSIVE ARMAÇÃO | D110: M | G110: =G116 -> 100.88 | I110: =I116 -> 97.02
A111: REFERÊNCIA | B111: CÓDIGO | C111: DESCRIÇÃO | D111: UNID. | E111: COEF. | F111: CUSTO UNIT. SD | G111: CUSTO PARCIAL SD | H111: CUSTO UNIT. CD | I111: CUSTO PARCIAL CD
...

Sheet COTAÇÕES
A1: RELATÓRIO DE COTAÇÕES - Decreto nº 384/2023
A2: Registra-se que foram realizadas pesquisas em lojas virtuais, sites especializados e fornecedores do ramo para obtenção de, no mínimo, três referências de preço para os insumos cotados, nos termos do art. 55, §5º, inciso I do Decreto Municipal nº 1.206/2023. Para os itens dos quais foram obtidas apenas duas referências tecnicamente compatíveis e aptas à formação do preço, em razão de baixa disponibilidade comercial e/ou das especificações particulares dos itens cotados, adotou-se o menor preço válido obtido, nos termos do art. 55, §5º, inciso II do Decreto Municipal nº 1.206/2023.
A4: CÓD. COTAÇÃO | B4: ITEM | G4: UNID. | H4: VALOR UNIT. | I4: CRITÉRIO
A6: COT-001 | B6: GUARDA CORPO PULTRUDADO PADRÃO NR14.718 C/BARRAS INTERMED. VERTICAIS - RETO FIX. SAPATA - H=1100MM - PASSARELA 01 | H6: m | I6: MENOR PREÇO
A7: DATA | B7: FONTE | C7: CNPJ | D7: TELEFONE | E7: ACESSO | F7: DESCRIÇÃO | G7: UNID. | H7: VALOR UNIT.
A8: 46176 | B8: Tech Composites Indústria e Comércio Ltda | C8: 02.758.940/0001-70 | D8: (41) 3131-1212 | E8: Contato com o fornecedor via e-mail: comercial2@techcomposites.com.br; resposta emitida em 03/06/2026; responsável: Jaine Portes Ukan, setor técnico/comercial | F8: Guarda-Corpo em PRFV, composto por montantes principais em tubo quadrado 2", distanciamento maximo entre montantes de 1200mm, altura: 1100mm, composto por travessao superior em tubo quadrado de 2" sobre este travessao superior ira conter um perfil U abaulado (passa mao), para o travessao inferior sera utilizado tubo quadrado 2", para as barras intermediarias sera utilizado tubo redondo 1.1/4" com espacamento de 110mm entre tubos, 2 sapatas pultrudadas, parafusos auto atarraxantes 3,5 x 25mm e chumbadores em INOX 304 | G8: M | H8: 3413.49
A9: 46226 | B9: Jamar Produtos Pultrudados Ltda | C9: 02.672.790/0001-87 | D9: (51) 3605-3619 (51) 99225-0521 | E9: Contato com o fornecedor via Whatsapp: (51) 99225-0521; resposta emitida em 23/07/2026; responsável: Tábata Cardoso, setor comercial | F9: GUARDA CORPO PULTRUDADO PADRÃO NR14.718 C/BARRAS INTERMED. VERTICAIS - RETO FIX. SAPATA - H=1100MM | G9: M | H9: 572.2
F10: CUSTO UNITÁRIO | H10: =SMALL(H8:H9,1) -> 572.2
A12: COT-002 | B12: GUARDA CORPO PULTRUDADO PADRÃO NR14.718 C/BARRAS INTERMED. VERTICAIS - INCLINADO FIX. SAPATA - H=1100MM - PASSARELA 02 | H12: m | I12: MENOR PREÇO
A13: DATA | B13: FONTE | C13: CNPJ | D13: TELEFONE | E13: ACESSO | F13: DESCRIÇÃO | G13: UNID. | H13: VALOR UNIT.
A14: 46176 | B14: Tech Composites Indústria e Comércio Ltda | C14: 02.758.940/0001-70 | D14: (41) 3131-1212 | E14: Contato com o fornecedor via e-mail: comercial2@techcomposites.com.br; resposta emitida em 03/06/2026; responsável: Jaine Portes Ukan, setor técnico/comercial | F14: Guarda-Corpo em PRFV, composto por montantes principais em tubo quadrado 2", distanciamento maximo entre montantes de 1200mm, altura: 1100mm, composto por travessao superior em tubo quadrado de 2" sobre este travessao superior ira conter um perfil U abaulado (passa mao), para o travessao inferior será utilizado tubo quadrado 2", para as barras intermediarias sera utilizado tubo redondo 1.1/4" com espacamento de 110mm entre tubos, 2 sapatas pultrudadas, parafusos auto atarraxantes 3,5 x 25mm e chumbadores em INOX 304 | G14: M | H14: 3264.49
A15: 46226 | B15: Jamar Produtos Pultrudados Ltda | C15: 02.672.790/0001-87 | D15: (51) 3605-3619 (51) 99225-0521 | E15: Contato com o fornecedor via Whatsapp: (51) 99225-0521; resposta emitida em 23/07/2026; responsável: Tábata Cardoso, setor comercial | F15: GUARDA CORPO PULTRUDADO PADRÃO NR14.718 C/BARRAS INTERMED. VERTICAIS - INCLINADO FIX. SAPATA - H=1100MM | G15: M | H15: 733.6
F16: CUSTO UNITÁRIO | H16: =SMALL(H14:H15,1) -> 733.6
A18: COT-003 | B18: CONECTOR PERFURANTE 70X10 (PRINCIPAL ATÉ 70MM², DERIVAÇÃO ATÉ 10MM²) | H18: un | I18: MÉDIA
A19: DATA | B19: FONTE | C19: CNPJ | D19: TELEFONE | E19: ACESSO | F19: DESCRIÇÃO | G19: UNID. | H19: VALOR UNIT.
A20: 46266 | B20: Ferramentas Kennedy | C20: 08.858.579/0015-35 | D20: (41) 3314-1853 | E20: Site: https://www.ferramentaskennedy.com.br/conector-derivacao-perfurante-cdp70-pq-intelli/p?srsltid=AfmBOop_qFy0aaBitYE8g07A7HfpRl7UqtH7i1NSQJuMmJ07b6mospfr | F20: Conector Derivação Perfurante Cdp70 Pq Intelli | G20: un | H20: 8.79
A21: 46266 | B21: AME - Alves & Machado Energia | C21: 40.272.909/0001-13 | D21: (12) 99194-2428 | E21: Site: https://www.alvesemachado.com.br/conectores/conector-perfurante-10-70-mm-principal-1-5-10-mm-derivacao | F21: CONECTOR PERFURANTE 10-70 mm² PRINCIPAL / 1,5-10 mm² DERIVAÇÃO | G21: un | H21: 7.74
A22: 46266 | B22: Sul Cell Importadora e distribuidora | C22: 13.689.621/0001-76 | D22: (51) 3423-1297 | E22: Site: https://www.sulcell.com.br/eletrica/emenda/conector-perfurante-p-derivacao-10-70mm-1-5-10mm-cpp000-mci | F22: CONECTOR PERFURANTE P/ DERIVAÇAO 10-70MM 1.5-10MM² (CPP000) - MCI | G22: un | H22: 9.9
F23: CUSTO UNITÁRIO | H23: =TRUNC(AVERAGE(H20:H22),2) -> 8.81
A25: COT-004 | B25: CHAVE DE COMANDO BF60 COM DISJUNTOR | H25: un | I25: MENOR PREÇO
A26: DATA | B26: FONTE | C26: CNPJ | D26: TELEFONE | E26: ACESSO | F26: DESCRIÇÃO | G26: UNID. | H26: VALOR UNIT.
A27: 46266 | B27: Exatron Indústria Eletrônica | C27: 90.191.529/0001-22 | D27: (51) 3357-5087 | E27: Site: https://www.exatron.com.br/produtos/chave-comando-de-grupo-2-x-60-com-disjuntor/?srsltid=AfmBOoqvkXEs0e84V7U5AAWACbaMNNGUcqrAhNEOHC8M3Tb-zKbAsSiA | F27: Chave Comando de Grupo – 2 x 60 com Disjuntor | G27: un | H27: 795.77
A28: 46266 | B28: Eletrorede Materiais Elétricos | C28: 60.855.160/0002-25 | D28: (18) 3355-9200 | E28: Site: https://www.eletrorede.com.br/chave-iluminacao-2-x-60a-exatron-srele | F28: Chave Iluminacao 2 X 60a Exatron S/rele | G28: un | H28: 411.76
F29: CUSTO UNITÁRIO | H29: =SMALL(H27:H28,1) -> 411.76
A31: COT-005 | B31: CONECTOR DE TORÇÃO PARA CONEXÃO DE CABOS COM SOMA NA FAIXA DE 1,5MM² A 6MM² (ALARANJADO) | H31: un | I31: MÉDIA
A32: DATA | B32: FONTE | C32: CNPJ | D32: TELEFONE | E32: ACESSO | F32: DESCRIÇÃO | G32: UNID. | H32: VALOR UNIT.
A33: 46266 | B33: Eletrodex Eletrônica LTDA | C33: 10.707.399/0001-07 | D33: (32) 3351-1157 | E33: Site: https://www.eletrodex.net/acessorios/cabos-e-fios/conectores/conector-de-torcao-linha-beta?srsltid=AfmBOooPdLJlUilReVu8Fkx6YhFr01FIrv28WrCJwO-VLLdykb8FIhKo | F33: Conector de Torção Linha Beta Laranja | G33: un | H33: 0.39
A34: 46266 | B34: Proesi Componentes e Automação | C34: 10.428.528/0001-10 | D34: (47) 3080-5529 | E34: Site: https://www.proesi.com.br/conector-torcao-laranja-1-5-a-6-0-mm-s73ngh | F34: Conector Torção Laranja 1,5mm até 6,0mm - S73NGH | G34: un | H34: 0.46
A35: 46266 | B35: Manuks Ferramentas e Conexões Elétricas | C35: 36.668.369/0001-14 | D35: (11) 4232-0972 | E35: Site: https://manuksferramentasshop.com.br/produto/conector-torcao-laranja-1-5-a-6mm/ | F35: Conector de torção laranja emenda de fios e cabos 1,5 até 6mm² | G35: un | H35: 0.22
F36: CUSTO UNITÁRIO | H36: =TRUNC(AVERAGE(H33:H35),2) -> 0.35
A38: COT-006 | B38: BRAÇO PARA ILUMINAÇÃO PÚBLICA EM AÇO ABNT 1010 A 1020, PADRÃO OPIP MODELO BRIP-2 | H38: un | I38: MÉDIA
A39: DATA | B39: FONTE | C39: CNPJ | D39: TELEFONE | E39: ACESSO | F39: DESCRIÇÃO | G39: UNID. | H39: VALOR UNIT.
A40: 46266 | B40: Loja Elétrica Ltda | C40: 17.155.342/0011-55 | D40: (31) 3218-8000 | E40: Site: https://www.lojaeletrica.com.br/braco-galvanizado-a-fogo-2-metros-48mm-curva-b5-olivo.html | F40: Braço Galvanizado à Fogo 2 Metros 48mm Curva B5 Olivo | G40: un | H40: 110.1
A41: 46247 | B41: D'light Distribuidora de Materiais Elétricos | C41: 10.691.425/0001-48 | D41: (11) 2937-4650 | E41: Contato com o fornecedor via site direcionado para e-mail: luciene@dlight.com.br; resposta emitida em 13/08/2026; responsável: Luciene Magalhães, setor comercial | F41: BRACO CURVO COM SAPATA PARA ILUMINACAO (GF) 2,0 X 48 MM X 2000 MM | G41: un | H41: 144.7
A42: 46266 | B42: Plenobras Distribuidora Elétrica e Hidráulica LTDA | C42: 72.313.828/0001-00 | D42: (51) 2101-6800 | E42: Site: https://www.plenobras.com.br/646a5ab6d496504d21df8cbf/braco-galvanizado-a-fogo-curvo-2%22x2000-mm?srsltid=AfmBOoqVNtphLqWTTJw1YQ2VG0ehOEeDg3yoewb-JsCYKdFXvJ6GpslnT4Q | F42: Braço Galvanizado a Fogo Curvo 2"X2000 mm | G42: un | H42: 279.76
A43: 46266 | B43: SV Comércio de Materiais Elétricos LTDA | C43: 35.088.657/0001-37 | D43: (85) 3214-7900 | E43: Site: https://www.sveletrica.com/braco-para-luminaria-diametro-38mm-x-2-metros-com-luva-48mm-00a0001yj5/p?idsku=5301&srsltid=AfmBOoqo2EAo0M0FRrKAujFJkP-FLGMbrHUar7TyRjrVrgZ5dZb4cxRItVk | F43: Braço Para Luminária Diâmetro 38mm x 2 Metros Com Luva 48mm | G43: un | H43: 209.95
A44: 46246 | B44: LUZ ATUAL ILUMINACAO LTDA | C44: 20.112.049/0001-43 | D44: (11) 97058-8012 | E44: Contato com o fornecedor via site direcionado para e-mail: murilo@luzatual.com.br; resposta emitida em 12/08/2026; responsável: Murillo Dias, setor comercial | F44: BRAÇO CURVO COM SAPATA2M X 48MM G. FOGO | G44: un | H44: 145
F45: CUSTO UNITÁRIO | H45: =TRUNC(AVERAGE(H40:H44),2) -> 177.9

Sheet AUX COTAÇÕES
A1: COTAÇÕES - Decreto Municipal nº 1.206/2023
A3: Para a obtenção dos preços unitários dos guarda-corpos, foram realizados contatos para cotação com as seguintes fornecedoras:
A5: PetrOfisa do Brasil Ltda (CNPJ: 02.240.839/0001-22)
A6: Fornecedor: | B6: PetrOfisa
A7: CNPJ: | B7: 02.240.839/0001-22
A8: E-mail: | B8: sonia.santos@petrofisa.com.br
A9: Resposta emitida em: | B9: 46169
A10: Apresentou proposta: | B10: Não
A11: Situação: | B11: -
A12: Observação: | B12: Empresa informou que, após análise do projeto, não é recomendado o padrão de guarda-corpo produzido.
A14: Tech Composites Indústria e Comércio Ltda
A15: Fornecedor: | B15: Tech Composites
A16: CNPJ: | B16: 02.758.940/0001-70
A17: E-mail: | B17: comercial2@techcomposites.com.br
A18: Resposta emitida em: | B18: 46176
A19: Apresentou proposta: | B19: Sim
A20: Situação: | B20: Analisado
A21: Observação: | B21: Valores unitários apresentados sem incidência de IPI.
B22: Valores totais apresentados com incidência de IPI. Frete FOB.
B23: IPI: 3,25%
A25: C7 Indústria e Comércio Compósitos
A26: Fornecedor: | B26: C7 Compósitos
A27: CNPJ: | B27: 42.200.550/0001-02
A28: E-mail: | B28: fabiano.silva@c7compositos.com.br
A29: Resposta emitida em: | B29: 46181
A30: Apresentou proposta: | B30: Sim
A31: Situação: | B31: Não atende
A32: Observação: | B32: Os itens apresentados na proposta comercial não atenderam às especificações de projeto.
A34: Jamar Produtos Pultrudados Ltda
A35: Fornecedor: | B35: Jamar Pultrudados
A36: CNPJ: | B36: 02.672.790/0001-87
A37: Telefone Whatsapp: | B37: +55 51 99225-0521
A38: Resposta emitida em: | B38: 46226
A39: Apresentou proposta: | B39: Sim
A40: Situação: | B40: Analisado
A41: Observação: | B41: Valores unitários apresentados sem incidência de IPI.
B42: Valores totais apresentados com incidência de IPI. Frete CIF.
B43: IPI: 3,25%

Sheet MOBILIZAÇÃO
A1: MOBILIZAÇÃO / DESMOBILIZAÇÃO
I2: TABELA DE REFERÊNCIA SICRO - ABRIL/2026
A3: Composição | B3: Equipamento | C3: Descrição | D3: Unidade | E3: Cód | F3: Ref | G3: DM (km) | H3: K | I3: FU | J3: V (km/h) | K3: CHP SD | L3: CHP CD | M3: CMob SD | N3: Cmob CD | O3: Equipamento a ser transportado
A4: MOB-001 | B4: Cavalo mecânico com semirreboque | C4: Cavalo mecânico com semirreboque com capacidade de 20 t - 276 kW | D4: Serviço | E4: E9665 | F4: SICRO | G4: 30 | H4: 2 | I4: 1 | J4: 30 | K4: 493.3799 | L4: 491.0438 | M4: =+((G4*H4*I4)/J4)*K4 -> 986.7598 | N4: =+((G4*H4*I4)/J4)*L4 -> 982.0876 | O4: Retroescavadeira
A5: MOB-002 | B5: Cavalo mecânico com semirreboque | C5: Cavalo mecânico com semirreboque com capacidade de 20 t - 276 kW | D5: Serviço | E5: E9665 | F5: SICRO | G5: 30 | H5: 2 | I5: 1 | J5: 30 | K5: 493.3799 | L5: 491.0438 | M5: =+((G5*H5*I5)/J5)*K5 -> 986.7598 | N5: =+((G5*H5*I5)/J5)*L5 -> 982.0876 | O5: Bate-Estacas
A6: MOB-003 | B6: Cavalo mecânico com semirreboque | C6: Cavalo mecânico com semirreboque com capacidade de 32 t - 302 kW | D6: Serviço | E6: E9666 | F6: SICRO | G6: 30 | H6: 2 | I6: 1 | J6: 30 | K6: 548.8694 | L6: 546.5333 | M6: =+((G6*H6*I6)/J6)*K6 -> 1097.7388 | N6: =+((G6*H6*I6)/J6)*L6 -> 1093.0666 | O6: Guindaste hidráulico autopropelido
A7: MOB-004 | B7: Caminhão guindauto | C7: Caminhão guindauto com capacidade de elevação de 6,2 t e carroceria de 7 t - 136 kW | D7: Serviço | E7: E9686 | F7: SICRO | G7: 30 | H7: 2 | I7: 1 | J7: 30 | K7: 371.8611 | L7: 369.525 | M7: =+((G7*H7*I7)/J7)*K7 -> 743.7222 | N7: =+((G7*H7*I7)/J7)*L7 -> 739.05 | O7: Container metálico
F9: Fonte: DNIT, 2023. MANUAL DE CUSTOS DE INFRAESTRUTURA DE TRANSPORTES. Link para acesso: https://www.gov.br/dnit/pt-br/assuntos/planejamento-e-pesquisa/custos-referenciais/sistemas-de-custos/sicro/relatorios/relatorio-de-ocorrencias-do-sicro-1/anexo-revisional_02-2023_mob-desmob.pdf

Sheet SINAPI
A1: Referência: SINAPI JULHO/2026
A3: CÓD | B3: REF | C3: DESCRIÇÃO | D3: UNID | E3: VALOR UNIT SD | F3: VALOR UNIT CD
A4: 1525 | B4: SINAPI | C4: CONCRETO USINADO BOMBEAVEL, CLASSE DE RESISTENCIA C30, BRITA 0 E 1, SLUMP = 100 +/- 20 MM, COM BOMBEAMENTO (DISPONIBILIZACAO DE BOMBA), SEM O LANCAMENTO (NBR 8953) | D4: m³ | E4: 520.48 | F4: 520.48
A5: 1527 | B5: SINAPI | C5: CONCRETO USINADO BOMBEAVEL, CLASSE DE RESISTENCIA C25, BRITA 0 E 1, SLUMP = 100 +/- 20 MM, COM BOMBEAMENTO (DISPONIBILIZACAO DE BOMBA), SEM O LANCAMENTO (NBR 8953) | D5: m³ | E5: 504.95 | F5: 504.95
A6: 10775 | B6: SINAPI | C6: LOCACAO DE CONTAINER 2,30 X 6,00 M, ALT. 2,50 M, COM 1 SANITARIO, PARA ESCRITORIO, COMPLETO, SEM DIVISORIAS INTERNAS (NAO INCLUI MOBILIZACAO/DESMOBILIZACAO) | D6: mês | E6: 1000 | F6: 1000
A7: 34479 | B7: SINAPI | C7: CONCRETO USINADO BOMBEAVEL, CLASSE DE RESISTENCIA C40, BRITA 0 E 1, SLUMP = 100 +/- 20 MM, COM BOMBEAMENTO (DISPONIBILIZACAO DE BOMBA), SEM O LANCAMENTO (NBR 8953) | D7: m³ | E7: 551.56 | F7: 551.56
A8: 90082 | B8: SINAPI | C8: ESCAVAÇÃO MECANIZADA DE VALA COM PROF. ATÉ 1,5 M (MÉDIA MONTANTE E JUSANTE/UMA COMPOSIÇÃO POR TRECHO), ESCAVADEIRA (0,8 M3), LARG. DE 1,5 M A 2,5 M, EM SOLO DE 1A CATEGORIA, EM LOCAIS COM ALTO NÍVEL DE INTERFERÊNCIA. AF_09/2024 | D8: m³ | E8: 10.74 | F8: 10.54
A9: 91596 | B9: SINAPI | C9: ARMAÇÃO DO SISTEMA DE PAREDES DE CONCRETO, EXECUTADA COMO ARMADURA POSITIVA DE LAJES, TELA Q-138. AF_12/2024 | D9: kg | E9: 9.65 | F9: 9.63
A10: 94319 | B10: SINAPI | C10: ATERRO MANUAL DE VALAS COM SOLO ARGILO-ARENOSO. AF_08/2023 | D10: m³ | E10: 91.59 | F10: 89.92
A11: 96523 | B11: SINAPI | C11: ESCAVAÇÃO MANUAL PARA BLOCO DE COROAMENTO OU SAPATA (INCLUINDO ESCAVAÇÃO PARA COLOCAÇÃO DE FÔRMAS). AF_01/2024 | D11: m³ | E11: 137 | F11: 130.04
A12: 96531 | B12: SINAPI | C12: FABRICAÇÃO, MONTAGEM E DESMONTAGEM DE FÔRMA PARA BLOCO DE COROAMENTO, EM MADEIRA SERRADA, E=25 MM, 2 UTILIZAÇÕES. AF_01/2024 | D12: m² | E12: 122.22 | F12: 117.88
A13: 97636 | B13: SINAPI | C13: DEMOLIÇÃO PARCIAL DE PAVIMENTO ASFÁLTICO, DE FORMA MECANIZADA, SEM REAPROVEITAMENTO. AF_09/2023 | D13: m² | E13: 26.93 | F13: 26.1
A14: 97721 | B14: SINAPI | C14: FORNECIMENTO E MONTAGEM DE LAJES ALVEOLARES PRÉ-FABRICADAS, INCLUSO IÇAMENTO COM GUINDASTE. AF_03/2024 | D14: m³ | E14: 82.16 | F14: 79.83
A15: 99439 | B15: SINAPI | C15: CONCRETAGEM DE EDIFICAÇÕES (PAREDES E LAJES) FEITAS COM SISTEMA DE FÔRMAS MANUSEÁVEIS, COM CONCRETO USINADO BOMBEÁVEL FCK 25 MPA - LANÇAMENTO, ADENSAMENTO E ACABAMENTO. AF_09/2024 | D15: m³ | E15: 677.49 | F15: 675.21
... A17: 103689 | B17: SINAPI | C17: FORNECIMENTO E INSTALAÇÃO DE PLACA DE OBRA COM CHAPA GALVANIZADA E ESTRUTURA DE MADEIRA. AF_03/2022_PS | D17: m² | E17: 508.82 | F17: 505.8

Sheet SICRO
A1: Referência: SICRO ABRIL/2026
A3: CÓD | B3: REF | C3: DESCRIÇÃO | D3: UNID | E3: VALOR UNIT SD | F3: VALOR UNIT CD
A4: 407819 | B4: SICRO | C4: ARMAÇÃO EM AÇO CA-50 - FORNECIMENTO, PREPARO E COLOCAÇÃO - BLOCO | D4: kg | E4: 12.65 | F4: 12.31
A5: 2003850 | B5: SICRO | C5: LASTRO DE BRITA COMERCIAL COMPACTADO COM SOQUETE VIBRATÓRIO - ESPALHAMENTO MANUAL | D5: m³ | E5: 148.53 | F5: 147.81
A6: 2306105 | B6: SICRO | C6: Estaca pré-moldada de concreto protendido 23 x 23 cm - produzida - sem emenda - cravação | D6: m | E6: 124.96 | F6: 123.31
A7: 2306247 | B7: SICRO | C7: Arrasamento de estacas de concreto com seção de até 900 cm² | D7: m³ | E7: 309.04 | F7: 301.96
A8: 3108004 | B8: SICRO | C8: Fôrmas de compensado resinado 14 mm - uso geral - utilização de 2 vezes - confecção, instalação e retirada | D8: m² | E8: 98.74 | F8: 96.17
A9: 3807862 | B9: SICRO | C9: Chumbador de expansão controlada por torque para concreto D = 8 mm - fornecimento e instalação | D9: ud. | E9: 4.48 | F9: 4.36
A10: 5212560 | B10: SICRO | C10: PLACA DE ADVERTÊNCIA PARA SINALIZAÇÃO DE OBRAS MONTADA EM SUPORTE METÁLICO MÓVEL, LADO 1,00 M - UTILIZAÇÃO DE 600 CICLOS - FORNECIMENTO, 01 IMPLANTAÇÃO E 01 RETIRADA DIÁRIA | D10: un.dia | E10: 4.75 | F10: 4.66
A11: 5213835 | B11: SICRO | C11: CONE PLÁSTICO PARA CANALIZAÇÃO DE TRÂNSITO - UTILIZAÇÃO DE 150 CICLOS - FORNECIMENTO, 01 IMPLANTAÇÃO E 01 RETIRADA DIÁRIA | D11: un.dia | E11: 0.93 | F11: 0.93
A12: M0647 | B12: SICRO | C12: Estaca pré-moldada de concreto protendido com compressão admissível de 25 t | D12: m | E12: 59.2 | F12: 59.2

Sheet SIURB
A1: Referência: SIURB JANEIRO/2026
A3: CÓD | B3: REF | C3: DESCRIÇÃO | D3: UNID | E3: VALOR UNIT SD | F3: VALOR UNIT CD
A4: 88306 | B4: SIURB | C4: LAJE EM PAINEL PROTENDIDO ALVEOLAR - 340KG/M2 | D4: m² | E4: 384.05 | F4: 384.05

Sheet ORSE
A1: Referência: ORSE JUNHO/2026
A3: CÓD | B3: REF | C3: DESCRIÇÃO | D3: UNID | E3: VALOR UNIT SD | F3: VALOR UNIT CD
A4: 8808 | B4: ORSE | C4: Barra redonda de aço mecanico laminado 5/8" (1,56 kg/m) | D4: m | E4: 20.53 | F4: 20.53

Sheet aux calc
B2: guarda corpo
B3: inclinado
B4: 1695 | C4: =B4/150 -> 11.3 | D4: 11
B5: 1695 | C5: =B5/150 -> 11.3 | D5: 11
B6: 1695 | C6: =B6/150 -> 11.3 | D6: 11
B7: 1695 | C7: =B7/150 -> 11.3 | D7: 11
B8: 1750 | C8: =B8/150 -> 11.666667 | D8: =ROUNDUP(B8/150,0) -> 12
B9: 1750 | C9: =B9/150 -> 11.666667 | D9: =ROUNDUP(B9/150,0) -> 12
B10: 1750 | C10: =B10/150 -> 11.666667 | D10: =ROUNDUP(B10/150,0) -> 12
B11: 1750 | C11: =B11/150 -> 11.666667 | D11: =ROUNDUP(B11/150,0) -> 12
B12: 1225 | C12: =B12/150 -> 8.1666667 | D12: 8
B13: 1225 | C13: =B13/150 -> 8.1666667 | D13: 8
B15: reto
B16: 250 | C16: =B16/150 -> 1.6666667 | D16: =ROUNDUP(B16/150,0) -> 2
B17: 250 | C17: =B17/150 -> 1.6666667 | D17: =ROUNDUP(B17/150,0) -> 2
B18: 1335 | C18: =B18/150 -> 8.9 | D18: =ROUNDUP(B18/150,0) -> 9
B19: 1085 | C19: =B19/150 -> 7.2333333 | D19: =ROUNDUP(B19/150,0) -> 8
B20: 1040 | C20: =B20/150 -> 6.9333333 | D20: =ROUNDUP(B20/150,0) -> 7
B21: 1165 | C21: =B21/150 -> 7.7666667 | D21: =ROUNDUP(B21/150,0) -> 8
B22: 250 | C22: =B22/150 -> 1.6666667 | D22: =ROUNDUP(B22/150,0) -> 2
B23: 250 | C23: =B23/150 -> 1.6666667 | D23: =ROUNDUP(B23/150,0) -> 2
D24: =ROUNDUP(B24/150,0) -> 0
D25: =ROUNDUP(B25/150,0) -> 0
D27: =SUM(D4:D25) -> 148 | E27: =D27*4 -> 592

Sheet SMOP ALO-ICO-MOB S.D 2023-04
C2: PREFEITURA MUNICIPAL DE CURITIBA
C3: SECRETARIA MUNICIPAL DE OBRAS PÚBLICAS - SMOP
C4: TABELA DE CUSTOS UNITÁRIOS - ABRIL/2023
B5: SEM DESONERAÇÃO | E5: Valores em Reais
B6: ADMINISTRAÇÃO LOCAL DA OBRA
B7: CÓDIGO | C7: DISCRIMINAÇÃO | D7: UN | E7: B.D.I=0,00%
B8: ALO-001 | C8: VEÍCULO PARA FISCALIZAÇÃO DE OBRAS, INCLUINDO COMBUSTÍVEL, MANUTENÇÃO E SEGURO TOTAL | D8: MÊS | E8: 3322.87
B9: ALO-002 | C9: VEÍCULO UTILITÁRIO PEQUENO, INCLUINDO COMBUSTÍVEL, MANUTENÇÃO E SEGURO TOTAL | D9: MÊS | E9: 4076.02
B10: ALO-003 | C10: EQUIPE DE TOPOGRAFIA, INCLUINDO EQUIPAMENTOS, PESSOAL E VEÍCULO UTILITÁRIO COM MANUTENÇÃO E SEGURO | D10: MÊS | E10: 18577.98
B11: ALO-004 | C11: LOCAÇÃO DE EQUIPAMENTO DE TOPOGRAFIA | D11: MÊS | E11: 1453.5
B12: ALO-005 | C12: LOCAÇÃO DE SANITÁRIO QUÍMICO COM DUAS LIMPEZAS SEMANAIS | D12: MÊS | E12: 781.79
B13: ALO-006 | C13: LOCAÇÃO DE CONTAINER PARA ESCRITÓRIO MEDINDO 2,30 X 6,00 M E ALTURA DE 2,50 M, COM 1 SANITÁRIO COMPLETO | D13: MÊS | E13: 975.12
B14: ALO-007 | C14: LOCAÇÃO DE CONTAINER PARA SANITÁRIO E VESTIÁRIO MEDINDO 2,30 X 4,30 M E ALTURA DE 2,50 M, COM 3 BACIAS, 4 CHUVEIROS, 1 MICTÓRIO E 1 LAVATÓRIO | D14: MÊS | E14: 1103.76
B15: ALO-008 | C15: LOCAÇÃO DE CONTAINER PARA DEPÓSITO MEDINDO 2,30 X 6,00 M E ALTURA DE 2,50 M | D15: MÊS | E15: 767.3
B16: ALO-009 | C16: CONSUMO DE ÁGUA E ESGOTO | D16: MÊS | E16: 655.38
B17: ALO-010 | C17: CONSUMO DE ENERGIA | D17: MÊS | E17: 364.04
B18: ALO-011 | C18: DESPESAS CORRENTES DO ESCRITÓRIO PARA 1 CONTAINER DE ESCRITÓRIO MEDINDO 2,30 X 6,00 M E ALTURA DE 2,50 M, COM 1 SANITÁRIO COMPLETO | D18: MÊS | E18: 2174.95
B19: 20193 | C19: LOCAÇÃO DE ANDAIME METÁLICO TIPO FACHADEIRO, LARGURA DE 1,20 M, ALTURA POR PEÇA DE 2,0 M, INCLUINDO SAPATAS E ITENS NECESSARIOS A INSTALACAO | D19: M2XMÊS | E19: 6.49
B20: 10527 | C20: LOCAÇÃO DE ANDAIME METALICO TUBULAR DE ENCAIXE, TIPO DE TORRE, COM LARGURA DE 1 ATE 1,5 M E ALTURA DE 1,00 M (INCLUSO SAPATAS FIXAS OU RODIZIOS) | D20: MXMES | E20: 19.5
B21: INSTALAÇÃO DO CANTEIRO DA OBRA
B22: CÓDIGO | C22: DISCRIMINAÇÃO | D22: UN | E22: B.D.I=0,00%
B23: ICO-001 | C23: PLACA DE OBRA EM CHAPA GALVANIZADA, INCLUSIVE ESTRUTURA DE MADEIRA | D23: M² | E23: 396.32
B24: ICO-002 | C24: PLACA DE SINALIZAÇÃO EM CHAPA DE MADEIRA COMPENSADA 12 MM, DIMENSÕES DE 1,00 X 1,00 M | D24: UD | E24: 221.43
B25: ICO-003 | C25: PLACA DE SINALIZAÇÃO EM CHAPA DE MADEIRA COMPENSADA 12 MM, DIMENSÕES DE 2,00 X 1,00 M | D25: UD | E25: 408.56
B26: ICO-004 | C26: CAVALETE DE SINALIZAÇÃO 1,00 X 1,00 M PINTADO COM COR BRANCO E LARANJA | D26: UD | E26: 311.31
B27: ICO-005 | C27: CAVALETE DE SINALIZAÇÃO 2,00 X 1,00 M PINTADO COM COR BRANCO E LARANJA | D27: UD | E27: 458.34
B28: ICO-006 | C28: COLOCAÇÃO DE CONE DE SINALIZAÇÃO EM PVC COM FAIXA REFLETIVA H=75 CM COM REUTILIZAÇÃO DE 100 VEZES | D28: UD | E28: 0.62
B29: 93584 | C29: EXECUÇÃO DE BARRACÃO EM CANTEIRO DE OBRA EM CHAPA DE MADEIRA COMPENSADA, COBERTURA COM TELHAS DE FIBROCIMENTO, ESQUADRIAS DE FERRO, PISO EM CONCRETO MAGRO, INCLUSIVE PINTURA E INSTALAÇÃO ELÉTICA | D29: M² | E29: 1118.9
B30: 98458 | C30: TAPUME COM COMPENSADO DE MADEIRA | D30: M² | E30: 169.65
B31: 98459 | C31: TAPUME COM TELHA METÁLICA | D31: M² | E31: 142.43
B32: 99059 | C32: LOCAÇÃO DA OBRA UTILIZANDO GABARITO DE TÁBUAS CORRIDAS PONTALETADAS A CADA 2,00M - 2 UTILIZAÇÕES | D32: M | E32: 67.7
B33: ICO-007 | C33: SONDAGEM PERCUSSIVA COM ENSAIO DE PENETRAÇÃO | D33: M | E33: 126.16
B34: ICO-008 | C34: DEMOLIÇÃO MECÂNICA DE EDIFICAÇÃO SEM REAPROVEITAMENTO | D34: M² | E34: 18.35
B35: ICO-009 | C35: DEMOLIÇÃO MECÂNICA DE EDIFICAÇÃO SEM REAPROVEITAMENTO | D35: M³ | E35: 106.66
B36: ICO-010 | C36: ROÇADA COM ROÇADEIRA COSTAL PARA LIMPEZA DE TERRENO, INCLUSIVE REMOÇÃO DE ENTULHOS | D36: M² | E36: 0.44
B37: ICO-011 | C37: ENTRADA PROVISÓRIA DE ÁGUA E ESGOTO | D37: UD | E37: 670.83
B38: ICO-012 | C38: ENTRADA PROVISÓRIA DE ENERGIA ELÉTRICA | D38: UD | E38: 2648.96
B39: 97063 | C39: MONTAGEM E DESMONTAGEM DE ANDAIME MODULAR FACHADEIRO | D39: M² | E39: 12.8
B40: 97064 | C40: MONTAGEM E DESMONTAGEM DE ANDAIME TUBULAR TIPO TORRE | D40: M | E40: 23.53
B41: MOBILIZAÇÃO, DESMOBILIZAÇÃO E TRANSPORTE
B42: CÓDIGO | C42: DISCRIMINAÇÃO | D42: UN | E42: B.D.I=0,00%
B43: MOB-001 | C43: MOBILIZAÇÃO INDIVIDUAL DE ESCAVADEIRA HIDRÁULICA / MOTONIVELADORA / TRATOR DE ESTEIRA / FRESADORA (22,00 T a 30,00 T) | D43: VIAGEM | E43: 2191.38
B44: MOB-002 | C44: DESMOBILIZAÇÃO INDIVIDUAL DE ESCAVADEIRA HIDRÁULICA / MOTONIVELADORA / TRATOR DE ESTEIRA / FRESADORA (22,00 T a 30,00 T) | D44: VIAGEM | E44: 2191.38
B45: MOB-003 | C45: MOBILIZAÇÃO INDIVIDUAL DE PÁ CARREGADEIRA / ROLO COMPACTADOR DE PNEUS / ROLO COMPACTADOR LISO VIBRATÓRIO / ROLO COMPACTADOR PÉ DE CARNEIRO (ATÉ 22,00 T) | D45: VIAGEM | E45: 1633.68
B46: MOB-004 | C46: DESMOBILIZAÇÃO INDIVIDUAL DE PÁ CARREGADEIRA / ROLO COMPACTADOR DE PNEUS / ROLO COMPACTADOR LISO VIBRATÓRIO / ROLO COMPACTADOR PÉ DE CARNEIRO (ATÉ 22,00 T) | D46: VIAGEM | E46: 1633.68
B47: MOB-005 | C47: MOBILIZAÇÃO INDIVIDUAL DE RETROESCAVADEIRA / PAVIMENTADORA DE ASFALTO / ROLO COMPACTADOR TANDEN (ATÉ 15,00 T) | D47: VIAGEM | E47: 873.25
B48: MOB-006 | C48: DESMOBILIZAÇÃO INDIVIDUAL DE RETROESCAVADEIRA / PAVIMENTADORA DE ASFALTO / ROLO COMPACTADOR TANDEN (ATÉ 15,00 T) | D48: VIAGEM | E48: 873.25
B49: MOB-007 | C49: TRANSPORTE E ENTREGA DE CONTAINER METÁLICO | D49: UD | E49: 697.07
B50: MOB-008 | C50: TRANSPORTE E RETIRADA DE CONTAINER METÁLICO | D50: UD | E50: 697.07
B51: MOB-009 | C51: TRANSPORTE EM CAMINHÃO CARROCERIA COM CAPACIDADE DE CARGA DE 15 T E DISTÃNCIA ATÉ 30 KM | D51: VIAGEM | E51: 873.25
B52: MOB-010 | C52: TRANSPORTE DE VIGAS PRÉ MOLDADAS EM CAVALO MECÂNICO COM SEMI REBOQUE COM CAPACIDADE ATÉ 30 T E DISTÂNCIA ATÉ 30 KM | D52: VIAGEM | E52: 1765.67
B53: MOB-011 | C53: TRANSPORTE EM CAMINHÃO CARROCERIA COM CAPACIDADE DE CARGA DE 5 T | D53: TxKM | E53: 3.17
B54: 100947 | C54: TRANSPORTE EM CAMINHÃO CARROCERIA COM CAPACIDADE DE CARGA DE 9 T | D54: TxKM | E54: 2.17
B55: MOB-012 | C55: TRANSPORTE EM CAMINHÃO CARROCERIA COM CAPACIDADE DE CARGA DE 15 T | D55: TxKM | E55: 1.87
B56: 97918 | C56: TRANSPORTE EM CAMINHÃO BASCULANTE COM CAPACIDADE DE CARGA DE 6 M³ | D56: TxKM | E56: 1.91
B57: 95878 | C57: TRANSPORTE EM CAMINHÃO BASCULANTE COM CAPACIDADE DE CARGA DE 10 M³ | D57: TxKM | E57: 1.61
B58: 95879 | C58: TRANSPORTE EM CAMINHÃO BASCULANTE COM CAPACIDADE DE CARGA DE 14 M³ | D58: TxKM | E58: 1.41
B59: 97914 | C59: TRANSPORTE EM CAMINHÃO BASCULANTE COM CAPACIDADE DE CARGA DE 6 M³ | D59: M³xKM | E59: 2.86
B60: 95875 | C60: TRANSPORTE EM CAMINHÃO BASCULANTE COM CAPACIDADE DE CARGA DE 10 M³ | D60: M³xKM | E60: 2.4
B61: 95876 | C61: TRANSPORTE EM CAMINHÃO BASCULANTE COM CAPACIDADE DE CARGA DE 14 M³ | D61: M³xKM | E61: 2.09
B62: 102331 | C62: TRANSPORTE DE MATERIAL ASFÁLTICO EM CARRETA COM CAPACIDADE DE CARGA DE 20.000 L, ADICIONAL PARA O EXCEDENTE A 30 KM | D62: TxKM | E62: 0.53
B63: 102332 | C63: TRANSPORTE DE MATERIAL ASFÁLTICO EM CARRETA COM CAPACIDADE DE CARGA DE 20.000 L PARA DISTÂNCIAS ATÉ 30 KM | D63: TxKM | E63: 1.78
B64: MOB-013 | C64: TRANSPORTE DE MATERIAL BETUMINOSO COM CAMINHÃO DISTRIBUIDOR | D64: TxKM | E64: 1.84
B65: MOB-014 | C65: TRANSPORTE EM CAMINHÃO BASCULANTE COM CAPACIDADE DE CARGA DE 10 M³ - DMT ATÉ 500 M | D65: M³ | E65: 2.5
B66: MOB-015 | C66: TRANSPORTE EM CAMINHÃO BASCULANTE COM CAPACIDADE DE CARGA DE 10 M³ - DMT DE 501 M ATÉ 1000 M | D66: M³ | E66: 3.08
B67: MOB-016 | C67: TRANSPORTE EM CAMINHÃO BASCULANTE COM CAPACIDADE DE CARGA DE 10 M³ - DMT DE 1001 M ATÉ 5000 M | D67: M³ | E67: 7.71
B68: MOB-017 | C68: TRANSPORTE EM CAMINHÃO BASCULANTE COM CAPACIDADE DE CARGA DE 10 M³ - DMT DE 5001 M ATÉ 10000 M | D68: M³ | E68: 13.51
B69: MOB-018 | C69: TRANSPORTE EM CAMINHÃO BASCULANTE COM CAPACIDADE DE CARGA DE 10 M³ - DMT DE 10001 M ATÉ 15000 M | D69: M³ | E69: 19.29
B70: MOB-019 | C70: TRANSPORTE EM CAMINHÃO BASCULANTE COM CAPACIDADE DE CARGA DE 10 M³ - DMT DE 15001 M ATÉ 20000 M | D70: M³ | E70: 25.08
B71: MOB-020 | C71: TRANSPORTE EM CAMINHÃO CARROCERIA COM CAPACIDADE DE CARGA DE 17 T E GUINDAUTO DE 20 T.M | D71: TxKM | E71: 3.43
B72: MOB-021 | C72: TRANSPORTE EM CAMINHÃO CARROCERIA COM CAPACIDADE DE CARGA DE 24 T E GUINDAUTO DE 45 T.M | D72: TxKM | E72: 4.4
B73: MOB-022 | C73: MOBILIZAÇÃO INDIVIDUAL DE PERFURATRIZ PARA ESTACA HÉLICE CONTÍNUA OU BATE-ESTACA POR GRAVIDADE DISTÂNCIA ATÉ 50 KM | D73: VIAGEM | E73: 709.51
B74: MOB-023 | C74: DESMOBILIZAÇÃO INDIVIDUAL DE PERFURATRIZ PARA ESTACA HÉLICE CONTÍNUA OU BATE-ESTACA POR GRAVIDADE DISTÂNCIA ATÉ 50 KM | D74: VIAGEM | E74: 709.51
B75: MOB-024 | C75: MOBILIZAÇÃO INDIVIDUAL DE PERFURATRIZ HIDRÁULICA SOBRE ESTEIRAS COM CABEÇOTE DUPLO E CAMISA METÁLICA PARA ESTACAS SECANTES DISTÂNCIA ATÉ 50 KM | D75: VIAGEM | E75: 4780.97
... B89: MOB-038 | C89: DESLOCAMENTO ENTRE FUROS EM TERRENO ACIDENTADO DE EQUIPAMENTO DE SONDAGEM A PERCUSSÃO DISTÂNCIA MAIOR QUE 50 M | D89: VIAGEM | E89: 232.62

Sheet SMOP INFRA S.D 2023-04
C2: PREFEITURA MUNICIPAL DE CURITIBA
C3: SECRETARIA MUNICIPAL DE OBRAS PÚBLICAS - SMOP
C4: TABELA DE CUSTOS UNITÁRIOS - ABRIL/2023
B5: SEM DESONERAÇÃO | E5: Valores em Reais
C6: GALERIA DE ÁGUAS PLUVIAIS
B7: CÓDIGO | C7: DISCRIMINAÇÃO | D7: UN | E7: B.D.I=0,00%
B8: 93358 | C8: ESCAVAÇÃO MANUAL DE VALAS COM PROFUNDIDADE MENOR OU IGUAL A 1,30 M | D8: M³ | E8: 99.37
B9: 90099 | C9: ESCAVAÇÃO MECANIZADA DE VALA COM PROF. ATÉ 1,5 M, LARGURA MENOR QUE 0,8 M, COM RETROESCAVADEIRA, EM SOLO DE 1A CATEGORIA, EM LOCAIS COM ALTO NÍVEL DE INTERFERÊNCIA | D9: M³ | E9: 16.26
B10: 90100 | C10: ESCAVAÇÃO MECANIZADA DE VALA COM PROF. ATÉ 1,5 M, LARGURA DE 0,8 M A 1,5 M, COM RETROESCAVADEIRA, EM SOLO DE 1A CATEGORIA, EM LOCAIS COM ALTO NÍVEL DE INTERFERÊNCIA | D10: M³ | E10: 13.8
B11: 90101 | C11: ESCAVAÇÃO MECANIZADA DE VALA COM PROF. MAIOR QUE 1,5 M ATÉ 3,0 M, LARGURA MENOR QUE 0,8 M, COM RETROESCAVADEIRA, EM SOLO DE 1A CATEGORIA, EM LOCAIS COM ALTO NÍVEL DE INTERFERÊNCIA | D11: M³ | E11: 13.63
B12: 90102 | C12: ESCAVAÇÃO MECANIZADA DE VALA COM PROF. MAIOR QUE 1,5 M ATÉ 3,0 M, LARGURA DE 0,8 M A 1,5 M, COM RETROESCAVADEIRA, EM SOLO DE 1A CATEGORIA, EM LOCAIS COM ALTO NÍVEL DE INTERFERÊNCIA | D12: M³ | E12: 12.4
B13: 90086 | C13: ESCAVAÇÃO MECANIZADA DE VALA COM PROF. MAIOR QUE 3,0 M ATÉ 4,5 M, LARGURA MENOR QUE 1,5 M, COM ESCAVADEIRA HIDRÁULICA, EM SOLO DE 1A CATEGORIA, EM LOCAIS COM ALTO NÍVEL DE INTERFERÊNCIA | D13: M³ | E13: 11.06
B14: 90087 | C14: ESCAVAÇÃO MECANIZADA DE VALA COM PROF. MAIOR QUE 3,0 M ATÉ 4,5 M, LARGURA DE 1,5 M A 2,5 M, COM ESCAVADEIRA HIDRÁULICA, EM SOLO DE 1A CATEGORIA, EM LOCAIS COM ALTO NÍVEL DE INTERFERÊNCIA | D14: M³ | E14: 10.05
B15: 102277 | C15: ESCAVAÇÃO MECANIZADA DE VALA COM PROF. MAIOR QUE 4,5 M ATÉ 6,0 M, LARGURA MENOR QUE 1,5 M, COM ESCAVADEIRA HIDRÁULICA, EM SOLO DE 1A CATEGORIA, EM LOCAIS COM ALTO NÍVEL DE INTERFERÊNCIA | D15: M³ | E15: 10.74
B16: 90090 | C16: ESCAVAÇÃO MECANIZADA DE VALA COM PROF. MAIOR QUE 4,5 M ATÉ 6,0 M, LARGURA DE 1,5 M A 2,5 M, COM ESCAVADEIRA HIDRÁULICA, EM SOLO DE 1A CATEGORIA, EM LOCAIS COM ALTO NÍVEL DE INTERFERÊNCIA | D16: M³ | E16: 9.83
B17: 90105 | C17: ESCAVAÇÃO MECANIZADA DE VALA COM PROF. ATÉ 1,5 M, LARGURA MENOR QUE 0,8 M, COM RETROESCAVADEIRA, EM SOLO DE 1A CATEGORIA, EM LOCAIS COM BAIXO NÍVEL DE INTERFERÊNCIA | D17: M³ | E17: 8.96
B18: 90106 | C18: ESCAVAÇÃO MECANIZADA DE VALA COM PROF. ATÉ 1,5 M, LARGURA DE 0,8 M A 1,5 M, COM RETROESCAVADEIRA, EM SOLO DE 1A CATEGORIA, EM LOCAIS COM BAIXO NÍVEL DE INTERFERÊNCIA | D18: M³ | E18: 7.61
B19: 90107 | C19: ESCAVAÇÃO MECANIZADA DE VALA COM PROF. MAIOR QUE 1,5 M ATÉ 3,0 M, LARGURA MENOR QUE 0,8 M, COM RETROESCAVADEIRA, EM SOLO DE 1A CATEGORIA, EM LOCAIS COM BAIXO NÍVEL DE INTERFERÊNCIA | D19: M³ | E19: 7.51
... B76: 94341 | C76: ATERRO MECANIZADO DE VALA COM RETROESCAVADEIRA, LARGURA DE 0,8 A 1,5 M, PROFUNDIDADE DE 1,5 A 3,0 M, COM AREIA, SEM TRANSPORTE DO MATERIAL | D76: M³ | E76: 65.33
B77: GAP-001 | C77: EXECUÇÃO E COMPACTAÇÃO DE ATERRO COM SOLO ARGILOSO (EMPOLAMENTO 25%) | D77: M³ | E77: 134.43
B78: GAP-002 | C78: EXECUÇÃO E COMPACTAÇÃO DE ATERRO COM SOLO ARGILOSO (EMPOLAMENTO 25%) | D78: M³ | E78: 145.2
B79: GAP-003 | C79: COMPACTAÇÃO DE ATERRO COM SOQUETE VIBRATÓRIO | D79: M³ | E79: 19.26
B80: GAP-004 | C80: COMPACTAÇÃO DE ATERRO COM PLACA VIBRATÓRIA | D80: M³ | E80: 3.99
B81: 100973 | C81: CARGA EM CAMINHÃO BASCULANTE 6 M³ - CARGA COM PÁ CARREGADEIRA | D81: M3 | E81: 8.77
B82: 100974 | C82: CARGA EM CAMINHÃO BASCULANTE 10 M³ - CARGA COM PÁ CARREGADEIRA | D82: M3 | E82: 8.49
B83: 100975 | C83: CARGA EM CAMINHÃO BASCULANTE 14 M³ - CARGA COM PÁ CARREGADEIRA | D83: M3 | E83: 8.57
B84: 100981 | C84: CARGA DE ENTULHO EM CAMINHÃO BASCULANTE 6 M³ - CARGA COM ESCAVADEIRA HIDRÁULICA | D84: M3 | E84: 9.25
B85: 100982 | C85: CARGA DE ENTULHO EM CAMINHÃO BASCULANTE 10 M³ - CARGA COM ESCAVADEIRA HIDRÁULICA | D85: M3 | E85: 8.89
B86: 100983 | C86: CARGA DE ENTULHO EM CAMINHÃO BASCULANTE 14 M³ - CARGA COM ESCAVADEIRA HIDRÁULICA | D86: M3 | E86: 8.93
B87: GAP-005 | C87: CARGA MANUAL EM CAMINHÃO CARROCERIA 5 T | D87: T | E87: 32.61
B88: GAP-006 | C88: CARGA MANUAL EM CAMINHÃO CARROCERIA 9 T | D88: T | E88: 29.85
B89: GAP-007 | C89: CARGA MANUAL EM CAMINHÃO CARROCERIA 15 T | D89: T | E89: 36.2
B90: GAP-008 | C90: CARGA MANUAL DE ENTULHO EM CAMINHÃO BASCULANTE 6 M³ | D90: T | E90: 37.31
B91: GAP-009 | C91: FORNECIMENTO E ASSENTAMENTO DE CANALETA DE CONCRETO Ø 200 MM - INCLUSIVE TRANSPORTE | D91: M | E91: 30.67
B92: GAP-010 | C92: FORNECIMENTO E ASSENTAMENTO DE CANALETA DE CONCRETO Ø 300 MM - INCLUSIVE TRANSPORTE | D92: M | E92: 40.9
B93: GAP-011 | C93: FORNECIMENTO E ASSENTAMENTO DE CANALETA DE CONCRETO Ø 400 MM - INCLUSIVE TRANSPORTE | D93: M | E93: 54.17
B94: GAP-012 | C94: RETIRADA DE TUBO DE CONCRETO D=0,20M | D94: M | E94: 9.91
B95: GAP-013 | C95: RETIRADA DE TUBO DE CONCRETO D=0,30M | D95: M | E95: 10.82
B96: GAP-014 | C96: RETIRADA DE TUBO DE CONCRETO D=0,40M | D96: M | E96: 11.9
B97: GAP-015 | C97: RETIRADA DE TUBO DE CONCRETO D=0,50M | D97: M | E97: 15.19
B98: GAP-016 | C98: RETIRADA DE TUBO DE CONCRETO D=0,60M | D98: M | E98: 15.5
... B118: GAP-036 | C118: FORNECIMENTO E ASSENTAMENTO DE TUBO DE CONCRETO SIMPLES - PS1, DIÂMETRO DE 200 MM, PONTA E BOLSA, EM LOCAL COM BAIXO NÍVEL DE INTERFERÊNCIAS (PESO = 0,0615 T) | D118: M | E118: 51.59
B119: 95567 | C119: FORNECIMENTO E ASSENTAMENTO DE TUBO DE CONCRETO SIMPLES - PS1, DIÂMETRO DE 300 MM, PONTA E BOLSA, EM LOCAL COM BAIXO NÍVEL DE INTERFERÊNCIAS (PESO = 0,0870 T) | D119: M | E119: 75.88
B120: 95568 | C120: FORNECIMENTO E ASSENTAMENTO DE TUBO DE CONCRETO SIMPLES - PS1, DIÂMETRO DE 400 MM, PONTA E BOLSA, EM LOCAL COM BAIXO NÍVEL DE INTERFERÊNCIAS (PESO = 0,1450 T) | D120: M | E120: 94.32
B121: 95569 | C121: FORNECIMENTO E ASSENTAMENTO DE TUBO DE CONCRETO SIMPLES - PS1, DIÂMETRO DE 500 MM, PONTA E BOLSA, EM LOCAL COM BAIXO NÍVEL DE INTERFERÊNCIAS (PESO = 0,2280 T) | D121: M | E121: 124.13
B122: GAP-037 | C122: FORNECIMENTO E ASSENTAMENTO DE TUBO DE CONCRETO SIMPLES - PS1, DIÂMETRO DE 200 MM, PONTA E BOLSA, EM LOCAL COM ALTO NÍVEL DE INTERFERÊNCIAS (PESO = 0,0615 T) | D122: M | E122: 57.61
B123: 95570 | C123: FORNECIMENTO E ASSENTAMENTO DE TUBO DE CONCRETO SIMPLES - PS1, DIÂMETRO DE 300 MM, PONTA E BOLSA, EM LOCAL COM ALTO NÍVEL DE INTERFERÊNCIAS (PESO = 0,0870 T) | D123: M | E123: 84.87
B124: 95571 | C124: FORNECIMENTO E ASSENTAMENTO DE TUBO DE CONCRETO SIMPLES - PS1, DIÂMETRO DE 400 MM, PONTA E BOLSA, EM LOCAL COM ALTO NÍVEL DE INTERFERÊNCIAS (PESO = 0,1450 T) | D124: M | E124: 105.82
B125: 95572 | C125: FORNECIMENTO E ASSENTAMENTO DE TUBO DE CONCRETO SIMPLES - PS1, DIÂMETRO DE 500 MM, PONTA E BOLSA, EM LOCAL COM ALTO NÍVEL DE INTERFERÊNCIAS (PESO = 0,2280 T) | D125: M | E125: 138.38
B126: 95565 | C126: FORNECIMENTO E ASSENTAMENTO DE TUBO DE CONCRETO ARMADO - PA1, DIÂMETRO DE 300 MM, PONTA E BOLSA, EM LOCAL COM BAIXO NÍVEL DE INTERFERÊNCIAS (PESO = 0,0870 T) | D126: M | E126: 121.99
B127: 92210 | C127: FORNECIMENTO E ASSENTAMENTO DE TUBO DE CONCRETO ARMADO - PA1, DIÂMETRO DE 400 MM, PONTA E BOLSA, EM LOCAL COM BAIXO NÍVEL DE INTERFERÊNCIAS (PESO = 0,1450 T) | D127: M | E127: 144.79
B128: 92211 | C128: FORNECIMENTO E ASSENTAMENTO DE TUBO DE CONCRETO ARMADO - PA1, DIÂMETRO DE 500 MM, PONTA E BOLSA, EM LOCAL COM BAIXO NÍVEL DE INTERFERÊNCIAS (PESO = 0,2280 T) | D128: M | E128: 174.29
B129: 92212 | C129: FORNECIMENTO E ASSENTAMENTO DE TUBO DE CONCRETO ARMADO - PA1, DIÂMETRO DE 600 MM, PONTA E BOLSA, EM LOCAL COM BAIXO NÍVEL DE INTERFERÊNCIAS (PESO = 0,3150 T) | D129: M | E129: 251.01
B130: 92214 | C130: FORNECIMENTO E ASSENTAMENTO DE TUBO DE CONCRETO ARMADO - PA1, DIÂMETRO DE 800 MM, PONTA E BOLSA, EM LOCAL COM BAIXO NÍVEL DE INTERFERÊNCIAS (PESO = 0,6120 T) | D130: M | E130: 389.52
B131: 92216 | C131: FORNECIMENTO E ASSENTAMENTO DE TUBO DE CONCRETO ARMADO - PA1, DIÂMETRO DE 1000 MM, PONTA E BOLSA, EM LOCAL COM BAIXO NÍVEL DE INTERFERÊNCIAS (PESO = 0,8020 T) | D131: M | E131: 471.26
B132: 92816 | C132: FORNECIMENTO E ASSENTAMENTO DE TUBO DE CONCRETO ARMADO - PA1, DIÂMETRO DE 1200 MM, PONTA E BOLSA, EM LOCAL COM BAIXO NÍVEL DE INTERFERÊNCIAS (PESO = 1,1280 T) | D132: M | E132: 667.53
B133: 92818 | C133: FORNECIMENTO E ASSENTAMENTO DE TUBO DE CONCRETO ARMADO - PA1, DIÂMETRO DE 1500 MM, PONTA E BOLSA, EM LOCAL COM BAIXO NÍVEL DE INTERFERÊNCIAS (PESO = 1,8870 T) | D133: M | E133: 947.82
B134: 95566 | C134: FORNECIMENTO E ASSENTAMENTO DE TUBO DE CONCRETO ARMADO - PA1, DIÂMETRO DE 300 MM, PONTA E BOLSA, EM LOCAL COM ALTO NÍVEL DE INTERFERÊNCIAS (PESO = 0,0870 T) | D134: M | E134: 130.98
... B141: 92831 | C141: FORNECIMENTO E ASSENTAMENTO DE TUBO DE CONCRETO ARMADO - PA1, DIÂMETRO DE 1500 MM, PONTA E BOLSA, EM LOCAL COM ALTO NÍVEL DE INTERFERÊNCIAS (PESO = 1,8870 T) | D141: M | E141: 986.99
B142: GAP-038 | C142: FORNECIMENTO E ASSENTAMENTO DE TUBO DE CONCRETO ARMADO - PA2, DIÂMETRO DE 800 MM, PONTA E BOLSA, EM LOCAL COM BAIXO NÍVEL DE INTERFERÊNCIAS (PESO = 0,6120 T) | D142: M | E142: 368.96
B143: GAP-039 | C143: FORNECIMENTO E ASSENTAMENTO DE TUBO DE CONCRETO ARMADO - PA2, DIÂMETRO DE 1000 MM, PONTA E BOLSA, EM LOCAL COM BAIXO NÍVEL DE INTERFERÊNCIAS (PESO = 0,8020 T) | D143: M | E143: 485.51
B144: GAP-040 | C144: FORNECIMENTO E ASSENTAMENTO DE TUBO DE CONCRETO ARMADO - PA2, DIÂMETRO DE 1200 MM, PONTA E BOLSA, EM LOCAL COM BAIXO NÍVEL DE INTERFERÊNCIAS (PESO = 1,128 T) | D144: M | E144: 753.09
B145: GAP-041 | C145: FORNECIMENTO E ASSENTAMENTO DE TUBO DE CONCRETO ARMADO - PA2, DIÂMETRO DE 1500 MM, PONTA E BOLSA, EM LOCAL COM BAIXO NÍVEL DE INTERFERÊNCIAS (PESO = 1,8870 T) | D145: M | E145: 1060.17
B146: GAP-042 | C146: FORNECIMENTO E ASSENTAMENTO DE TUBO DE CONCRETO ARMADO - PA2, DIÂMETRO DE 1800 MM, MACHO E FEMEA, EM LOCAL COM BAIXO NÍVEL DE INTERFERÊNCIAS (PESO = 2,2360 T) | D146: M | E146: 2373.84
B147: GAP-043 | C147: FORNECIMENTO E ASSENTAMENTO DE TUBO DE CONCRETO ARMADO - PA2, DIÂMETRO DE 2000 MM, PONTA E BOLSA, EM LOCAL COM BAIXO NÍVEL DE INTERFERÊNCIAS (PESO = 2,9805 T) | D147: M | E147: 2595.89
B148: GAP-044 | C148: FORNECIMENTO E ASSENTAMENTO DE TUBO DE CONCRETO ARMADO - PA2, DIÂMETRO DE 2200 MM, MACHO E FEMEA, EM LOCAL COM BAIXO NÍVEL DE INTERFERÊNCIAS (PESO = 3,6520 T) | D148: M | E148: 3285.67
B149: GAP-045 | C149: FORNECIMENTO E ASSENTAMENTO DE TUBO DE CONCRETO ARMADO - PA2, DIÂMETRO DE 800 MM, PONTA E BOLSA, EM LOCAL COM ALTO NÍVEL DE INTERFERÊNCIAS (PESO = 0,6120 T) | D149: M | E149: 442.7
B150: GAP-046 | C150: FORNECIMENTO E ASSENTAMENTO DE TUBO DE CONCRETO ARMADO - PA2, DIÂMETRO DE 1000 MM, PONTA E BOLSA, EM LOCAL COM ALTO NÍVEL DE INTERFERÊNCIAS (PESO = 0,8020 T) | D150: M | E150: 568.51
B151: GAP-047 | C151: FORNECIMENTO E ASSENTAMENTO DE TUBO DE CONCRETO ARMADO - PA2, DIÂMETRO DE 1200 MM, PONTA E BOLSA, EM LOCAL COM ALTO NÍVEL DE INTERFERÊNCIAS (PESO = 1,128 T) | D151: M | E151: 795.01
B152: GAP-048 | C152: FORNECIMENTO E ASSENTAMENTO DE TUBO DE CONCRETO ARMADO - PA2, DIÂMETRO DE 1500 MM, PONTA E BOLSA, EM LOCAL COM ALTO NÍVEL DE INTERFERÊNCIAS (PESO = 1,8870 T) | D152: M | E152: 1111.95
B153: GAP-049 | C153: FORNECIMENTO E ASSENTAMENTO DE TUBO DE CONCRETO ARMADO - PA2, DIÂMETRO DE 1800 MM, MACHO E FEMEA, EM LOCAL COM ALTO NÍVEL DE INTERFERÊNCIAS (PESO = 2,2360 T) | D153: M | E153: 2441.59
... B156: GAP-052 | C156: CAIXA DE CAPTAÇÃO SEM GRELHA TIPO BOCA DE LOBO | D156: UD | E156: 1428.75
B157: 97961 | C157: CAIXA BOCA DE LOBO COMBINADA COM GRELHA DE CONCRETO, EM ALVENARIA COM BLOCOS DE CONCRETO | D157: UD | E157: 2230.76
B158: 97973 | C158: CAIXA BOCA DE LOBO DUPLA COMBINADA COM GRELHA DE CONCRETO, EM ALVENARIA COM BLOCOS DE CONCRETO | D158: UD | E158: 4160
B159: 101801 | C159: CAIXA BOCA DE LOBO COMBINADA COM GRELHA DE FoFo, EM ALVENARIA COM BLOCOS DE CONCRETO | D159: UD | E159: 1101.62
B160: GAP-053 | C160: CAIXA BOCA DE LOBO COMBINADA DUPLA COM GRELHA DE FoFo, EM ALVENARIA COM BLOCOS DE CONCRETO | D160: UD | E160: 1995.92
B161: GAP-054 | C161: FORNECIMENTO E ASSENTAMENTO GRELHA CONCRETO ARMADO | D161: UD | E161: 351.04
B162: GAP-055 | C162: FORNECIMENTO E ASSENTAMENTO GRELHA DE FERRO FUNDIDO | D162: UD | E162: 440.19
B163: GAP-056 | C163: FORNECIMENTO E COLOCACAO DE TAMPÃO FoFo D = 600 MM | D163: UD | E163: 638.19
B164: GAP-057 | C164: FORNECIMENTO E ASSENTAMENTO DE MEIO FIO BOCA DE LOBO | D164: UD | E164: 70.4
B165: GAP-058 | C165: CAIXA DE LIGAÇÃO PARA TUBOS DE Ø 0,40 M NAS DIMENSÕES (INT.): 150 X 60 X 80 CM - ESPESSURA = 20 CM | D165: UD | E165: 1888.9
B166: GAP-059 | C166: CAIXA DE LIGAÇÃO PARA TUBOS DE Ø 0,50 M NAS DIMENSÕES (INT.): 150 X 60 X 80 CM - ESPESSURA = 20 CM | D166: UD | E166: 1876.82
B167: GAP-060 | C167: CAIXA DE LIGAÇÃO PARA TUBOS DE Ø 0,60 M NAS DIMENSÕES (INT.): 150 X 60 X 80 CM - ESPESSURA = 20 CM | D167: UD | E167: 1864.74
B168: GAP-061 | C168: CAIXA DE LIGAÇÃO PARA TUBOS DE Ø 0,80 M NAS DIMENSÕES (INT.): 150 X 90 X 100 CM - ESPESSURA = 20 CM | D168: UD | E168: 2533.24
B169: GAP-062 | C169: CAIXA DE LIGAÇÃO PARA TUBOS DE Ø 1,00 M NAS DIMENSÕES (INT.): 150 X 110 X 130 CM - ESPESSURA = 20 CM | D169: UD | E169: 3270.58
B170: GAP-063 | C170: CAIXA DE LIGAÇÃO PARA TUBOS DE Ø 1,20 M NAS DIMENSÕES (INT.): 150 X 130 X 150 CM - ESPESSURA = 20 CM | D170: UD | E170: 3908.39
B171: GAP-064 | C171: CAIXA DE LIGAÇÃO PARA TUBOS DE Ø 1,50 M NAS DIMENSÕES (INT.): 150 X 160 X 180 CM - ESPESSURA = 20 CM | D171: UD | E171: 5054.15
... B206: GAP-099 | C206: POÇO DE VISITA COM QUEDA DE 1,00 M PARA TUBOS DE Ø 1,50 M NAS DIMENSÕES (INT.): 150 X 160 X 280 CM - ESPESSURA = 20 CM | D206: UD | E206: 6142.24
B207: 99254 | C207: ACRÉSCIMO (CHAMINÉ)PARA POÇO DE VISITA RETANGULAR PARA DRENAGEM, EM ALVENARIA COM BLOCOS DE CONCRETO, DIMENSÕES INTERNAS = 1X1 M | D207: M | E207: 1284.38
B208: 102737 | C208: BOCA DE BUEIRO SIMPLES COM ABAS EM CONCRETO CICLÓPICO PARA TUBOS Ø 400 MM | D208: UD | E208: 1062.89
B209: 102738 | C209: BOCA DE BUEIRO SIMPLES COM ABAS EM CONCRETO CICLÓPICO PARA TUBOS Ø 600 MM | D209: UD | E209: 2174.66
B210: 102739 | C210: BOCA DE BUEIRO SIMPLES COM ABAS EM CONCRETO CICLÓPICO PARA TUBOS Ø 800 MM | D210: UD | E210: 3642.94
B211: 102740 | C211: BOCA DE BUEIRO SIMPLES COM ABAS EM CONCRETO CICLÓPICO PARA TUBOS Ø 1000 MM | D211: UD | E211: 5459.81
B212: 102741 | C212: BOCA DE BUEIRO SIMPLES COM ABAS EM CONCRETO CICLÓPICO PARA TUBOS Ø 1200 MM | D212: UD | E212: 7661.45
B213: 102742 | C213: BOCA DE BUEIRO SIMPLES COM ABAS EM CONCRETO CICLÓPICO PARA TUBOS Ø 1500 MM | D213: UD | E213: 13260.83
B214: GAP-100 | C214: LACRE DE CAIXA DE CAPTAÇÃO EM CONCRETO ARMADO NA PISTA OU PASSEIO | D214: UD | E214: 572.69
B215: GAP-101 | C215: BOCA DE BUEIRO SIMPLES COM ABAS EM CONCRETO CICLÓPICO PARA TUBOS Ø 1200 MM | D215: UD | E215: 4575.46
B216: GAP-102 | C216: BOCA DE BUEIRO SIMPLES COM ABAS EM CONCRETO CICLÓPICO PARA TUBOS Ø 1500 MM | D216: UD | E216: 8384.27
B217: GAP-103 | C217: LASTRO DE BRITA TIPO BICA CORRIDA, BRITA 4A OU MOLEDO PARA BASE DE ASSENTAMENTO DE TUBOS | D217: M³ | E217: 173.82
B218: GAP-104 | C218: LASTRO DE PEDRA DE MÃO, RACHÃO OU PEDRA MARROADA | D218: M³ | E218: 174.73
...

Sheet SMOP ENCARGOS S.D 2023-04
A9: PREFEITURA MUNICIPAL DE CURITIBA | C9: PREFEITURA MUNICIPAL DE CURITIBA
A11: SECRETARIA MUNICIPAL DE OBRAS PÚBLICAS | C11: SECRETARIA MUNICIPAL DE OBRAS PÚBLICAS
A12: ABRIL 2023 - SEM DESONERAÇÃO | C12: ABRIL 2023 - SEM DESONERAÇÃO
A14: A - ENCARGOS SOCIAIS BÁSICOS | B14: Horista | C14: A - ENCARGOS SOCIAIS BÁSICOS | D14: Mensalista
A16: > A1 Previdência Social - INSS | B16: 0.2 | C16: > A1 Previdência Social - INSS | D16: 0.2
A17: > A2 Serviço Social da Indústria ( SESI ) | B17: 0.015 | C17: > A2 Serviço Social da Indústria ( SESI ) | D17: 0.015
A18: > A3 Serviço Nacional de Aprendizagem Industrial (SENAI ) | B18: 0.01 | C18: > A3 Serviço Nacional de Aprendizagem Industrial (SENAI ) | D18: 0.01
A19: > A4 Instituto Nacional de Colonização e Reforma Agrária (INCRA ) | B19: 0.002 | C19: > A4 Instituto Nacional de Colonização e Reforma Agrária (INCRA ) | D19: 0.002
A20: > A5 Serviço de Apoio à Pequena e Média Empresa (SEBRAE ) | B20: 0.006 | C20: > A5 Serviço de Apoio à Pequena e Média Empresa (SEBRAE ) | D20: 0.006
A21: > A6 Salário Educação | B21: 0.025 | C21: > A6 Salário Educação | D21: 0.025
A22: > A7 Fundo de Garantia por Tempo de Serviço ( F.G.T.S) | B22: 0.08 | C22: > A7 Fundo de Garantia por Tempo de Serviço ( F.G.T.S) | D22: 0.08
A23: > A8 Seguro contra Acidente de trabalho (INSS) | B23: 0.03 | C23: > A8 Seguro contra Acidente de trabalho (INSS) | D23: 0.03
A24: > A9 Seconci | B24: 0.01 | C24: > A9 Seconci | D24: 0.01
A26: > TOTAL ( A ) | B26: =SUM(B16:B25) -> 0.378 | C26: > TOTAL ( A ) | D26: =SUM(D16:D25) -> 0.378
A28: > B - ENCARGOS SOCIAIS QUE RECEBEM AS INCIDÊNCIAS DE "A" | C28: > B - ENCARGOS SOCIAIS QUE RECEBEM AS INCIDÊNCIAS DE "A"
A29: > B1 Repouso Semanal e Feriados | B29: 0.1794 | C29: > B1 Repouso Semanal e Feriados | D29: 0
A30: > B2 Feriados | B30: 0.0397 | C30: > B2 Feriados | D30: 0
A31: > B3 Auxílio Enfermidade | B31: 0.0088 | C31: > B3 Auxílio Enfermidade | D31: 0.0066
A32: > B4 13º Salário | B32: 0.111 | C32: > B4 13º Salário | D32: 0.0833
A33: > B5 Licença Paternidade | B33: 0.0007 | C33: > B5 Licença Paternidade | D33: 0.0005
A34: > B6 Faltas Justificadas | B34: 0.0074 | C34: > B6 Faltas Justificadas | D34: 0.0056
A35: > B7 Dias de Chuva | B35: 0.0185 | C35: > B7 Dias de Chuva | D35: 0
A36: > B8 Auxilio Acidente de Trabalho | B36: 0.0011 | C36: > B8 Auxilio Acidente de Trabalho | D36: 0.0008
A37: > B9 Férias Gozadas | B37: 0.1275 | C37: > B9 Férias Gozadas | D37: 0.0957
A38: > B10 Salário Materinidade | B38: 0.0004 | C38: > B10 Salário Materinidade | D38: 0.0003
A40: > TOTAL ( B ) | B40: =SUM(B29:B38) -> 0.4945 | C40: > TOTAL ( B ) | D40: =SUM(D29:D38) -> 0.1928
A42: > C - ENCARGOS SOCIAIS QUE NÃO RECEBEM AS INCIDÊNCIAS GLOBAIS DE "A" | C42: > C - ENCARGOS SOCIAIS QUE NÃO RECEBEM AS INCIDÊNCIAS GLOBAIS DE "A"
A43: > C1 Aviso Prévio Indenizado | B43: 0.0549 | C43: > C1 Aviso Prévio Indenizado | D43: 0.0412
A44: > C2 Aviso Prévio Trabalhado | B44: 0.0013 | C44: > C2 Aviso Prévio Trabalhado | D44: 0.001
A45: > C3 Férias Indenizadas | B45: 0.0171 | C45: > C3 Férias Indenizadas | D45: 0.0128
A46: > C4 Depósito Recisão Sem Justa Causa | B46: 0.0278 | C46: > C4 Depósito Recisão Sem Justa Causa | D46: 0.0209
A47: > C5 Indenização Adicional | B47: 0.0046 | C47: > C5 Indenização Adicional | D47: 0.0035
A49: > TOTAL ( C ) | B49: =SUM(B43:B48) -> 0.1057 | C49: > TOTAL ( C ) | D49: =SUM(D43:D48) -> 0.0794
A51: > D - TAXAS DE REINCIDÊNCIAS | C51: > D - TAXAS DE REINCIDÊNCIAS
A52: > D1 Reincidência de "A" sobre "B" | B52: =ROUND(B26*B40,4) -> 0.1869 | C52: > D1 Reincidência de "A" sobre "B" | D52: =ROUND(D26*D40,4) -> 0.0729
A53: > D2 Reincidência de "A" sobre "C2" e Reincidência de "A7" sobre"C1". | B53: =ROUND((B26*B44)+(B22*B43),4) -> 0.0049 | C53: > D2 Reincidência de "A" sobre "C2" e Reincidência de "A7" sobre"C1". | D53: =ROUND((D26*D44)+(D22*D43),4) -> 0.0037
A55: > TOTAL ( D ).......................................................................................... | B55: =SUM(B52:B54) -> 0.1918 | C55: > TOTAL ( D ).......................................................................................... | D55: =SUM(D52:D54) -> 0.0766
A58: TOTAL GERAL........................................................................................ | B58: =B26+B40+B49+B55 -> 1.17 | C58: TOTAL GERAL........................................................................................ | D58: =D26+D40+D49+D55 -> 0.7268

Sheet SMOP MO S.D 2023-04
B2: PREFEITURA MUNICIPAL DE CURITIBA
B3: SECRETARIA MUNICIPAL DE OBRAS PÚBLICAS
B4: TABELA DE CUSTOS - ABRIL / 2023 ( SEM DESONERAÇÃO )
A6: MÃO DE OBRA
A8: Data base: | B8: ABRIL/2023 | C8: SINAPI - Fevereiro/2023
A10: CÓDIGO | B10: CATEGORIA PROFISSIONAL | C10: SALÁRIO / HORA COM ENC SOCIAIS E COMPLEM. | D10: UNIDADE | E10: ENCARGO SOCIAL
A11: 88247 | B11: Ajudante de eletricista c/enc. sociais e complementares | C11: 27.06 | D11: hora | E11: 1.17
A12: 101375 | B12: Ajudante de eletricista c/enc. sociais e complementares | C12: 4813.96 | D12: mês | E12: 0.7268
A13: 200025 | B13: Ajudante de eletricista de rede c/enc. sociais e complementares | C13: 26.97292 | D13: hora | E13: 1.17
A14: 200026 | B14: Ajudante de eletricista de rede c/enc. sociais e complementares | C14: 4806.3547 | D14: mês | E14: 0.7268
A15: 88248 | B15: Ajudante de encanador c/enc. sociais e complementares | C15: 26.01 | D15: hora | E15: 1.17
A16: 101384 | B16: Ajudante de encanador c/enc. sociais e complementares | C16: 4638.62 | D16: mês | E16: 0.7268
A17: 88249 | B17: Ajudante de laboratório c/enc. sociais e complementares | C17: 28.01 | D17: hora | E17: 1.17
A18: 101385 | B18: Ajudante de laboratório c/enc. sociais e complementares | C18: 4926.26 | D18: mês | E18: 0.7268
A19: 88251 | B19: Ajudante de serralheiro c/enc. sociais e complementares | C19: 26.57 | D19: hora | E19: 1.17
A20: 101379 | B20: Ajudante de serralheiro c/enc. sociais e complementares | C20: 4751.5 | D20: mês | E20: 0.7268
A21: 88253 | B21: Ajudante de topografia c/enc. sociais e complementares | C21: 12.9 | D21: hora | E21: 1.17
A22: 101389 | B22: Ajudante de topografia c/enc. sociais e complementares | C22: 2285.65 | D22: mês | E22: 0.7268
... A168: 101418 | B168: Montador de estrutura metálica com encargos complementares | C168: 5277.44 | D168: mês | E168: 0.7268

Sheet SMOP EQPTOS S.D 2023-04
B2: PREFEITURA MUNICIPAL DE CURITIBA
B3: SECRETARIA MUNICIPAL DE OBRAS PÚBLICAS
B4: TABELA DE CUSTOS - Abril / 2023 ( SEM DESONERAÇÃO )
A6: EQUIPAMENTOS
A8: Data base: | B8: Abril / 2023 | C8: SINAPI - Fev/2023
C9: SICRO - Out/2022
A12: CÓDIGO | B12: EQUIPAMENTO | C12: CHP | D12: CHI
A13: 89225/89226 | B13: Betoneira 600 l elétrica | C13: 4.34 | D13: 1.38
A14: 87445/87446 | B14: Betoneira 400 l motor a diesel | C14: 5.04 | D14: 0.45
A15: 88830/88831 | B15: Betoneira 400 l elétrica | C15: 1.46 | D15: 0.33
A16: E9519 | B16: Betoneira 600 l motor a gasolina | C16: 48.6429 | D16: 31.0791
A17: E9522 | B17: Caldeira a vapor para asfalto rebocável 1.500 l | C17: 22.4197 | D17: 13.5154
A18: 89876/89877 | B18: Caminhão basculante 14 m³ - com motorista | C18: 321.81 | D18: 80.44
A19: E9579 | B19: Caminhão basculante 10 m³ - com motorista | C19: 293.6704 | D19: 86.514
A20: E9506 | B20: Caminhão basculante 6 m³ - com motorista | C20: 192.3115 | D20: 72.9844
A21: E9592 | B21: Caminhão carroceria com capacidade de 15 T - com motorista | C21: 277.9865 | D21: 78.5837
A22: E9687 | B22: Caminhão carroceria com capacidade de 5 T - com motorista | C22: 152.6283 | D22: 58.9935
A23: E9508 | B23: Caminhão carroceria com capacidade de 9 T - com motorista | C23: 187.5149 | D23: 70.6465
A24: E9670 | B24: Usina móvel com microrevestimento com cavalo mecânico 12 m³ | C24: 746.7722 | D24: 232.34
... A123: 96245/96246 | B123: Miniescavadeira sobre esteiras | C123: 104.5 | D123: 58.35

Sheet SMOP ALO-ICO-MOB C.D 2023-04
C2: PREFEITURA MUNICIPAL DE CURITIBA
C3: SECRETARIA MUNICIPAL DE OBRAS PÚBLICAS - SMOP
C4: TABELA DE CUSTOS UNITÁRIOS - ABRIL/2023
B5: COM DESONERAÇÃO | E5: Valores em Reais
B6: ADMINISTRAÇÃO LOCAL DA OBRA
B7: CÓDIGO | C7: DISCRIMINAÇÃO | D7: UN | E7: B.D.I=0,00%
B8: ALO-001 | C8: VEÍCULO PARA FISCALIZAÇÃO DE OBRAS, INCLUINDO COMBUSTÍVEL, MANUTENÇÃO E SEGURO TOTAL | D8: MÊS | E8: 3322.87
B9: ALO-002 | C9: VEÍCULO UTILITÁRIO PEQUENO, INCLUINDO COMBUSTÍVEL, MANUTENÇÃO E SEGURO TOTAL | D9: MÊS | E9: 4076.02
B10: ALO-003 | C10: EQUIPE DE TOPOGRAFIA, INCLUINDO EQUIPAMENTOS, PESSOAL E VEÍCULO UTILITÁRIO COM MANUTENÇÃO E SEGURO | D10: MÊS | E10: 16978.35
B11: ALO-004 | C11: LOCAÇÃO DE EQUIPAMENTO DE TOPOGRAFIA | D11: MÊS | E11: 1453.5
B12: ALO-005 | C12: LOCAÇÃO DE SANITÁRIO QUÍMICO COM DUAS LIMPEZAS SEMANAIS | D12: MÊS | E12: 779.39
B13: ALO-006 | C13: LOCAÇÃO DE CONTAINER PARA ESCRITÓRIO MEDINDO 2,30 X 6,00 M E ALTURA DE 2,50 M, COM 1 SANITÁRIO COMPLETO | D13: MÊS | E13: 972.72
B14: ALO-007 | C14: LOCAÇÃO DE CONTAINER PARA SANITÁRIO E VESTIÁRIO MEDINDO 2,30 X 4,30 M E ALTURA DE 2,50 M, COM 3 BACIAS, 4 CHUVEIROS, 1 MICTÓRIO E 1 LAVATÓRIO | D14: MÊS | E14: 1101.36
B15: ALO-008 | C15: LOCAÇÃO DE CONTAINER PARA DEPÓSITO MEDINDO 2,30 X 6,00 M E ALTURA DE 2,50 M | D15: MÊS | E15: 764.9
B16: ALO-009 | C16: CONSUMO DE ÁGUA E ESGOTO | D16: MÊS | E16: 655.38
B17: ALO-010 | C17: CONSUMO DE ENERGIA | D17: MÊS | E17: 364.04
B18: ALO-011 | C18: DESPESAS CORRENTES DO ESCRITÓRIO PARA 1 CONTAINER DE ESCRITÓRIO MEDINDO 2,30 X 6,00 M E ALTURA DE 2,50 M, COM 1 SANITÁRIO COMPLETO | D18: MÊS | E18: 2174.95
B19: 20193 | C19: LOCAÇÃO DE ANDAIME METÁLICO TIPO FACHADEIRO, LARGURA DE 1,20 M, ALTURA POR PEÇA DE 2,0 M, INCLUINDO SAPATAS E ITENS NECESSARIOS A INSTALACAO | D19: M2XMÊS | E19: 6.49
B20: 10527 | C20: LOCAÇÃO DE ANDAIME METALICO TUBULAR DE ENCAIXE, TIPO DE TORRE, COM LARGURA DE 1 ATE 1,5 M E ALTURA DE 1,00 M (INCLUSO SAPATAS FIXAS OU RODIZIOS) | D20: MXMES | E20: 19.5
B21: INSTALAÇÃO DO CANTEIRO DA OBRA
B22: CÓDIGO | C22: DISCRIMINAÇÃO | D22: UN | E22: B.D.I=0,00%
B23: ICO-001 | C23: PLACA DE OBRA EM CHAPA GALVANIZADA, INCLUSIVE ESTRUTURA DE MADEIRA | D23: M² | E23: 388.15
B24: ICO-002 | C24: PLACA DE SINALIZAÇÃO EM CHAPA DE MADEIRA COMPENSADA 12 MM, DIMENSÕES DE 1,00 X 1,00 M | D24: UD | E24: 208.65
B25: ICO-003 | C25: PLACA DE SINALIZAÇÃO EM CHAPA DE MADEIRA COMPENSADA 12 MM, DIMENSÕES DE 2,00 X 1,00 M | D25: UD | E25: 386.46
B26: ICO-004 | C26: CAVALETE DE SINALIZAÇÃO 1,00 X 1,00 M PINTADO COM COR BRANCO E LARANJA | D26: UD | E26: 298.26
B27: ICO-005 | C27: CAVALETE DE SINALIZAÇÃO 2,00 X 1,00 M PINTADO COM COR BRANCO E LARANJA | D27: UD | E27: 438.3
B28: ICO-006 | C28: COLOCAÇÃO DE CONE DE SINALIZAÇÃO EM PVC COM FAIXA REFLETIVA H=75 CM COM REUTILIZAÇÃO DE 100 VEZES | D28: UD | E28: 0.59
B29: 93584 | C29: EXECUÇÃO DE BARRACÃO EM CANTEIRO DE OBRA EM CHAPA DE MADEIRA COMPENSADA, COBERTURA COM TELHAS DE FIBROCIMENTO, ESQUADRIAS DE FERRO, PISO EM CONCRETO MAGRO, INCLUSIVE PINTURA E INSTALAÇÃO ELÉTICA | D29: M² | E29: 1091.89
B30: 98458 | C30: TAPUME COM COMPENSADO DE MADEIRA | D30: M² | E30: 166.95
B31: 98459 | C31: TAPUME COM TELHA METÁLICA | D31: M² | E31: 139.91
B32: 99059 | C32: LOCAÇÃO DA OBRA UTILIZANDO GABARITO DE TÁBUAS CORRIDAS PONTALETADAS A CADA 2,00M - 2 UTILIZAÇÕES | D32: M | E32: 63.8
B33: ICO-007 | C33: SONDAGEM PERCUSSIVA COM ENSAIO DE PENETRAÇÃO | D33: M | E33: 117.52
B34: ICO-008 | C34: DEMOLIÇÃO MECÂNICA DE EDIFICAÇÃO SEM REAPROVEITAMENTO | D34: M² | E34: 17.39
B35: ICO-009 | C35: DEMOLIÇÃO MECÂNICA DE EDIFICAÇÃO SEM REAPROVEITAMENTO | D35: M³ | E35: 101.05
B36: ICO-010 | C36: ROÇADA COM ROÇADEIRA COSTAL PARA LIMPEZA DE TERRENO, INCLUSIVE REMOÇÃO DE ENTULHOS | D36: M² | E36: 0.42
B37: ICO-011 | C37: ENTRADA PROVISÓRIA DE ÁGUA E ESGOTO | D37: UD | E37: 656.05
B38: ICO-012 | C38: ENTRADA PROVISÓRIA DE ENERGIA ELÉTRICA | D38: UD | E38: 2600.08
B39: 97063 | C39: MONTAGEM E DESMONTAGEM DE ANDAIME MODULAR FACHADEIRO | D39: M² | E39: 11.48
B40: 97064 | C40: MONTAGEM E DESMONTAGEM DE ANDAIME TUBULAR TIPO TORRE | D40: M | E40: 21.11
B41: MOBILIZAÇÃO, DESMOBILIZAÇÃO E TRANSPORTE
B42: CÓDIGO | C42: DISCRIMINAÇÃO | D42: UN | E42: B.D.I=0,00%
B43: MOB-001 | C43: MOBILIZAÇÃO INDIVIDUAL DE ESCAVADEIRA HIDRÁULICA / MOTONIVELADORA / TRATOR DE ESTEIRA / FRESADORA (22,00 T a 30,00 T) | D43: VIAGEM | E43: 2173.59
B44: MOB-002 | C44: DESMOBILIZAÇÃO INDIVIDUAL DE ESCAVADEIRA HIDRÁULICA / MOTONIVELADORA / TRATOR DE ESTEIRA / FRESADORA (22,00 T a 30,00 T) | D44: VIAGEM | E44: 2173.59
B45: MOB-003 | C45: MOBILIZAÇÃO INDIVIDUAL DE PÁ CARREGADEIRA / ROLO COMPACTADOR DE PNEUS / ROLO COMPACTADOR LISO VIBRATÓRIO / ROLO COMPACTADOR PÉ DE CARNEIRO (ATÉ 22,00 T) | D45: VIAGEM | E45: 1618.25
B46: MOB-004 | C46: DESMOBILIZAÇÃO INDIVIDUAL DE PÁ CARREGADEIRA / ROLO COMPACTADOR DE PNEUS / ROLO COMPACTADOR LISO VIBRATÓRIO / ROLO COMPACTADOR PÉ DE CARNEIRO (ATÉ 22,00 T) | D46: VIAGEM | E46: 1618.25
B47: MOB-005 | C47: MOBILIZAÇÃO INDIVIDUAL DE RETROESCAVADEIRA / PAVIMENTADORA DE ASFALTO / ROLO COMPACTADOR TANDEN (ATÉ 15,00 T) | D47: VIAGEM | E47: 861.92
B48: MOB-006 | C48: DESMOBILIZAÇÃO INDIVIDUAL DE RETROESCAVADEIRA / PAVIMENTADORA DE ASFALTO / ROLO COMPACTADOR TANDEN (ATÉ 15,00 T) | D48: VIAGEM | E48: 861.92
B49: MOB-007 | C49: TRANSPORTE E ENTREGA DE CONTAINER METÁLICO | D49: UD | E49: 681.87
B50: MOB-008 | C50: TRANSPORTE E RETIRADA DE CONTAINER METÁLICO | D50: UD | E50: 681.87
B51: MOB-009 | C51: TRANSPORTE EM CAMINHÃO CARROCERIA COM CAPACIDADE DE CARGA DE 15 T E DISTÃNCIA ATÉ 30 KM | D51: VIAGEM | E51: 861.92
B52: MOB-010 | C52: TRANSPORTE DE VIGAS PRÉ MOLDADAS EM CAVALO MECÂNICO COM SEMI REBOQUE COM CAPACIDADE ATÉ 30 T E DISTÂNCIA ATÉ 30 KM | D52: VIAGEM | E52: 1751.12
B53: MOB-011 | C53: TRANSPORTE EM CAMINHÃO CARROCERIA COM CAPACIDADE DE CARGA DE 5 T | D53: TxKM | E53: 3.09
B54: 100947 | C54: TRANSPORTE EM CAMINHÃO CARROCERIA COM CAPACIDADE DE CARGA DE 9 T | D54: TxKM | E54: 2.13
B55: MOB-012 | C55: TRANSPORTE EM CAMINHÃO CARROCERIA COM CAPACIDADE DE CARGA DE 15 T | D55: TxKM | E55: 1.84
B56: 97918 | C56: TRANSPORTE EM CAMINHÃO BASCULANTE COM CAPACIDADE DE CARGA DE 6 M³ | D56: TxKM | E56: 1.87
B57: 95878 | C57: TRANSPORTE EM CAMINHÃO BASCULANTE COM CAPACIDADE DE CARGA DE 10 M³ | D57: TxKM | E57: 1.59
B58: 95879 | C58: TRANSPORTE EM CAMINHÃO BASCULANTE COM CAPACIDADE DE CARGA DE 14 M³ | D58: TxKM | E58: 1.4
B59: 97914 | C59: TRANSPORTE EM CAMINHÃO BASCULANTE COM CAPACIDADE DE CARGA DE 6 M³ | D59: M³xKM | E59: 2.81
B60: 95875 | C60: TRANSPORTE EM CAMINHÃO BASCULANTE COM CAPACIDADE DE CARGA DE 10 M³ | D60: M³xKM | E60: 2.36
B61: 95876 | C61: TRANSPORTE EM CAMINHÃO BASCULANTE COM CAPACIDADE DE CARGA DE 14 M³ | D61: M³xKM | E61: 2.07
B62: 102331 | C62: TRANSPORTE DE MATERIAL ASFÁLTICO EM CARRETA COM CAPACIDADE DE CARGA DE 20.000 L, ADICIONAL PARA O EXCEDENTE A 30 KM | D62: TxKM | E62: 0.53
B63: 102332 | C63: TRANSPORTE DE MATERIAL ASFÁLTICO EM CARRETA COM CAPACIDADE DE CARGA DE 20.000 L PARA DISTÂNCIAS ATÉ 30 KM | D63: TxKM | E63: 1.75
B64: MOB-013 | C64: TRANSPORTE DE MATERIAL BETUMINOSO COM CAMINHÃO DISTRIBUIDOR | D64: TxKM | E64: 1.81
B65: MOB-014 | C65: TRANSPORTE EM CAMINHÃO BASCULANTE COM CAPACIDADE DE CARGA DE 10 M³ - DMT ATÉ 500 M | D65: M³ | E65: 2.47
B66: MOB-015 | C66: TRANSPORTE EM CAMINHÃO BASCULANTE COM CAPACIDADE DE CARGA DE 10 M³ - DMT DE 501 M ATÉ 1000 M | D66: M³ | E66: 3.04
B67: MOB-016 | C67: TRANSPORTE EM CAMINHÃO BASCULANTE COM CAPACIDADE DE CARGA DE 10 M³ - DMT DE 1001 M ATÉ 5000 M | D67: M³ | E67: 7.61
B68: MOB-017 | C68: TRANSPORTE EM CAMINHÃO BASCULANTE COM CAPACIDADE DE CARGA DE 10 M³ - DMT DE 5001 M ATÉ 10000 M | D68: M³ | E68: 13.32
B69: MOB-018 | C69: TRANSPORTE EM CAMINHÃO BASCULANTE COM CAPACIDADE DE CARGA DE 10 M³ - DMT DE 10001 M ATÉ 15000 M | D69: M³ | E69: 19.02
B70: MOB-019 | C70: TRANSPORTE EM CAMINHÃO BASCULANTE COM CAPACIDADE DE CARGA DE 10 M³ - DMT DE 15001 M ATÉ 20000 M | D70: M³ | E70: 24.73
B71: MOB-020 | C71: TRANSPORTE EM CAMINHÃO CARROCERIA COM CAPACIDADE DE CARGA DE 17 T E GUINDAUTO DE 20 T.M | D71: TxKM | E71: 3.35
B72: MOB-021 | C72: TRANSPORTE EM CAMINHÃO CARROCERIA COM CAPACIDADE DE CARGA DE 24 T E GUINDAUTO DE 45 T.M | D72: TxKM | E72: 4.32
B73: MOB-022 | C73: MOBILIZAÇÃO INDIVIDUAL DE PERFURATRIZ PARA ESTACA HÉLICE CONTÍNUA OU BATE-ESTACA POR GRAVIDADE DISTÂNCIA ATÉ 50 KM | D73: VIAGEM | E73: 704.12
B74: MOB-023 | C74: DESMOBILIZAÇÃO INDIVIDUAL DE PERFURATRIZ PARA ESTACA HÉLICE CONTÍNUA OU BATE-ESTACA POR GRAVIDADE DISTÂNCIA ATÉ 50 KM | D74: VIAGEM | E74: 704.12
B75: MOB-024 | C75: MOBILIZAÇÃO INDIVIDUAL DE PERFURATRIZ HIDRÁULICA SOBRE ESTEIRAS COM CABEÇOTE DUPLO E CAMISA METÁLICA PARA ESTACAS SECANTES DISTÂNCIA ATÉ 50 KM | D75: VIAGEM | E75: 4769.54
... B89: MOB-038 | C89: DESLOCAMENTO ENTRE FUROS EM TERRENO ACIDENTADO DE EQUIPAMENTO DE SONDAGEM A PERCUSSÃO DISTÂNCIA MAIOR QUE 50 M | D89: VIAGEM | E89: 209.67

Sheet SMOP INFRA C.D 2023-04
C2: PREFEITURA MUNICIPAL DE CURITIBA
C3: SECRETARIA MUNICIPAL DE OBRAS PÚBLICAS - SMOP
C4: TABELA DE CUSTOS UNITÁRIOS - ABRIL/2023
B5: COM DESONERAÇÃO | E5: Valores em Reais
C6: GALERIA DE ÁGUAS PLUVIAIS
B7: CÓDIGO | C7: DISCRIMINAÇÃO | D7: UN | E7: B.D.I=0,00%
B8: 93358 | C8: ESCAVAÇÃO MANUAL DE VALAS COM PROFUNDIDADE MENOR OU IGUAL A 1,30 M | D8: M³ | E8: 89.88
B9: 90099 | C9: ESCAVAÇÃO MECANIZADA DE VALA COM PROF. ATÉ 1,5 M, LARGURA MENOR QUE 0,8 M, COM RETROESCAVADEIRA, EM SOLO DE 1A CATEGORIA, EM LOCAIS COM ALTO NÍVEL DE INTERFERÊNCIA | D9: M³ | E9: 15.49
B10: 90100 | C10: ESCAVAÇÃO MECANIZADA DE VALA COM PROF. ATÉ 1,5 M, LARGURA DE 0,8 M A 1,5 M, COM RETROESCAVADEIRA, EM SOLO DE 1A CATEGORIA, EM LOCAIS COM ALTO NÍVEL DE INTERFERÊNCIA | D10: M³ | E10: 13.15
B11: 90101 | C11: ESCAVAÇÃO MECANIZADA DE VALA COM PROF. MAIOR QUE 1,5 M ATÉ 3,0 M, LARGURA MENOR QUE 0,8 M, COM RETROESCAVADEIRA, EM SOLO DE 1A CATEGORIA, EM LOCAIS COM ALTO NÍVEL DE INTERFERÊNCIA | D11: M³ | E11: 12.99
B12: 90102 | C12: ESCAVAÇÃO MECANIZADA DE VALA COM PROF. MAIOR QUE 1,5 M ATÉ 3,0 M, LARGURA DE 0,8 M A 1,5 M, COM RETROESCAVADEIRA, EM SOLO DE 1A CATEGORIA, EM LOCAIS COM ALTO NÍVEL DE INTERFERÊNCIA | D12: M³ | E12: 11.83
B13: 90086 | C13: ESCAVAÇÃO MECANIZADA DE VALA COM PROF. MAIOR QUE 3,0 M ATÉ 4,5 M, LARGURA MENOR QUE 1,5 M, COM ESCAVADEIRA HIDRÁULICA, EM SOLO DE 1A CATEGORIA, EM LOCAIS COM ALTO NÍVEL DE INTERFERÊNCIA | D13: M³ | E13: 10.7
B14: 90087 | C14: ESCAVAÇÃO MECANIZADA DE VALA COM PROF. MAIOR QUE 3,0 M ATÉ 4,5 M, LARGURA DE 1,5 M A 2,5 M, COM ESCAVADEIRA HIDRÁULICA, EM SOLO DE 1A CATEGORIA, EM LOCAIS COM ALTO NÍVEL DE INTERFERÊNCIA | D14: M³ | E14: 9.75
B15: 102277 | C15: ESCAVAÇÃO MECANIZADA DE VALA COM PROF. MAIOR QUE 4,5 M ATÉ 6,0 M, LARGURA MENOR QUE 1,5 M, COM ESCAVADEIRA HIDRÁULICA, EM SOLO DE 1A CATEGORIA, EM LOCAIS COM ALTO NÍVEL DE INTERFERÊNCIA | D15: M³ | E15: 10.38
B16: 90090 | C16: ESCAVAÇÃO MECANIZADA DE VALA COM PROF. MAIOR QUE 4,5 M ATÉ 6,0 M, LARGURA DE 1,5 M A 2,5 M, COM ESCAVADEIRA HIDRÁULICA, EM SOLO DE 1A CATEGORIA, EM LOCAIS COM ALTO NÍVEL DE INTERFERÊNCIA | D16: M³ | E16: 9.54
B17: 90105 | C17: ESCAVAÇÃO MECANIZADA DE VALA COM PROF. ATÉ 1,5 M, LARGURA MENOR QUE 0,8 M, COM RETROESCAVADEIRA, EM SOLO DE 1A CATEGORIA, EM LOCAIS COM BAIXO NÍVEL DE INTERFERÊNCIA | D17: M³ | E17: 8.54
B18: 90106 | C18: ESCAVAÇÃO MECANIZADA DE VALA COM PROF. ATÉ 1,5 M, LARGURA DE 0,8 M A 1,5 M, COM RETROESCAVADEIRA, EM SOLO DE 1A CATEGORIA, EM LOCAIS COM BAIXO NÍVEL DE INTERFERÊNCIA | D18: M³ | E18: 7.26
B19: 90107 | C19: ESCAVAÇÃO MECANIZADA DE VALA COM PROF. MAIOR QUE 1,5 M ATÉ 3,0 M, LARGURA MENOR QUE 0,8 M, COM RETROESCAVADEIRA, EM SOLO DE 1A CATEGORIA, EM LOCAIS COM BAIXO NÍVEL DE INTERFERÊNCIA | D19: M³ | E19: 7.17
... B76: 94341 | C76: ATERRO MECANIZADO DE VALA COM RETROESCAVADEIRA, LARGURA DE 0,8 A 1,5 M, PROFUNDIDADE DE 1,5 A 3,0 M, COM AREIA, SEM TRANSPORTE DO MATERIAL | D76: M³ | E76: 64.7
B77: GAP-001 | C77: EXECUÇÃO E COMPACTAÇÃO DE ATERRO COM SOLO ARGILOSO (EMPOLAMENTO 25%) | D77: M³ | E77: 132.79
B78: GAP-002 | C78: EXECUÇÃO E COMPACTAÇÃO DE ATERRO COM SOLO ARGILOSO (EMPOLAMENTO 25%) | D78: M³ | E78: 143.6
B79: GAP-003 | C79: COMPACTAÇÃO DE ATERRO COM SOQUETE VIBRATÓRIO | D79: M³ | E79: 17.43
B80: GAP-004 | C80: COMPACTAÇÃO DE ATERRO COM PLACA VIBRATÓRIA | D80: M³ | E80: 3.61
B81: 100973 | C81: CARGA EM CAMINHÃO BASCULANTE 6 M³ - CARGA COM PÁ CARREGADEIRA | D81: M3 | E81: 8.57
B82: 100974 | C82: CARGA EM CAMINHÃO BASCULANTE 10 M³ - CARGA COM PÁ CARREGADEIRA | D82: M3 | E82: 8.34
B83: 100975 | C83: CARGA EM CAMINHÃO BASCULANTE 14 M³ - CARGA COM PÁ CARREGADEIRA | D83: M3 | E83: 8.44
B84: 100981 | C84: CARGA DE ENTULHO EM CAMINHÃO BASCULANTE 6 M³ - CARGA COM ESCAVADEIRA HIDRÁULICA | D84: M3 | E84: 9.04
B85: 100982 | C85: CARGA DE ENTULHO EM CAMINHÃO BASCULANTE 10 M³ - CARGA COM ESCAVADEIRA HIDRÁULICA | D85: M3 | E85: 8.73
B86: 100983 | C86: CARGA DE ENTULHO EM CAMINHÃO BASCULANTE 14 M³ - CARGA COM ESCAVADEIRA HIDRÁULICA | D86: M3 | E86: 8.8
B87: GAP-005 | C87: CARGA MANUAL EM CAMINHÃO CARROCERIA 5 T | D87: T | E87: 30.95
B88: GAP-006 | C88: CARGA MANUAL EM CAMINHÃO CARROCERIA 9 T | D88: T | E88: 28.29
B89: GAP-007 | C89: CARGA MANUAL EM CAMINHÃO CARROCERIA 15 T | D89: T | E89: 34.71
B90: GAP-008 | C90: CARGA MANUAL DE ENTULHO EM CAMINHÃO BASCULANTE 6 M³ | D90: T | E90: 35.67
B91: GAP-009 | C91: FORNECIMENTO E ASSENTAMENTO DE CANALETA DE CONCRETO Ø 200 MM - INCLUSIVE TRANSPORTE | D91: M | E91: 28.73
B92: GAP-010 | C92: FORNECIMENTO E ASSENTAMENTO DE CANALETA DE CONCRETO Ø 300 MM - INCLUSIVE TRANSPORTE | D92: M | E92: 38.18
B93: GAP-011 | C93: FORNECIMENTO E ASSENTAMENTO DE CANALETA DE CONCRETO Ø 400 MM - INCLUSIVE TRANSPORTE | D93: M | E93: 50.52
B94: GAP-012 | C94: RETIRADA DE TUBO DE CONCRETO D=0,20M | D94: M | E94: 9.57
B95: GAP-013 | C95: RETIRADA DE TUBO DE CONCRETO D=0,30M | D95: M | E95: 10.44
B96: GAP-014 | C96: RETIRADA DE TUBO DE CONCRETO D=0,40M | D96: M | E96: 11.48
B97: GAP-015 | C97: RETIRADA DE TUBO DE CONCRETO D=0,50M | D97: M | E97: 14.64
B98: GAP-016 | C98: RETIRADA DE TUBO DE CONCRETO D=0,60M | D98: M | E98: 14.92
... B118: GAP-036 | C118: FORNECIMENTO E ASSENTAMENTO DE TUBO DE CONCRETO SIMPLES - PS1, DIÂMETRO DE 200 MM, PONTA E BOLSA, EM LOCAL COM BAIXO NÍVEL DE INTERFERÊNCIAS (PESO = 0,0615 T) | D118: M | E118: 49.54
B119: 95567 | C119: FORNECIMENTO E ASSENTAMENTO DE TUBO DE CONCRETO SIMPLES - PS1, DIÂMETRO DE 300 MM, PONTA E BOLSA, EM LOCAL COM BAIXO NÍVEL DE INTERFERÊNCIAS (PESO = 0,0870 T) | D119: M | E119: 73.08
B120: 95568 | C120: FORNECIMENTO E ASSENTAMENTO DE TUBO DE CONCRETO SIMPLES - PS1, DIÂMETRO DE 400 MM, PONTA E BOLSA, EM LOCAL COM BAIXO NÍVEL DE INTERFERÊNCIAS (PESO = 0,1450 T) | D120: M | E120: 90.74
B121: 95569 | C121: FORNECIMENTO E ASSENTAMENTO DE TUBO DE CONCRETO SIMPLES - PS1, DIÂMETRO DE 500 MM, PONTA E BOLSA, EM LOCAL COM BAIXO NÍVEL DE INTERFERÊNCIAS (PESO = 0,2280 T) | D121: M | E121: 119.78
B122: GAP-037 | C122: FORNECIMENTO E ASSENTAMENTO DE TUBO DE CONCRETO SIMPLES - PS1, DIÂMETRO DE 200 MM, PONTA E BOLSA, EM LOCAL COM ALTO NÍVEL DE INTERFERÊNCIAS (PESO = 0,0615 T) | D122: M | E122: 55.13
B123: 95570 | C123: FORNECIMENTO E ASSENTAMENTO DE TUBO DE CONCRETO SIMPLES - PS1, DIÂMETRO DE 300 MM, PONTA E BOLSA, EM LOCAL COM ALTO NÍVEL DE INTERFERÊNCIAS (PESO = 0,0870 T) | D123: M | E123: 81.51
B124: 95571 | C124: FORNECIMENTO E ASSENTAMENTO DE TUBO DE CONCRETO SIMPLES - PS1, DIÂMETRO DE 400 MM, PONTA E BOLSA, EM LOCAL COM ALTO NÍVEL DE INTERFERÊNCIAS (PESO = 0,1450 T) | D124: M | E124: 101.55
B125: 95572 | C125: FORNECIMENTO E ASSENTAMENTO DE TUBO DE CONCRETO SIMPLES - PS1, DIÂMETRO DE 500 MM, PONTA E BOLSA, EM LOCAL COM ALTO NÍVEL DE INTERFERÊNCIAS (PESO = 0,2280 T) | D125: M | E125: 133.16
B126: 95565 | C126: FORNECIMENTO E ASSENTAMENTO DE TUBO DE CONCRETO ARMADO - PA1, DIÂMETRO DE 300 MM, PONTA E BOLSA, EM LOCAL COM BAIXO NÍVEL DE INTERFERÊNCIAS (PESO = 0,0870 T) | D126: M | E126: 119.19
B127: 92210 | C127: FORNECIMENTO E ASSENTAMENTO DE TUBO DE CONCRETO ARMADO - PA1, DIÂMETRO DE 400 MM, PONTA E BOLSA, EM LOCAL COM BAIXO NÍVEL DE INTERFERÊNCIAS (PESO = 0,1450 T) | D127: M | E127: 141.21
B128: 92211 | C128: FORNECIMENTO E ASSENTAMENTO DE TUBO DE CONCRETO ARMADO - PA1, DIÂMETRO DE 500 MM, PONTA E BOLSA, EM LOCAL COM BAIXO NÍVEL DE INTERFERÊNCIAS (PESO = 0,2280 T) | D128: M | E128: 169.94
B129: 92212 | C129: FORNECIMENTO E ASSENTAMENTO DE TUBO DE CONCRETO ARMADO - PA1, DIÂMETRO DE 600 MM, PONTA E BOLSA, EM LOCAL COM BAIXO NÍVEL DE INTERFERÊNCIAS (PESO = 0,3150 T) | D129: M | E129: 245.89
B130: 92214 | C130: FORNECIMENTO E ASSENTAMENTO DE TUBO DE CONCRETO ARMADO - PA1, DIÂMETRO DE 800 MM, PONTA E BOLSA, EM LOCAL COM BAIXO NÍVEL DE INTERFERÊNCIAS (PESO = 0,6120 T) | D130: M | E130: 382.74
B131: 92216 | C131: FORNECIMENTO E ASSENTAMENTO DE TUBO DE CONCRETO ARMADO - PA1, DIÂMETRO DE 1000 MM, PONTA E BOLSA, EM LOCAL COM BAIXO NÍVEL DE INTERFERÊNCIAS (PESO = 0,8020 T) | D131: M | E131: 462.66
B132: 92816 | C132: FORNECIMENTO E ASSENTAMENTO DE TUBO DE CONCRETO ARMADO - PA1, DIÂMETRO DE 1200 MM, PONTA E BOLSA, EM LOCAL COM BAIXO NÍVEL DE INTERFERÊNCIAS (PESO = 1,1280 T) | D132: M | E132: 656.77
B133: 92818 | C133: FORNECIMENTO E ASSENTAMENTO DE TUBO DE CONCRETO ARMADO - PA1, DIÂMETRO DE 1500 MM, PONTA E BOLSA, EM LOCAL COM BAIXO NÍVEL DE INTERFERÊNCIAS (PESO = 1,8870 T) | D133: M | E133: 933.33
B134: 95566 | C134: FORNECIMENTO E ASSENTAMENTO DE TUBO DE CONCRETO ARMADO - PA1, DIÂMETRO DE 300 MM, PONTA E BOLSA, EM LOCAL COM ALTO NÍVEL DE INTERFERÊNCIAS (PESO = 0,0870 T) | D134: M | E134: 127.62
... B141: 92831 | C141: FORNECIMENTO E ASSENTAMENTO DE TUBO DE CONCRETO ARMADO - PA1, DIÂMETRO DE 1500 MM, PONTA E BOLSA, EM LOCAL COM ALTO NÍVEL DE INTERFERÊNCIAS (PESO = 1,8870 T) | D141: M | E141: 970.09
B142: GAP-038 | C142: FORNECIMENTO E ASSENTAMENTO DE TUBO DE CONCRETO ARMADO - PA2, DIÂMETRO DE 800 MM, PONTA E BOLSA, EM LOCAL COM BAIXO NÍVEL DE INTERFERÊNCIAS (PESO = 0,6120 T) | D142: M | E142: 362.25
B143: GAP-039 | C143: FORNECIMENTO E ASSENTAMENTO DE TUBO DE CONCRETO ARMADO - PA2, DIÂMETRO DE 1000 MM, PONTA E BOLSA, EM LOCAL COM BAIXO NÍVEL DE INTERFERÊNCIAS (PESO = 0,8020 T) | D143: M | E143: 477.17
B144: GAP-040 | C144: FORNECIMENTO E ASSENTAMENTO DE TUBO DE CONCRETO ARMADO - PA2, DIÂMETRO DE 1200 MM, PONTA E BOLSA, EM LOCAL COM BAIXO NÍVEL DE INTERFERÊNCIAS (PESO = 1,128 T) | D144: M | E144: 742.62
B145: GAP-041 | C145: FORNECIMENTO E ASSENTAMENTO DE TUBO DE CONCRETO ARMADO - PA2, DIÂMETRO DE 1500 MM, PONTA E BOLSA, EM LOCAL COM BAIXO NÍVEL DE INTERFERÊNCIAS (PESO = 1,8870 T) | D145: M | E145: 1046.08
B146: GAP-042 | C146: FORNECIMENTO E ASSENTAMENTO DE TUBO DE CONCRETO ARMADO - PA2, DIÂMETRO DE 1800 MM, MACHO E FEMEA, EM LOCAL COM BAIXO NÍVEL DE INTERFERÊNCIAS (PESO = 2,2360 T) | D146: M | E146: 2329.87
B147: GAP-043 | C147: FORNECIMENTO E ASSENTAMENTO DE TUBO DE CONCRETO ARMADO - PA2, DIÂMETRO DE 2000 MM, PONTA E BOLSA, EM LOCAL COM BAIXO NÍVEL DE INTERFERÊNCIAS (PESO = 2,9805 T) | D147: M | E147: 2576.24
B148: GAP-044 | C148: FORNECIMENTO E ASSENTAMENTO DE TUBO DE CONCRETO ARMADO - PA2, DIÂMETRO DE 2200 MM, MACHO E FEMEA, EM LOCAL COM BAIXO NÍVEL DE INTERFERÊNCIAS (PESO = 3,6520 T) | D148: M | E148: 3220.67
B149: GAP-045 | C149: FORNECIMENTO E ASSENTAMENTO DE TUBO DE CONCRETO ARMADO - PA2, DIÂMETRO DE 800 MM, PONTA E BOLSA, EM LOCAL COM ALTO NÍVEL DE INTERFERÊNCIAS (PESO = 0,6120 T) | D149: M | E149: 434.65
B150: GAP-046 | C150: FORNECIMENTO E ASSENTAMENTO DE TUBO DE CONCRETO ARMADO - PA2, DIÂMETRO DE 1000 MM, PONTA E BOLSA, EM LOCAL COM ALTO NÍVEL DE INTERFERÊNCIAS (PESO = 0,8020 T) | D150: M | E150: 558.62
B151: GAP-047 | C151: FORNECIMENTO E ASSENTAMENTO DE TUBO DE CONCRETO ARMADO - PA2, DIÂMETRO DE 1200 MM, PONTA E BOLSA, EM LOCAL COM ALTO NÍVEL DE INTERFERÊNCIAS (PESO = 1,128 T) | D151: M | E151: 782.59
B152: GAP-048 | C152: FORNECIMENTO E ASSENTAMENTO DE TUBO DE CONCRETO ARMADO - PA2, DIÂMETRO DE 1500 MM, PONTA E BOLSA, EM LOCAL COM ALTO NÍVEL DE INTERFERÊNCIAS (PESO = 1,8870 T) | D152: M | E152: 1095.45
B153: GAP-049 | C153: FORNECIMENTO E ASSENTAMENTO DE TUBO DE CONCRETO ARMADO - PA2, DIÂMETRO DE 1800 MM, MACHO E FEMEA, EM LOCAL COM ALTO NÍVEL DE INTERFERÊNCIAS (PESO = 2,2360 T) | D153: M | E153: 2394.61
... B156: GAP-052 | C156: CAIXA DE CAPTAÇÃO SEM GRELHA TIPO BOCA DE LOBO | D156: UD | E156: 1355.51
B157: 97961 | C157: CAIXA BOCA DE LOBO COMBINADA COM GRELHA DE CONCRETO, EM ALVENARIA COM BLOCOS DE CONCRETO | D157: UD | E157: 2130.39
B158: 97973 | C158: CAIXA BOCA DE LOBO DUPLA COMBINADA COM GRELHA DE CONCRETO, EM ALVENARIA COM BLOCOS DE CONCRETO | D158: UD | E158: 3977.02
B159: 101801 | C159: CAIXA BOCA DE LOBO COMBINADA COM GRELHA DE FoFo, EM ALVENARIA COM BLOCOS DE CONCRETO | D159: UD | E159: 1064.05
B160: GAP-053 | C160: CAIXA BOCA DE LOBO COMBINADA DUPLA COM GRELHA DE FoFo, EM ALVENARIA COM BLOCOS DE CONCRETO | D160: UD | E160: 1950.09
B161: GAP-054 | C161: FORNECIMENTO E ASSENTAMENTO GRELHA CONCRETO ARMADO | D161: UD | E161: 348.67
B162: GAP-055 | C162: FORNECIMENTO E ASSENTAMENTO GRELHA DE FERRO FUNDIDO | D162: UD | E162: 437.82
B163: GAP-056 | C163: FORNECIMENTO E COLOCACAO DE TAMPÃO FoFo D = 600 MM | D163: UD | E163: 635.84
B164: GAP-057 | C164: FORNECIMENTO E ASSENTAMENTO DE MEIO FIO BOCA DE LOBO | D164: UD | E164: 68.03
B165: GAP-058 | C165: CAIXA DE LIGAÇÃO PARA TUBOS DE Ø 0,40 M NAS DIMENSÕES (INT.): 150 X 60 X 80 CM - ESPESSURA = 20 CM | D165: UD | E165: 1787.27
B166: GAP-059 | C166: CAIXA DE LIGAÇÃO PARA TUBOS DE Ø 0,50 M NAS DIMENSÕES (INT.): 150 X 60 X 80 CM - ESPESSURA = 20 CM | D166: UD | E166: 1775.43
B167: GAP-060 | C167: CAIXA DE LIGAÇÃO PARA TUBOS DE Ø 0,60 M NAS DIMENSÕES (INT.): 150 X 60 X 80 CM - ESPESSURA = 20 CM | D167: UD | E167: 1763.59
B168: GAP-061 | C168: CAIXA DE LIGAÇÃO PARA TUBOS DE Ø 0,80 M NAS DIMENSÕES (INT.): 150 X 90 X 100 CM - ESPESSURA = 20 CM | D168: UD | E168: 2398.29
B169: GAP-062 | C169: CAIXA DE LIGAÇÃO PARA TUBOS DE Ø 1,00 M NAS DIMENSÕES (INT.): 150 X 110 X 130 CM - ESPESSURA = 20 CM | D169: UD | E169: 3095.12
B170: GAP-063 | C170: CAIXA DE LIGAÇÃO PARA TUBOS DE Ø 1,20 M NAS DIMENSÕES (INT.): 150 X 130 X 150 CM - ESPESSURA = 20 CM | D170: UD | E170: 3697.83
B171: GAP-064 | C171: CAIXA DE LIGAÇÃO PARA TUBOS DE Ø 1,50 M NAS DIMENSÕES (INT.): 150 X 160 X 180 CM - ESPESSURA = 20 CM | D171: UD | E171: 4777.62
... B206: GAP-099 | C206: POÇO DE VISITA COM QUEDA DE 1,00 M PARA TUBOS DE Ø 1,50 M NAS DIMENSÕES (INT.): 150 X 160 X 280 CM - ESPESSURA = 20 CM | D206: UD | E206: 5817.04
B207: 99254 | C207: ACRÉSCIMO (CHAMINÉ)PARA POÇO DE VISITA RETANGULAR PARA DRENAGEM, EM ALVENARIA COM BLOCOS DE CONCRETO, DIMENSÕES INTERNAS = 1X1 M | D207: M | E207: 1205.42
B208: 102737 | C208: BOCA DE BUEIRO SIMPLES COM ABAS EM CONCRETO CICLÓPICO PARA TUBOS Ø 400 MM | D208: UD | E208: 1024.99
B209: 102738 | C209: BOCA DE BUEIRO SIMPLES COM ABAS EM CONCRETO CICLÓPICO PARA TUBOS Ø 600 MM | D209: UD | E209: 2100.5
B210: 102739 | C210: BOCA DE BUEIRO SIMPLES COM ABAS EM CONCRETO CICLÓPICO PARA TUBOS Ø 800 MM | D210: UD | E210: 3521.64
B211: 102740 | C211: BOCA DE BUEIRO SIMPLES COM ABAS EM CONCRETO CICLÓPICO PARA TUBOS Ø 1000 MM | D211: UD | E211: 5282.26
B212: 102741 | C212: BOCA DE BUEIRO SIMPLES COM ABAS EM CONCRETO CICLÓPICO PARA TUBOS Ø 1200 MM | D212: UD | E212: 7417.9
B213: 102742 | C213: BOCA DE BUEIRO SIMPLES COM ABAS EM CONCRETO CICLÓPICO PARA TUBOS Ø 1500 MM | D213: UD | E213: 12849.35
B214: GAP-100 | C214: LACRE DE CAIXA DE CAPTAÇÃO EM CONCRETO ARMADO NA PISTA OU PASSEIO | D214: UD | E214: 542.25
B215: GAP-101 | C215: BOCA DE BUEIRO SIMPLES COM ABAS EM CONCRETO CICLÓPICO PARA TUBOS Ø 1200 MM | D215: UD | E215: 4308.28
B216: GAP-102 | C216: BOCA DE BUEIRO SIMPLES COM ABAS EM CONCRETO CICLÓPICO PARA TUBOS Ø 1500 MM | D216: UD | E216: 7902.2
B217: GAP-103 | C217: LASTRO DE BRITA TIPO BICA CORRIDA, BRITA 4A OU MOLEDO PARA BASE DE ASSENTAMENTO DE TUBOS | D217: M³ | E217: 168.37
B218: GAP-104 | C218: LASTRO DE PEDRA DE MÃO, RACHÃO OU PEDRA MARROADA | D218: M³ | E218: 169.28
...

Sheet SMOP ENCARGOS C.D 2023-04
A9: PREFEITURA MUNICIPAL DE CURITIBA | C9: PREFEITURA MUNICIPAL DE CURITIBA
A11: SECRETARIA MUNICIPAL DE OBRAS PÚBLICAS | C11: SECRETARIA MUNICIPAL DE OBRAS PÚBLICAS
A12: ABRIL 2023 - COM DESONERAÇÃO | C12: ABRIL 2023 - COM DESONERAÇÃO
A14: A - ENCARGOS SOCIAIS BÁSICOS | B14: Horista | C14: A - ENCARGOS SOCIAIS BÁSICOS | D14: Mensalista
A16: > A1 Previdência Social - INSS | B16: 0 | C16: > A1 Previdência Social - INSS | D16: 0
A17: > A2 Serviço Social da Indústria ( SESI ) | B17: 0.015 | C17: > A2 Serviço Social da Indústria ( SESI ) | D17: 0.015
A18: > A3 Serviço Nacional de Aprendizagem Industrial (SENAI ) | B18: 0.01 | C18: > A3 Serviço Nacional de Aprendizagem Industrial (SENAI ) | D18: 0.01
A19: > A4 Instituto Nacional de Colonização e Reforma Agrária (INCRA ) | B19: 0.002 | C19: > A4 Instituto Nacional de Colonização e Reforma Agrária (INCRA ) | D19: 0.002
A20: > A5 Serviço de Apoio à Pequena e Média Empresa (SEBRAE ) | B20: 0.006 | C20: > A5 Serviço de Apoio à Pequena e Média Empresa (SEBRAE ) | D20: 0.006
A21: > A6 Salário Educação | B21: 0.025 | C21: > A6 Salário Educação | D21: 0.025
A22: > A7 Fundo de Garantia por Tempo de Serviço ( F.G.T.S) | B22: 0.08 | C22: > A7 Fundo de Garantia por Tempo de Serviço ( F.G.T.S) | D22: 0.08
A23: > A8 Seguro contra Acidente de trabalho.( INSS ) | B23: 0.03 | C23: > A8 Seguro contra Acidente de trabalho.( INSS ) | D23: 0.03
A24: > A9 Seconci | B24: 0.01 | C24: > A9 Seconci | D24: 0.01
A26: > TOTAL ( A ) | B26: =SUM(B16:B25) -> 0.178 | C26: > TOTAL ( A ) | D26: =SUM(D16:D25) -> 0.178
A28: > B - ENCARGOS SOCIAIS QUE RECEBEM AS INCIDÊNCIAS DE "A" | C28: > B - ENCARGOS SOCIAIS QUE RECEBEM AS INCIDÊNCIAS DE "A"
A29: > B1 Repouso Semanal e Feriados | B29: 0.1794 | C29: > B1 Repouso Semanal e Feriados | D29: 0
A30: > B2 Feriados | B30: 0.0397 | C30: > B2 Feriados | D30: 0
A31: > B3 Auxílio Enfermidade | B31: 0.0088 | C31: > B3 Auxílio Enfermidade | D31: 0.0066
A32: > B4 13º Salário | B32: 0.111 | C32: > B4 13º Salário | D32: 0.0833
A33: > B5 Licença Paternidade | B33: 0.0007 | C33: > B5 Licença Paternidade | D33: 0.0005
A34: > B6 Faltas Justificadas | B34: 0.0074 | C34: > B6 Faltas Justificadas | D34: 0.0056
A35: > B7 Dias de Chuva | B35: 0.0185 | C35: > B7 Dias de Chuva | D35: 0
A36: > B8 Auxilio Acidente de Trabalho | B36: 0.0011 | C36: > B8 Auxilio Acidente de Trabalho | D36: 0.0008
A37: > B9 Férias Gozadas | B37: 0.1275 | C37: > B9 Férias Gozadas | D37: 0.0957
A38: > B10 Salário Materinidade | B38: 0.0004 | C38: > B10 Salário Materinidade | D38: 0.0003
A40: > TOTAL ( B ) | B40: =SUM(B29:B38) -> 0.4945 | C40: > TOTAL ( B ) | D40: =SUM(D29:D38) -> 0.1928
A42: > C - ENCARGOS SOCIAIS QUE NÃO RECEBEM AS INCIDÊNCIAS GLOBAIS DE "A" | C42: > C - ENCARGOS SOCIAIS QUE NÃO RECEBEM AS INCIDÊNCIAS GLOBAIS DE "A"
A43: > C1 Aviso Prévio Indenizado | B43: 0.0549 | C43: > C1 Aviso Prévio Indenizado | D43: 0.0412
A44: > C2 Aviso Prévio Trabalhado | B44: 0.0013 | C44: > C2 Aviso Prévio Trabalhado | D44: 0.001
A45: > C3 Férias Indenizadas | B45: 0.0171 | C45: > C3 Férias Indenizadas | D45: 0.0128
A46: > C4 Depósito Recisão Sem Justa Causa | B46: 0.0278 | C46: > C4 Depósito Recisão Sem Justa Causa | D46: 0.0209
A47: > C5 Indenização Adicional | B47: 0.0046 | C47: > C5 Indenização Adicional | D47: 0.0035
A49: > TOTAL ( C ) | B49: =SUM(B43:B48) -> 0.1057 | C49: > TOTAL ( C ) | D49: =ROUND(SUM(D43:D48),4) -> 0.0794
A51: > D - TAXAS DE REINCIDÊNCIAS | C51: > D - TAXAS DE REINCIDÊNCIAS
A52: > D1 Reincidência de "A" sobre "B" | B52: =ROUND(B26*B40,4) -> 0.088 | C52: > D1 Reincidência de "A" sobre "B" | D52: =ROUND(D26*D40,4) -> 0.0343
A53: > D2 Reincidência de "A" sobre "C2" e Reincidência de "A7" sobre"C1". | B53: =ROUND((B26*B44)+(B22*B43),4) -> 0.0046 | C53: > D2 Reincidência de "A" sobre "C2" e Reincidência de "A7" sobre"C1". | D53: =ROUND((D26*D44)+(D22*D43),4) -> 0.0035
A55: > TOTAL ( D ).......................................................................................... | B55: =SUM(B52:B54) -> 0.0926 | C55: > TOTAL ( D ).......................................................................................... | D55: =SUM(D52:D54) -> 0.0378
A58: TOTAL GERAL........................................................................................ | B58: =B26+B40+B49+B55 -> 0.8708 | C58: TOTAL GERAL........................................................................................ | D58: =D26+D40+D49+D55 -> 0.488

Sheet SMOP MO C.D 2023-04
B2: PREFEITURA MUNICIPAL DE CURITIBA
B3: SECRETARIA MUNICIPAL DE OBRAS PÚBLICAS
B4: TABELA DE CUSTOS - ABRIL / 2023 ( COM DESONERAÇÃO )
A6: MÃO DE OBRA
A8: Data base: | B8: ABRIL/2023 | C8: SINAPI - MARÇO/2023
A10: CÓDIGO | B10: CATEGORIA PROFISSIONAL | C10: SALÁRIO / HORA COM ENC SOCIAIS E COMPLEM. | D10: UNIDADE | E10: ENCARGO SOCIAL
A11: 88247 | B11: Ajudante de eletricista c/enc. sociais e complementares | C11: 24.41 | D11: hora | E11: 0.8708
A12: 101375 | B12: Ajudante de eletricista c/enc. sociais e complementares | C12: 4353.1 | D12: mês | E12: 0.488
A13: 200025 | B13: Ajudante de eletricista de rede c/enc. sociais e complementares | C13: 24.336901 | D13: hora | E13: 0.8708
A14: 200026 | B14: Ajudante de eletricista de rede c/enc. sociais e complementares | C14: 4342.5706 | D14: mês | E14: 0.488
A15: 88248 | B15: Ajudante de encanador c/enc. sociais e complementares | C15: 23.42 | D15: hora | E15: 0.8708
A16: 101384 | B16: Ajudante de encanador c/enc. sociais e complementares | C16: 4184.6 | D16: mês | E16: 0.488
A17: 88249 | B17: Ajudante de laboratório c/enc. sociais e complementares | C17: 24.43 | D17: hora | E17: 0.8708
A18: 101385 | B18: Ajudante de laboratório c/enc. sociais e complementares | C18: 4297.53 | D18: mês | E18: 0.488
A19: 88251 | B19: Ajudante de serralheiro c/enc. sociais e complementares | C19: 23.99 | D19: hora | E19: 0.8708
A20: 101379 | B20: Ajudante de serralheiro c/enc. sociais e complementares | C20: 4299.75 | D20: mês | E20: 0.488
A21: 88253 | B21: Ajudante de topografia c/enc. sociais e complementares | C21: 11.39 | D21: hora | E21: 0.8708
A22: 101389 | B22: Ajudante de topografia c/enc. sociais e complementares | C22: 2020.78 | D22: mês | E22: 0.488
... A168: 101418 | B168: Montador de estrutura metálica com encargos complementares | C168: 4721.83 | D168: mês | E168: 0.488

Sheet SMOP EQPTOS C.D 2023-04
B2: PREFEITURA MUNICIPAL DE CURITIBA
B3: SECRETARIA MUNICIPAL DE OBRAS PÚBLICAS
B4: TABELA DE CUSTOS - Abril / 2023 ( COM DESONERAÇÃO )
A6: EQUIPAMENTOS
A8: Data base: | B8: Abril/2023 | C8: SINAPI - Fev/2023
C9: SICRO - Out/2022
A12: CÓDIGO | B12: EQUIPAMENTO | C12: CHP | D12: CHI
A13: 89225/89226 | B13: Betoneira 600 l elétrica | C13: 4.34 | D13: 1.38
A14: 87445/87446 | B14: Betoneira 400 l motor a diesel | C14: 5.04 | D14: 0.45
A15: 88830/88831 | B15: Betoneira 400 l elétrica | C15: 1.46 | D15: 0.33
A16: E9519 | B16: Betoneira 600 l motor a gasolina | C16: 45.9886 | D16: 28.4248
A17: E9522 | B17: Caldeira a vapor para asfalto rebocável 1.500 l | C17: 22.4197 | D17: 13.5154
A18: 89876/89877 | B18: Caminhão basculante 14 m³ - com motorista | C18: 319.14 | D18: 77.77
A19: E9579 | B19: Caminhão basculante 10 m³ - com motorista | C19: 290.4355 | D19: 83.2791
A20: E9506 | B20: Caminhão basculante 6 m³ - com motorista | C20: 189.0766 | D20: 69.7495
A21: E9592 | B21: Caminhão carroceria com capacidade de 15 T - com motorista | C21: 274.7516 | D21: 75.3488
A22: E9687 | B22: Caminhão carroceria com capacidade de 5 T - com motorista | C22: 149.3934 | D22: 55.7586
A23: E9508 | B23: Caminhão carroceria com capacidade de 9 T - com motorista | C23: 184.28 | D23: 67.4116
A24: E9670 | B24: Usina móvel com microrevestimento com cavalo mecânico 12 m³ | C24: 739.2556 | D24: 224.8234
... A124: 96245/96246 | B124: Miniescavadeira sobre esteiras | C124: 101.03 | D124: 54.88
